Workbook
Name _1: #REF!
Name _2: #REF!
Name A: #REF!
Name A_impresión_IM: #REF!
Name aaa: #REF!
Name Auxiliarjal: #REF!
Name B: #REF!
Name basecaro: #REF!
Name basejuliet1: #REF!
Name basemetroabril2017: #REF!
Name basemetroabril2017final: #REF!
Name BLOQUE: #REF!
Name cargo: #REF!
Name CLASE: #REF!
Name correoelectronico: #REF!
Name COSTOM2: #REF!
Name Dólar: #REF!
Name epsypension: #REF!
Name Factor: #REF!
Name JJJJ: #REF!
Name lineainstitucional: #REF!
Name mesabril: #REF!
Name nuevosoi: #REF!
Name origenaux: #REF!
Name pagojuliethjunio: #REF!
Name Profesional: #REF!
Name profesionaljal: #REF!
Name SVASFD: #REF!
Name TCRM: #REF!
Name TCRM_al_03_MAYO_2000: #REF!
Name Títulos_a_imprimir_IM: #REF!
Name TOP: #REF!
Name TRM: #REF!

Sheet 1. COND. BÁSICAS TRDM
B3: MUNICIPIO DE CHÍA
B4:  Anexo No.1: Condiciones técnicas básicas obligatorias
B5: GRUPO No. 1
B7: 1. PÓLIZA DE SEGURO DE TODO RIESGO DAÑOS MATERIALES COMBINADOS
B8: 1.1. | C8: INFORMACIÓN GENERAL
B9: TOMADOR: | C9: =+B3 -> MUNICIPIO DE CHÍA | F9: NIT. | G9: 899.999.172-8
B10: ASEGURADO: | C10: =+C9 -> MUNICIPIO DE CHÍA | F10: NIT. | G10: =+G9 -> 899.999.172-8
B11: BENEFICIARIO: | C11: =+C10 -> MUNICIPIO DE CHÍA | F11: NIT. | G11: =+G10 -> 899.999.172-8
B12: 1.2. | C12: OBJETO DEL SEGURO
B13: Amparar todos los activos (bienes inmuebles y muebles) de propiedad del MUNICIPIO DE CHÍA, o aquellos que se encuentren bajo su control, tenencia, responsabilidad o custodia, contra los daños o pérdidas materiales a consecuencia de cualquier riesgo, tanto por eventos internos o externos y en general los recibidos a cualquier título o por los que tenga algún interés asegurable, ubicados en el territorio nacional o por aquellos que por su naturaleza se deban trasladar a nivel mundial, dentro o fuera de las instalaciones del asegurado y/o en predios de terceros o a la intemperie y los utilizados en desarrollo del objeto social del MUNICIPIO DE CHÍA
B14: 1.3. | C14: BIENES ASEGURADOS
B15: Las aseguradoras aceptan que no obstante las siguientes definiciones generales de bienes asegurados, el alcance de éstas se amplía al objeto establecido en el Manual de Politicas contables del Municipio
B16: Los bienes asegurados comprenden absolutamente toda propiedad de bienes materiales del MUNICIPIO DE CHÍA o de terceros que se estén bajo su cuidado, custodia, control o por los cuales sea legal o contractualmente responsable y en general los recibidos a cualquier título o por los que tenga o tenga interés asegurable, localizados dentro del territorio nacional dentro o fuera de las instalaciones del asegurado y/o en predios de terceros y utilizados en desarrollo del objeto social de la Entidad. consistentes principalmente pero no limitados a los siguientes bienes:
B17: EDIFICIOS Y OBRAS CIVILES: Corresponde a las edificaciones y obras civiles, sus estructuras, cimientos, construcciones fijas con todas sus adiciones y en general toda clase de construcciones propias y no propias, de edificios e inherentes a ellos, de propiedad del MUNICIPIO DE CHÍA, o bajo su cuidado, tenencia y control , incluido anexos, escaleras externas, instalaciones eléctricas, de comunicación, sietmas de aire acondicionado, intercomunicación o sonido, incluidos anexos y estructuras sanitarias, alcantarillado para agua, (subterráneas o no), sistema de drenaje y aguas negras, tuberías, conductos, tuberías, conductos, desagües, tanques para almacenamiento, ductos, mallas, patios, aceras, instalaciones permanentes de protección contra incendio y demás instalaciones que se encuentren o no por debajo del nivel del suelo y/o subterráneas, vidrios internos y externos que conforman y hacen parte de las construcciones, rampas de acceso, tanques de almacenamiento, similares, que formen parte integrante, del edificio, o edificios asegurados, aunque no se hayan informado específicamente, entre otros ubicados en el territorio nacional y que estén bajo su responsabilidad, tenencia y/o control del MUNICIPIO DE CHÍA.
B18: OBRAS CIVILES DEL MUNICIPIO: Corresponde a los diferentes puentes vehiculares (incluyendo los localizados sobre cuerpos de agua), puentes peatonales, cimientos y estructuras e instalaciones subterráneas (tuberías, conductos, desagües y en general, todo tipo de instalaciones, equipos y maquinaria que se encuentren por debajo del nivel del suelo), redes para transmisión y distribución de energía, redes de gas, etc., que se encuentran localizados en el MUNICIPIO DE CHIA y todas aquellas que estén bajo su responsabilidad, tenencia y/o control de la Entidad.
B19: MEJORAS LOCATIVAS: Todas aquellas mejoras a los inmuebles realizadas por la Entidad, aún en el caso de no ser propietaria del bien, que haya realizado inversiones para adecuarlas a sus necesidades, tales como tapetes, tapizados, enchapes, mejoras eléctricas, cielos rasos, incluyendo las divisiones internas de que estén dotadas las edificaciones, etc.
B20: CONTENIDOS Y BIENES EN GENERAL: Corresponden a todo tipo de bienes como muebles y enseres en general propios de la actividad general de una entidad pública, incluidos equipos de oficina no eléctricos ni electrónicos, entre otros, sistemas de oficina abierta, al igual que los documentos de cualquier tipo, que se encuentren localizados dentro de los predios asegurados o fuera de los mismos y que esten bajo su responsabilidad, tenencia y/o control de la Entidad.
B21: PLANTA, EQUIPOS Y MÁQUINAS: Corresponde a todo tipo de equipos y máquinas, extendida esta definión a aquellos que son de adhesión o para la operatividad de la infraestructura de las edificaciones al igual que cualquier tipo de herramientas, accesorios, ascensores, plantas eléctricas, calderas, generadores, ascensores, equipos del sistema hidráulico, motobombas (incluidas aquellas que son sumergibles) , aire acondicionado, extractores de olores, compresore, malacante entre otros.
B22: EQUIPOS ELÉCTRICOS, ELECTRÓNICOS Y DE COMUNICACIÓN: Comprende todos aquellos equipos eléctricos, electrónicos, electromecánicos y los de comunicación (incluidas antenas cuando sean parte de los activos, caso contrario no se tendrán en cuenta), al igual que cámaras de video, sistema semafórico y todas aquellas por las que sea legalmente responsable extendida esta definición a salas de control, servidores, equipos de computo con todos sus accesorios periféricos scanner, ploters, servidores, impresoras software, equipos de telecomunicaciones, equipos celulares, equipos de comunicación portátil, tabletas, equipos móviles y/o portátiles, equipos científicos de laboratorio, electrodomésticos, entre otros y que esten bajo tenencia y/o control del MUNICIPIO DE CHÍA
B23: DINERO Y TÍTULOS VALORES, DENTRO Y FUERA DE CAJA FUERTE: Corresponden a todo tipo de dineros (incluyendo moneda extranjera), titulos valores, que se encuentren dentro y fuera de las cajas fuertes y cajas menores.
B24: VEHÍCULOS, MAQUINARIA, INMOVILIZADOS Y/O EN REPOSO PARA REMATE Y/O DAR DE BAJA: Vehículos o maquinarias que no se encuentren en uso, pero que aún hacen parte de los inventarios de la Entidad y por lo tanto es responsable de ellos.
B25: BIENES O ACTIVOS DE ALMÁCEN E INVENTARIOS: Comprende todos los elementos de consumo, devolutivos nuevos, recuperables, inservibles, papelería, útiles de oficina, equipos en general, repuestos, muestras de oferentes y demás bienes contenidos en las diferentes dependencias del MUNICIPIO DE CHÍA y en general todo elemento que los Asegurados determinen como existencias o elementos de almacén, aunque no se hayan determinado específicamente.
B26: BIENES DE ARTE Y CULTURA: Comprende todos los elementos y piezas de museo, equipos de música, bienes culturales y de contenido artístico, esculturas, arte urbano, etc. que se encuentran ubicadas en diferentes sitios a lo largo de la ciudad de Medellín.
B27: 1.4. | C27: VALORES ASEGURADOS
B28: 1.4.1. Bienes Asegurables (Anexo No. 2) | F28: VALORES ASEGURADOS
B29: A. Total Edificios | F29: 272734183967
B30: B. Contenidos, Muebles y Enseres | F30: 11536228448
B31: C. Equipo Eléctricos, Electrónicos y de Comunicación (incluidos equipos móviles y portátiles, software y licencias) | F31: 23933425361
B32: D. Equipo y Maquinaría | F32: 3979882674
B33: SUBTOTAL 1 | F33: =SUM(F29:F32) -> 312183720450
B34: INDICE VARIABLE 6% ANUAL (ITEMS A, B, C y D) | F34: =F33*6% -> 18731023227
B35: H. Gastos para la adecuación de suelos y terrenos (6% sobre el valor de edificios) | F35: =F29*6% -> 1.6364051e+10
B36: I. Cláusula de Adecuación de Construcciones a las Normas de Sismo Resistencia (6% sobre el valor de edificios) | F36: =F29*6% -> 1.6364051e+10
B37: SUBTOTAL 2 | F37: =SUM(F34:F36) -> 5.1459125e+10
B38: TOTAL VALOR ASEGURADO | F38: =F33+F37 -> 3.6364285e+11
B39: Nota: Las aseguradoras debe tener en cuenta que el índice variable esta calculado con relación a la vigencia minima exigida, por tanto la aseguradora debe calcular el índice variable con relación a la vigencia ofertada.
B40: 1.4.2. Bienes con Sublímites
B41: BIENES Y/O RIESGO CON SUBLÍMITE A PRIMERA PÉRDIDA ABSOLUTA | F41: SUBLÍMITE
B42: Instrumentos musicales | F42: 1379664574
B43: Dinero y títulos valores dentro y fuera de caja fuerte. | F43: 50000000
B44: Vehículos inmovilizados y/o para remate o proceso de jurisdicción | F44: 318100000
B45: Bienes de Arte y cultura | F45: 14826010
B46: Almacén e Inventarios - Bodega | F46: 11228365
B47: TOTAL VALORES CON SUBLIMITES | F47: =SUM(F42:F46) -> 1773818949
B48: VALOR ASEGURADO TOTAL PARA EMISIÓN | F48: =F38+F47 -> 3.6541666e+11
B49: 1.4.3. FUTURAS INCLUSIONES EDIFICIO Y CONTENIDOS SEDE CAM Y COLEGIO A ENTREGAR 2025 (no se tienen en cuenta en la emisión VF 2025) | F49: 150520000000
B50: Nota: Se tiene prevista la entrega de estos activos en agosto de 2025, no obstante la aseguradora debe emitir el anexo respectivo, una vez se proceda con la solicitud de inclusión por parte de la Alcaldía.
B51: TOTAL VALOR ASEGURADO + SUBLÍMITES + FUTURAS INCLUSIONES | F51: =F48+F49 -> 5.1593666e+11
B53: NOTAS APLICABLES AL NUMERAL 1.4.1. BIENES CON SUBLÍMITES:
B54: 1 - Los Sublímites antes indicados corresponden al monto mínimo que deben contemplar las aseguradoras para la propuesta de cobertura de los bienes y/o riesgos.
B55: 2 - Teniendo en cuenta la imposibilidad de establecer valor asegurable para este tipo de bienes por sus características y/o su condición de flotantes, queda expresamente declarado y aceptado por la aseguradora que la misma admite que para estos no exigirá el reporte de valor asegurable y por lo tanto no aplica la condición de seguro insuficiente para los bienes con sublímites relacionados en el numeral 1.4.1. (Aplica unicamente para mercancías)
B56: 3. INDICE VARIABLE: Queda entendido y convenido que, la suma asegurada indicada en la póliza arriba citada será considerada básica y se irá incrementando linealmente hasta alcanzar al final del año un 6% adicional (Este porcentaje aproximado corresponde a la actualización de valores asegurados y se debe calcular sobre la vigencia otorgada). En el caso de un siniestro, el valor del seguro en dicho momento corresponderá a la suma asegurada básica incrementada en el porcentaje pactado, proporcional al tiempo corrido desde la iniciación de la vigencia de la póliza. La indemnización se establecerá con base al valor asegurado en el momento del siniestro.
B57: 1.4.2. | C57: BASE DE VALORACIÓN DE LOS BIENES ASEGURADOS
B58: EDIFICIOS: Valor de reconstrucción.
B59: CONTENIDOS, EQUIPOS ELECTRICOS, ELECTRÓNICOS Y DE COMUNICACIÓN (INCLUIDO LICENCIAS Y SOFTWARE): Valor de reposición o reemplazo.
B60: BIENES DEVOLUTIVOS Y/O INSERVIBLES O PARA DAR DE BAJA O REMATE Y/O GASTADOS: Valor fiscal y/o de uso o de remate.
B61: BIENES DE ARTE Y CULTURA: Valor Admitido.
B62: 1.4.3. | C62: BASE PARA LA DETERMINACIÓN Y APLICACIÓN DEL CONCEPTO SUBLÍMITE / EVENTO - AGREGADO VIGENCIA
B63: Para la totalidad de Coberturas y/o condiciones básicas sublímitadas, queda expresamente aceptado por parte de los proponentes que, en concordancia con la vigencia de la póliza que se adjudique, cada Sublímite operará así:
B64: - Si la vigencia es inferior a doce (12) meses: (Sublímite indicado) Evento /Agregado vigencia.
B65: En caso de discrepancia en alguna cobertura o cláusula básicas con relación al concepto de aplicación del sublímite / vigencia / agregado anual, frente a la vigencia ofertada, prevalece el establecido en este numeral con relación al plazo de la condición ofertada.
B66: 1.5. | C66: COBERTURAS BÁSICAS
B67: Todos los daños, pérdidas accidentales, súbitas e imprevistas o desaparición que sufran los bienes asegurados, originados por cualquier causa no expresamente excluida, sea que dichos bienes estén en uso o inactivos, dentro o fuera de los predios del asegurado y dentro del territorio nacional, así como los costos o gastos en que incurra, o todos combinados, como consecuencia de dichos daños o pérdidas; incluyendo las siguientes coberturas o eventos, pero sin estar limitado a ellos. Todo Riesgo: Bajo esta póliza se otorga amparo en la modalidad de todo riesgo por las pérdidas y/o daños materiales que afecten los bienes asegurados activos o inactivos por cualquier riesgo o causas, incluidos, entre otros, pero no limitados a, incendio, rayo, explosión, anegación, daños por agua, rotura de maquinaria, equipo electrónico, hurto y hurto calificado, hurto de parte y elementos de las edificaciones, actos mal intencionados de terceros, asonada, motín, conmoción civil o popular, sabotaje y terrorismo, vientos fuertes, granizo y cualquier evento de la naturaleza, impacto de vehículos terrestres, caída de aeronaves y/o piezas o partes que se desprendan o caigan de ellas, humo, impericia, descuido, sabotaje, manejo inadecuado, acción directa de la energía eléctrica como resultado de cortos circuitos, arcos voltaicos, sobrevoltajes, cualquier equipo sumergible (incluidas bombas hidráulicas) y las relacionadas a continuación que aplican para rotura de maquinaria: defectos de fabricación, fundición y uso de materiales defectuosos, sobrecalentamiento, defectos de mano de obra, montaje incorrecto y/o defectuoso, rotura debido a fuerza centrífuga, cuerpos extraños que se introduzcan en la maquinaria asegurada, implosión, explosión química de gases impropiamente quemados en la cámara de combustión de calderas o máquinas de combustión interna, explosión física, y las demás que no se encuentren expresamente excluidas en las condiciones generales de la póliza. Se entienden incluidos los riesgos mencionados en el artículo 1105 del Código de Comercio, excepto Guerra Civil o Internacional.
B68: NOTA 1: | C68: LAS ASEGURADORAS DEBEN TENER EN CUENTA QUE NO SE ACEPTA PROPUESTA BAJO LA MODALIDAD DE RIESGOS NOMBRADOS, Y EL OFERENTE CON LA PRESENTACIÓN DEL FORMATO No.1 ACEPTA ESTA CONDICIÓN.
B69: NOTA 2: | C69: QUEDA EXPRESAMENTE ACEPTADO POR LA ASEGURADORA QUE LAS CONDICIONES, COBERTURAS Y CLAUSULAS BÁSICAS PARA LAS CUALES NO SE INDIQUE SUBLÍMITE, OPERARÁN AL 100% DEL VALOR ASEGURADO.
B70: NOTA 3: | C70: CADA SUBLÍMITE O GASTOS INDICADOS APLICA COMBINADO PARA TODOS LOS BIENES ASEGURADOS Y ESTAN CONTEMPLADOS DENTRO DEL VALOR ASEGURADO.
B71: TERREMOTO, TEMBLOR Y/O ERUPCIÓN VOLCÁNICA Y DEMÁS EVENTOS DE LA NATURALEZA, (100%). | E71: Bajo este amparo, la aseguradora se compromete a indemnizar al Asegurado hasta el límite del valor asegurado de este sublímite, los daños y/o pérdidas materiales que sufran los bienes asegurados causados por terremoto, temblor y/o erupción volcánica y demás eventos de la naturaleza, o por incendio originado por tales fenómenos.
B72: ACTOS MAL INTENCIONADOS DE TERCEROS ASONADA, MOTÍN, CONMOCIÓN CIVIL O POPULAR Y HUELGA (INCLUIDO TERRORISMO Y SABOTAJE). Sublímite básico obligatorio de $75.000.000.000 evento / agregado vigencia, combinado para las coberturas de daños materiales. Se califica en Condiciones Adicionales (Formato No. 3) el aumento del sublímite ofrecido. | E72: La aseguradora se compromete a indemnizar al Asegurado hasta el límite del valor asegurado de este sublímite, los daños y/o pérdidas materiales que sufran los bienes asegurados causados por: Actos Mal Intencionados de Terceros y Terrorismo: Destrucción y daños materiales provenientes de actos terroristas, aún aquellos que sean cometidos por individuos pertenecientes a movimientos subversivo, incluida la explosión originada en tales fenómenos. Asonada, Motín, Conmoción Civil o Popular: Los daños y/o pérdidas materiales causados por personas intervinientes en desordenes, confusiones, alteraciones, y disturbios de carácter violento y tumultuario. Así como asonada según la definición del Código Penal. Huelga: Los daños y/o pérdidas materiales causados por huelguistas o por personas que tomen parte en conflictos colectivos de trabajo o suspensión de hecho de labores. Saqueo: Los daños y/o pérdidas materiales causados por eventos de saqueo (apropiación de bienes como consecuencia de de AMCCoPH y AMIT incluido T&S)
B73: COBERTURA POR ROTURA DE VIDRIOS Sublímite de $1.000.000.000 evento / agregado anual incluidos los eventos de Actos Mal Intencionados de Terceros Asonada, Motín, Conmoción Civil o Popular y Huelga (Incluido Terrorismo y sabotaje). SIN APLICACION DE DEDUCIBLE. | E73: La aseguradora se compromete a indemnizar al Asegurado hasta el límite del valor asegurado de este sublímite, la rotura que sufran los vidrios, domos, acrílicos u otros materiales que hagan sus veces, al igual que los cristales, espejos y unidades sanitarias instalados y que formen parte del predio asegurado, incluidos aquellos que sean parte decorativas de los mismos, incluidas las películas de seguridad.
B74: HURTO Y HURTO CALIFICADO Sublímite de $7.000.000.000 evento / agregado vigencia, combinado para todos los bienes. Se califica en Condiciones Adicionales (Formato No. 3) el aumento del sublímite ofrecido. | E74: La aseguradora se compromete a indemnizar al Asegurado hasta el límite del valor asegurado de este sublímite, las pérdidas y/o daños materiales de los bienes asegurados, ocasionados por cualquier evento de hurto y hurto calificado, inclusive aquellos que se deriven de: - Hurto Calificado o Hurto Simple según se define en el Código Penal. - Terremoto, temblor, erupción volcánica o cualquier otro fenómeno de la naturaleza. - Caída o destrucción total o parcial del predio asegurado. - Actos Mal Intencionados de Terceros, Asonada, Motín, Conmoción Civil o Popular y Huelga (incluido Terrorismo y Sabotaje) y conflictos colectivos de trabajo o suspensión de hecho de labores
B75: GASTOS PARA LA ADECUACIÓN DE SUELOS Y TERRENOS Hasta $1.000.000.000 del valor asegurable del bien inmueble afectado. | E75: La aseguradora se compromete a indemnizar al asegurado los gastos razonables para la adecuación de suelos y terrenos y hasta el límite del porcentaje acá establecido, las pérdidas que sufra la Entidad por daños materiales como consecuencia de Terremoto, temblor, erupción volcánica o cualquier otro evento de la naturaleza, que se originen en las siguientes situaciones: a) Alteración de las características del suelo sobre el cual se levante la edificación asegurada, de tal forma que las nuevas características de dicho suelo pongan en condiciones inhabitables dicha edificación. b) Imposibilidad del asegurado para reparar o reconstruir la edificación asegurada, en virtud de disposiciones legales o administrativas, adoptadas por autoridad competente como consecuencia de la ocurrencia de un evento asegurado, que afecte en forma grave y notoria las características del terreno. De igual forma queda expresamente aclarado y convenido que la responsabilidad de la aseguradora se establece respectivamente así: a) El valor de los costos y gastos en que necesaria y razonablemente deba incurrir el asegurado para la recuperación de la estabilidad y capacidad portante del suelo, de tal manera que se garantice la estabilidad de la edificación asegurada. Para los efectos de este amparo se entenderá por valor asegurado el valor comercial del lote de terreno asegurado de acuerdo con su superficie y ubicación. Para los efectos de este amparo, la aseguradora efectuará el pago de la indemnización a que se refiere el segundo ítem del presente amparo, una vez el asegurado haya efectuado a su costa, mediante escritura pública debidamente registrada, el traspaso de los derechos sobre el terreno asegurado a nombre de la aseguradora.
B76: CLÁUSULA DE ADECUACIÓN DE CONSTRUCCIONES A LAS NORMAS DE SISMO RESISTENCIA Sublímite del 6% del valor de la reparación o reconstrucción de la parte de la edificación afectada. | E76: Queda expresamente convenido y acordado que en caso de siniestro la aseguradora indemnizará los costos razonables de adecuación, del o de los inmuebles afectados a las normas de sismo resistencia vigentes al momento del siniestro, en exceso del monto total de la reparación o la reconstrucción de los daños o pérdidas que afecten los inmuebles o construcciones aseguradas, que se generen a consecuencia de cualquier evento amparado bajo la presente póliza. Los costos amparados bajo la presente cláusula comprenden, costos razonables de diseño y rediseño, honorarios profesionales de ingenieros, arquitectos, topógrafos, interventores, consultores, tecnólogos, técnicos o cualquier otro profesional, para efectuar trabajos de planos, especificaciones y/o cualquier otro trabajo y ejecución de obras relacionadas con la reparación y/o reconstrucción de las partes del inmueble afectado y dirigidas a la adecuación de las mismas a las normas de sismo resistencia.
B77: GASTOS ADICIONALES. Sublímite por la suma de $10.000.000.000 evento / agregado vigencia, incluido en el valor asegurado,sin aplicación de deducible y combinado para los siguientes gastos y coberturas. Se califica en Condiciones Adicionales (Formato No. 3) el aumento del sublímite ofrecido. | E77: No obstante, lo que se diga en contrario en las condiciones generales de la póliza, la Compañía se obliga a indemnizar los gastos adicionales (que no tengan carácter de permanentes), debidamente comprobados en que necesaria y razonablemente incurra o deba incurrir el asegurado, como consecuencia directa del siniestro. Estos gastos deben ser previamente aprobados por la aseguradora y la Entidad se compromete para estos casos presentar previamente cotización de estos gastos (cuando se requiera), la aseguradora se reserva el derecho de poder cotizar con sus proveedores los servicios que demanden la aplicación de estos gastos.
B78: 1. Gastos razonables de horas extras, trabajo nocturno o en días festivos y flete expreso y aéreo. | E78: Bajo esta cobertura se amparan los gastos adicionales y extraordinarios por concepto de horas extras, trabajo nocturno o en días festivos, flete expreso y aéreo, que se incurran o deba incurrir con motivo de una pérdida o daño amparado.
B79: 2. Gastos razonables de viajes y estadía. | E79: Bajo esta cobertura se amparan los gastos (que incurra o deba incurrir) de viajes de y estadía de funcionarios, empleados y técnicos que intervienen en la planificación de la reconstrucción o adquisición de los bienes asegurados.
B80: 3. Remoción de Escombros y Gastos de Demolición. | E80: Mediante este amparo la compañía indemnizará, los gastos razonables (en que incurra o deba incurrir) demostrados por remoción de escombros, desmantelamiento, demolición o de apuntalamiento de los bienes asegurados, que hayan sido dañados o destruidos por la ocurrencia de cualquiera de los riesgos amparados, incluyendo los gastos de limpieza, recuperación de materiales y el traslado de los escombros a sitio autorizado, con ocasión de un siniestro.
B81: 4. Gastos para la Demostración del Siniestro. | E81: Bajo este amparo se cubren los gastos razonables en que incurra o deba incurrir el asegurado, para la demostración de la ocurrencia y cuantía del siniestro y serán indemnizados bajo esta póliza. La aseguradora indemnizará hasta el 100% de los gastos demostrados.
B82: 5. Gastos para la extinción del incendio. | E82: La Compañía se obliga a indemnizar el 100% de los gastos en que necesaria y razonablemente incurra o deba incurrir el asegurado así como los costos de los productos o sustancias utilizadas, o de los elementos o equipos destruidos total o parcialmente, como consecuencia de las actividades dirigidas a la extinción de cualquier siniestro amparado por la póliza o para evitar su propagación, de acuerdo con lo señalado en el artículo 1074 del Código de Comercio. Se precisa que bajo ninguna circunstancia se considerara como gastos de extinción de un incendio la colaboración personal prestada por el asegurado, ni la de sus empleados, obreros o sus contratistas para el apoyo a la gestión.
... B100: ACTOS DE AUTORIDAD | E100: La póliza se extiende a cubrir los daños o pérdidas materiales de los bienes asegurados, causados directamente por la acción de la autoridad legalmente constituida, la acción de los bomberos y organismos de atención de desastre, ejercida con el fin de disminuir o aminorar las consecuencias de cualquiera de los riesgos amparados. Se excluye el embargo y la confiscación de bienes.
B101: 1.6. | C101: CLÁUSULAS BÁSICAS
B102: REVOCACIÓN DE LA PÓLIZA, CLÁUSULAS O CONDICIONES. Con término de noventa (90) días y para AMIT, AMCCOPH, Terrorismo y Sabotaje diez (10) días. | E102: La aseguradora podrá revocar la póliza, cláusulas o condiciones unilateralmente por la compañía, mediante noticia escrita enviada al asegurado, a su última dirección registrada, con no menos de noventa (90) días y para AMIT Y AMCCOPH diez (10) días, de antelación; contados a partir de la fecha del envío. El asegurado podrá pedir la revocación en cualquier momento, según lo previsto en el Código de Comercio. Así mismo, en el caso de que la aseguradora decida no otorgar renovación o prorroga del contrato de seguro, excepto para AMIT, AMCCOPH, Terrorismo y Sabotaje, deberá dar aviso de ello al asegurado con no menos de noventa (90) días de antelación a la fecha de vencimiento de la póliza, en caso contrario se dará por entendido que la aseguradora acepta la renovación o prorroga hasta el límite legal establecido en la Ley 80 de 1993, para la adición de los contratos y manteniendo las mismas condiciones ofertadas en este proceso de aseguradoras.
B103: AMPLIACIÓN DEL AVISO DE SINIESTRO. Término de sesenta (60) días Y para AMIT, AMCCOPH, Terrorismo y Sabotaje diez (10) días. | E103: La póliza extiende el término de aviso de la ocurrencia del siniestro, por parte del asegurado a un término de sesenta (60) días y para AMIT Y AMCCOPH diez (10) días siguientes a la fecha en que lo haya conocido o debido conocer.
B104: COBERTURA AUTOMÁTICA PARA NUEVAS PROPIEDADES Y BIENES. Sublímite de $1.000.000.000 evento / agregado vigencia y aviso de sesenta (60) días. | E104: Mediante la presente cláusula, la aseguradora se obliga a otorgar cobertura automática para los bienes que adquiera, construya, estén en montajes, instale, remodele o adecúe, a cualquier título, sean nuevos o usados, sobre los cuales éste tuviere interés asegurable o queden bajo su responsabilidad, cuidado o control del asegurado, bajo las mismas condiciones ofrecidas en el presente proceso y a partir del momento en que el asegurado asuma la responsabilidad por los mismos. La aplicación de esta condición queda sujeta a que el asegurado se obliga a dar aviso a la aseguradora dentro del término señalado a la adquisición o recibo de los mismos. Esta condición dará derecho a la compañía al cobro de la prima proporcional, calculada a prorrata, con las tasas adjudicadas y correspondiente al periodo de amparo, incluido el término automático otorgado para esta condición. Así mismo queda acordado y convenido, que si el valor supera el sublímite de la presente cláusula, la cobertura aplicará hasta dicho monto y la cobertura del valor adicional operará a partir de la fecha de reporte y solicitud formulada por la entidad asegurada. En el caso de bienes en construcción, montaje y remodelación se excluye ALOP, RCE, Mantenimiento, Pruebas, Errores de diseño y Riesgo Petroquímico.
B105: AMPARO AUTOMÁTICO POR CAMBIO DE UBICACIÓN DEL RIESGO. Aviso a la aseguradora sesenta (60) días. | E105: Mediante la presente condición, queda expresamente acordado que la cobertura del seguro se extiende a cubrir los bienes asegurados, que cambien de dirección o nomenclatura, ubicación o sean trasladados a otro(s) sitio(s), siempre y cuando ello se genere por las necesidades de la operación y/o servicio de la entidad asegurada o tomadora.
B106: COBERTURA PARA TÍTULOS VALORES Y DINEROS DENTRO Y FUERA DE CAJA FUERTE. Sublímite $20.000.000 evento / agregado vigencia | E106: Cobertura para títulos valores y dineros dentro y fuera de caja fuerte: No obstante las exclusiones generales de la póliza, mediante la inclusión de esta cláusula, la compañía asumirá las indemnizaciones por daños y pérdidas a dineros o títulos valores, dentro o fuera de caja fuerte, como consecuencia de un siniestro amparado por este seguro.
B107: EXPERTICIO TÉCNICO | E107: Queda convenido, entendido y aceptado que en el evento de existir una discrepancia entre la compañía y el asegurado en cuanto a si el siniestro constituye una pérdida total o parcial, o con relación a otros aspectos de orden técnico, la cuestión será sometida a decisión de la decisión de ingenieros, técnicos o peritos expertos en la actividad que desarrolla el asegurado (peritos o a expertos en la materia de siniestros), según los intereses afectados por el siniestro, siguiendo el procedimiento que para tal regulación previo los artículos 2026 y siguientes del código del comercio.
B108: CONOCIMIENTO DEL RIESGO | E108: La Compañía acepta mediante la presente cláusula que la Entidad, le ha brindado la oportunidad para realizar la inspección de los bienes y riesgos a que están sujetos los mismos y el patrimonio del Asegurado, razón por la cual se deja constancia del conocimiento y aceptación de los hechos, circunstancias y, en general, condiciones de los mismos. La compañía se reserva el derecho de llevar a cabo la inspección cuantas veces lo juzgue pertinente.
B109: NOMBRAMIENTO Y DESIGNACIÓN DE AJUSTADORES | E109: El nombramiento de ajustadores deberá efectuarse de común acuerdo entre la aseguradora y el asegurado, para lo cual la aseguradora presentará para cada reclamo una relación de tres (3) firmas ajustadoras. No obstante la anterior condición, el asegurador con su propuesta se obliga a presentar la lista de todos sus ajustadores y la Entidad se reserva el derecho de nombrar al ajustador que considere más adecuado o solicitar el cambio de los mismos en caso de que no fueren de su entera satisfacción, sin que para ello se requiera motivación alguna.
B110: EXTENSIÓN DE COBERTURA PARA DAÑOS Y/O PÉRDIDAS CONSECUENCIALES | E110: La aseguradora acepta y conviene que la presente póliza se extiende a amparar los daños y/o pérdidas consecuenciales que afecten los bienes asegurados que sean derivadas de cualquier tipo de riesgo, bajo los mismos términos del seguro; siempre y cuando las mismas sean causadas por alguno de los riesgos amparados con la presente póliza, incluyendo las pérdidas y/o daños en medios de operación, como combustibles, lubricantes, refrigerantes o agentes químicos, entre otros. NOTA: No se cubren las pérdidas consecuenciales de cualquier tipo, tales como lucro cesante, incremento en costos de operación, pérdida de ingresos y pérdida de utilidades o pérdida de beneficios, pérdida de mercado.
B111: NO APLICACIÓN DE DÉMERITO POR USO O MEJORÁ TECNOLÓGICA PARA DAÑOS O PÉRDIDAS DE EQUIPOS ELÉCTRICOS, ELECTRÓNICOS Y/O DE ROTURA DE MAQUINARÍA. PARA BIENES CON EDAD DE HASTA CINCO (5) AÑOS. | E111: La aseguradora acepta no aplicará demérito por uso y/o mejora tecnológica, o cualquier otro concepto, en la liquidación de la indemnizaciones de los siniestros que afecten las coberturas de equipos eléctricos, electrónicos y/o rotura de maquinaria; según el término de años de edad ofrecido por la aseguradora y con base en la siguiente tabla de demérito a aplicar:
B112: TABLA DE DEMÉRITO A APLICAR | E112: EDAD DEL EQUIPO | F112: PORCENTAJE | G112: ACUMULADO
E113: Superior a 0 años y hasta 5 años | F113: 0 | G113: 0
E114: Superior a 5 años y hasta 8 años | F114: 2 | G114: 6
E115: Superior a 8 años y hasta 10 años | F115: 5 | G115: 16
E116: Superior a 10 años | F116: 8 | G116: 24
E117: Aplicación de máximo el 24% en conjunto, por concepto de demérito por uso y/o mejora tecnológica para riesgos de Equipo Eléctricos, Electrónicos y/o Rotura de Maquinaría.
B118: NO APLICACIÓN DE DÉMERITO POR USO O MEJORÁ TECNOLÓGICA PARA DAÑOS O PÉRDIDAS DIFERENTES A LAS DE EQUIPOS ELÉCTRICOS, ELECTRÓNICOS Y/O ROTURA DE MAQUINARÍA. | E118: La aseguradora acepta mediante la presente póliza la no aplicación por demérito, uso, vetustez, obsolescencia tecnológica o, en fin, cualquier otro concepto para los riesgos de Sustracción, Incendio y anexos (se exceptúa los bienes correspondientes a equipos eléctricos y electrónicos). Para las coberturas de equipos eléctricos, electrónicos y rotura de maquinaría aplicará en la liquidación de las indemnizaciones las siguientes condiciones:
B119: RECONSTRUCCIÓN, REPOSICIÓN, REPARACIÓN O REEMPLAZO. | E119: Bajo esta cláusula la Compañía pagará la indemnización por el valor de la reposición o reemplazo del bien o bienes asegurados, cuando el conjunto o la totalidad de ellos queden destruidos o de tal modo averiados que pierdan la aptitud para el fin a que están destinados o cuando no obstante no perder esa aptitud, su reparación aunque se facilite, implique perjuicios en la calidad o eficiencia en la producción u operación y de conformidad con lo siguiente y en concordancia con la tabla de demérito a aplicar:
E120: a) Se entiende por valor de reposición del bien o los bienes, el valor a nuevo del mismo o de los mismos, sin deducción alguna por depreciación, demérito, uso, vetustez, o en fin, por cualquier otro concepto.
E121: b) Si con ocasión del siniestro, la reposición o reparación del bien, conjunto o totalidad de los bienes, o de un grupo de estos o de cualquiera de ellos, el asegurado hiciera cualquier cambio o reforma en sus instalaciones, o reemplazare el o los bienes siniestrados por otro u otros de diferente naturaleza, o de mayor capacidad, serán de su cuenta los mayores costos que dichos cambios ocasionen. Se indemnizará a valor de reposición cuando el conjunto o la totalidad ellos queden destruidos o de tal modo averiados que pierdan la aptitud para el fin para el que están destinados o cuando, no obstante, no perder esa aptitud, su reparación, aunque se facilite, implique perjuicios en la calidad o eficiencia en la producción u operación.
...

Sheet 2. COND. BÁSICAS MANEJO
B3: =+'1. COND. BÁSICAS TRDM'!B3:G3 -> MUNICIPIO DE CHÍA
B4:  Anexo No.1: Condiciones técnicas básicas obligatorias
B5: GRUPO No. 1
B7: 2. PÓLIZA DE SEGURO GLOBAL DE MANEJO PARA ENTIDADES OFICIALES
B8: 2.1. | C8: INFORMACIÓN GENERAL
B9: TOMADOR: | C9: =+'1. COND. BÁSICAS TRDM'!$C$9:$E$9 -> MUNICIPIO DE CHÍA | F9: NIT. | G9: =+'1. COND. BÁSICAS TRDM'!G9 -> 899.999.172-8
B10: ASEGURADO: | C10: =+C9 -> MUNICIPIO DE CHÍA | F10: NIT. | G10: =+G9 -> 899.999.172-8
B11: BENEFICIARIO: | C11: =+C10 -> MUNICIPIO DE CHÍA | F11: NIT. | G11: =+G10 -> 899.999.172-8
B12: 2.2. | C12: OBJETO DEL SEGURO
B13: Amparar los riesgos que impliquen menoscabo de los fondos y/o bienes de propiedad del MUNICIPIO DE CHÍA o que estén bajo su tenencia, control y/o responsabilidad causados por acciones u omisiones de sus servidores, que incurran en delitos contra la administración pública o fallos con responsabilidad fiscal, por incumplimiento de las disposiciones legales y reglamentarias, incluyendo el costo de la rendición de cuentas en caso de abandono del cargo o fallecimiento del empleado, en concordancia con la Resolución 014249 del 15 de mayo de 1992, aprobada por la Contraloría General de la República.
B14: 2.3. | C14: LÍMITE ASEGURADO EVENTO /VIGENCIA
A15: 1 | B15: Oferta Básica: Se califica en Condiciones Adicionales (Formato No. 3) el aumento del límite asegurado sin cobro de prima adicional. | F15: 600000000
B16: 2.3.1. | C16: MODALIDAD DE COBERTURA:
B17: Los amparos otorgados, en la presente póliza, operan bajo la modalidad de delimitación temporal de cobertura, denominada OCURRENCIA, es decir que se cubrirán las pérdidas que sufra o que se causen al asegurado durante la vigencia de la póliza.
B18: 2.3.2. | C18: BASE PARA LA DETERMINACIÓN Y APLICACIÓN DEL CONCEPTO SUBLÍMITE / EVENTO - AGREGADO VIGENCIA
B19: Para la totalidad de Coberturas y/o condiciones básicas sublímitadas, queda expresamente aceptado por parte de los proponentes que, en concordancia con la vigencia de la póliza que se adjudique, cada Sublímite operará así:
B20: - Si la vigencia es inferior a doce (12) meses: (Sublímite indicado) Evento /Agregado vigencia.
B21: En caso de discrepancia en alguna cobertura o cláusula básicas con relación al concepto de aplicación del sublímite / vigencia / agregado anual, frente a la vigencia ofertada, prevalece el establecido en este numeral con relación al plazo de la condición ofertada.
B22: 2.4. | C22: CARGOS ASEGURADOS
B23: Alcalde | D23: 1
B24: Auxiliares, almacenista, ayudante, conductor, operario, celador | D24: 180
B25: Asesor | D25: 5 | E25: MONTO ANUAL PROYECTADO DE LA NÓMINA: | G25: $XXX.XXX.XXX.XXX
B26: comandantes y agentes de tránsito | D26: 32
B27: Comisarios de familia | D27: 4
B28: Directores técnicos | D28: 27 | E28: CONTRATISTAS: XXX
B29: Jefes de Oficina | D29: 6
B30: lideres de programa | D30: 2
B31: Profesionales | D31: 243
B32: Secretarios | D32: 45
B33: Técnicos | D33: 63
B34: Urbano 1ra categoría | D34: 2
B35: TOTAL CARGOS ASEGURADOS: | D35: =SUM(D23:D34) -> 610
A36: 45597 | B36: NOTA: | C36: CADA SUBLÍMITE O GASTOS INDICADOS ESTAN CONTEMPLADOS DENTRO DEL LÍMITE ASEGURADO.
B37: 2.5. | C37: COBERTURAS BÁSICAS
B38: DELITOS CONTRA LA ADMINISTRACIÓN PÚBLICA | E38: La aseguradora indemnizará la pérdida económica que sufra la Entidad a consecuencia de actos que se tipifiquen como delitos contra la administración, cometidos por empleado(s) en desempeño de(los) cargo(s) señalados en el numeral 2.4.
B39: GASTOS DE RECONSTRUCCIÓN O RENDICIÓN DE CUENTAS | E39: La aseguradora mediante este amparo cubre los gastos que la Entidad tenga que incurrir en caso de abandono del cargo o fallecimiento del empleado, para llevar a cabo los procesos de rendición y reconstrucción de cuentas.
B40: DELITOS CONTRA EL PATRIMONIO ECÓNOMICO | E40: La aseguradora mediante este amparo indemnizará la pérdida económica que sufra la Entidad, por aquellas conductas penalmente sancionables, cometidas por los empleados de la Entidad, que no dan cuenta de un buen manejo de los recursos estatales y que causan detrimento al patrimonio del estado.
B41: JUICIOS CON RESPONSABILIDAD FISCAL Y ALCANCES FISCALES | E41: La aseguradora mediante este amparo cubre los procesos de responsabilidad fiscal con ocasión de la ejecución de actos que den lugar a iniciación de juicios de esta naturaleza, al igual que los alcances fiscales.
B42: PÉRDIDA DE EMPLEADOS NO IDENTIFICADOS AL 100% DEL LÍMITE ASEGURADO | E42: En caso de ocurrencia de cualquier pérdida, pero que la Entidad no pudiera determinar específicamente al empleado o los empleados responsables, la aseguradora reconocerá la indemnización correspondiente, siempre y cuando las circunstancias que dieron lugar al evento, permitan considerar que en la ocurrencia del mismo intervinieron uno o varios empleados de la Entidad, a cualquier titulo (autor intelectual, material o cómplice). Queda entendido que la responsabilidad de la compañía, respecto de tales pérdidas, no excederá en ningún caso del monto asegurado estipulado en la póliza.
B43: PROTECCIÓN DE DEPÓSITOS BANCARIOS AL 100% DEL LÍMITE ASEGURADO | E43: Cubre las pérdidas de dinero que el asegurado tenga depositado en sus cuentas corrientes o de ahorro en entidades bancarias o financieras (incluidos sus respectivos intereses), que se deba a falsificación o adulteración de un cheque, letra de cambio, pagaré, carta de crédito o cualquier otra clase de título valor que el banco o entidad financiera presuma que ha sido firmado, endosado o avalado por el asegurado o por una persona que obre en su nombre o representación y que el banco o entidad financiera compruebe que no es responsable por dicho pago, incluyendo: a) Cualquier cheque o giro hecho o girado en nombre de la Entidad pagadero a una persona ficticia y endosado o pagado a nombre de dicha persona. b) Cualquier cheque o giro hecho o girado en transacción de la Entidad o por su representante a favor de un tercero y entregado al representante de éste que resultare endosado o cobrado por persona distinta de aquel a quien se giró. c) Cualquier cheque o giro con destino al pago de salarios que habiendo sido girado u ordenado por la Entidad, resultare endosado y cobrado por un tercero obrando supuestamente a nombre del girador, o de aquel a quien se debía hacer el pago. Esta cobertura aplica cuando se demuestra la participación de uno o más empleados del asegurado y que la entidad bancaria demuestre que no tiene ninguna responsabilidad.
B44: EXTENSIÓN DE COBERTURA PARA EMPLEADOS OCASIONALES, TEMPORALES Y TRANSITORIOS AL 100% DEL LÍMITE ASEGURADO | E44: Bajo esta condición la cobertura de la presente póliza se extiende a amparar a los trabajadores ocasionales, temporales o transitorios y a quienes, sin serlo, realicen prácticas o investigaciones en sus dependencias. Esta cobertura queda sujeta a que las operaciones que realicen tales personas estén bajo el control de la Entidad.
B45: EXTENSIÓN DE COBERTURA PARA EMPLEADOS DE FIRMAS ESPECIALIZADAS Y OTROS AL 100% DEL LÍMITE ASEGURADO | E45: Bajo esta condición la cobertura de la presente póliza se extiende a amparar a todas aquellas personas naturales que presten servicios en los establecimientos del asegurado bajo cualquier título o contrato, incluidos los empleados de firmas especializadas, los empleados de contratistas independientes, los cuales deben cumplir con las normas que los regulan y con las garantías exigidas por la ley 80 de 1993. Esta cobertura queda sujeta a que las operaciones que realicen tales personas estén bajo el control de la Entidad.
B46: EXTENSIÓN DE COBERTURA PARA PÉRDIDAS OCASIONADAS POR EMPLEADOS DE CONTRATISTAS Y SUBCONTRASTISTAS INDEPENDIENTES AL 100% DEL LÍMITE ASEGURADO | E46: Bajo esta condición la cobertura de la presente póliza se extiende a amparar a todas aquellas personas naturales que presten servicios en los establecimientos del asegurado bajo cualquier título o contrato, incluidos los empleados de contratistas y subcontratistas independientes, los cuales deben cumplir con las normas que los regulan y con las garantías exigidas por la ley 80 de 1993.
B47: GASTOS POR PAGOS DE AUDITORES, REVISORES, CONTADORES Y ABOGADOS | E47: La cobertura de esta póliza debe extenderse a amparar los gastos en que incurra el asegurado, por pago a auditores, revisores, contadores y abogados, que se requieran para analizar y certificar los datos extraídos de los libros de contabilidad y demás documentos del asegurado, al igual que cualquier otra información que sea solicitada por la compañía al asegurado para el ajuste y definición de los reclamos.
B48: GASTOS PARA LA DEMOSTRACIÓN DEL SINIESTRO Sublímite 20% del límite asegurado evento / agregado vigencia. | E48: Bajo este amparo se cubren los gastos razonables en que incurra el asegurado, para la demostración de la ocurrencia y cuantía del siniestro y serán indemnizados bajo esta póliza. Estos gastos deben ser previamente aprobados por la aseguradora y la Entidad se compromete para estos casos presentar previamente cotización de estos gastos (cuando se requiera), la aseguradora se reserva el derecho de poder cotizar con sus proveedores los servicios que demanden la aplicación de estos gastos.Hasta el 100% de los gastos demostrados.
B49: GASTOS ADICIONALES. Sublímite 20% del límite asegurado evento / agregado vigencia. | E49: No obstante lo que se diga en contrario en las condiciones generales y particulares de la póliza, la Compañía se obliga a indemnizar los gastos adicionales (que no tengan carácter de permanentes) incluidos aquellos que tenga que asumir por la reconstrucción de archivos, documentos, bases de datos o información en servidores o medios magnéticos, debidamente comprobados en que necesaria y razonablemente incurra el asegurado, como consecuencia directa del siniestro, hasta el 100% de los gastos demostrados.
... B52: ACTOS DE AUTORIDAD | E52: La póliza se extiende a cubrir los daños o pérdidas materiales de los bienes asegurados, causados directamente por la acción de la autoridad legalmente constituida, ejercida con el fin de disminuir o aminorar las consecuencias de cualquiera de los riesgos amparados. Se excluye el embargo y la confiscación de bienes.
B53: 2.7. | C53: CLÁUSULAS BÁSICAS
B54: REVOCACIÓN DE LA PÓLIZA, CLÁUSULAS O CONDICIONES Con término de noventa (90) días. | E54: La aseguradora podrá revocar la póliza, cláusulas o condiciones unilateralmente por la compañía, mediante noticia escrita enviada al asegurado, a su última dirección registrada, con no menos de noventa (90) días de antelación; contados a partir de la fecha del envío. El asegurado podrá pedir la revocación en cualquier momento, según lo previsto en el Código de Comercio. Así mismo, en el caso de que la aseguradora decida no otorgar renovación o prorroga del contrato de seguro, deberá dar aviso de ello al asegurado con no menos de noventa (90) días de antelación a la fecha de vencimiento de la póliza, en caso contrario se dará por entendido que la aseguradora acepta la renovación o prorroga hasta el límite legal establecido en la Ley 80 de 1993, para la adición de los contratos y manteniendo las mismas condiciones ofertadas en este proceso.
B55: AMPARO AUTOMÁTICO DE NUEVOS CARGOS Aviso treinta (30) días | E55: Bajo esta cláusula se otorga amparo automático a todo nuevo cargo creado por la Entidad, durante la vigencia de la misma, sin que exista obligación por parte de la entidad asegurada de reportarle dichos nuevos cargos, siempre que los nuevos cargos cuenten con las mismas seguridades y controles que los reportados en el inicio de la póliza. Esta condición dará derecho a la compañía al cobro de la prima proporcional, calculada a prorrata, con las tasas adjudicadas y correspondiente al periodo de amparo.
B56: ERRORES, OMISIONES O INEXACTITUDES | E56: El tomador está obligado a declarar sinceramente los hechos y circunstancias que determinen el estado del riesgo. La inexactitud sobre hechos o circunstancias que, conocidas por la compañía, la hubieren retraído de celebrar el contrato o inducido a estipular condiciones más onerosas, produce la nulidad relativa del seguro. Sin embargo, si se incurriere en errores, omisiones e inexactitudes inculpables al tomador o al asegurado, el contrato no será nulo ni habrá lugar a la aplicación del inciso tercero del artículo 1058 del Código de Comercio sobre reducción porcentual de la prestación asegurada. En este caso se deberá pagar la prima adecuada al verdadero estado del riesgo.
B57: MODIFICACIÓN A CARGOS | E57: Queda entendido, convenido y aceptado que si durante la vigencia de la presente póliza se presenta cambio de denominaciones a cargos, se consideran automáticamente incorporados a la póliza, sin que el asegurado se obligue a reportarle tales cambios y/o modificaciones, precisando que estos cargos cuentan con los controles y seguridades que los reportados al inicio de vigencia.
B58: AMPLIACIÓN AVISO DEL SINIESTRO Con término de noventa (90) días. | E58: Queda convenido y aceptado que el asegurado podrá dar aviso de la ocurrencia del siniestro en un término de noventa (90), siguientes a la fecha en que haya conocido o debido conocer la ocurrencia del mismo.
B59: DEFINICIÓN DE TRABAJADOR O EMPLEADO | E59: Queda convenido y aceptado que aseguradora acepta bajo la presente cláusula, que el término "trabajador o empleado" y estén bajo el control y dependencia del asegurado, dondequiera que se utilice en la póliza significará:
E60: 1) La persona natural que, dentro del desempeño del cargo asegurado, presta su servicio a la Entidad, vinculada a éste mediante contrato de trabajo, orden de trabajo o mediante nombramiento por decreto o resolución.
E61: 2) Contratistas bajo la Prestación de Servicios Profesionales para el apoyo a la gestión.
E62: 3) Los asesores y consultores que desarrollan funciones en la Entidad.
E63: 4) Estudiantes o Practicantes mientras estén prosiguiendo estudios o deberes en los predios de la Entidad.
E64: 5) Empleados de seguridad y contratistas y sus empleados, mientras dichos contratistas estén desarrollando servicios temporales para la Entidad.
E65: 6) Los trabajadores suministrados por compañías especializadas para desarrollar trabajos propios del asegurado y bajo supervisión en cualquiera de las oficinas o predios de la Entidad.
E66: 7) Directores cuando sean empleados asalariados, pensionados o cuando estén desarrollando labores propias de un empleado o cuando esté actuando como miembro de cualquier comité debidamente elegido o nombrado por Resolución de la Junta Directiva de la Entidad (cuando aplica) para desempeñar específicamente la labor de nombramiento para actos de dirección en nombre del asegurado.
E67: 8) Cualquier persona que haga parte de la Junta Directiva de la Entidad.
E68: 9) Cualquier persona o compañía empleada por el asegurado para prestar servicios profesionales en cualquier rama de su especialidad mientras estan prestando servicios a la Entidad.
E69: Todas las anteriores definiciones se consideran empleados mientras estén prestando dichos servicios e incluye los primeros noventa (90) días siguientes a la dejación del cargo o a la terminación de sus servicios, según sea el caso y se otorga siempre y cuando el termino indicado se encuentre dentro de la vigencia de la póliza, sin exceder la fecha de finalización de vigencia.
B70: DESIGNACIÓN O DENOMIANACIÓN DE BIENES | E70: La aseguradora acepta el título, nombre, denominación o nomenclatura con que el asegurado identifica o describe los bienes asegurados en sus registros o libros de comercio o contabilidad. El alcance de éstas designación de bienes se amplía al objeto establecido en el Manual de Procedimientos Administrativos y Contables para el manejo y control de los bienes de la Entidad.
B71: CONOCIMIENTO DEL RIESGO | E71: La Compañía acepta mediante la presente cláusula que la Entidad, le ha brindado la oportunidad para realizar la inspección de los bienes y riesgos a que están sujetos los mismos y el patrimonio del Asegurado, razón por la cual se deja constancia del conocimiento y aceptación de los hechos, circunstancias y, en general, condiciones de los mismos. La compañía se reserva el derecho de llevar a cabo la inspección cuantas veces lo juzgue pertinente.
A72: 2 | B72: ANTICIPO DE INDEMNIZACIÓN DEL 50% Se califica en Condiciones Adicionales (Formato No. 3) el aumento del porcentaje ofrecido. | E72: Queda expresamente acordado que, a petición escrita de la Entidad, la aseguradora anticipará pagos parciales sobre el valor de cualquier reclamo, con base en el valor de la estimación preliminar de la pérdida aceptada por el ajustador, para adelantar la reparación, reposición o remplazo de los bienes asegurados. En el caso de que no haya nombramiento de ajustador, el anticipo se liquidará con base en la valoración de la cuantía de la pérdida amparada, acreditada por la entidad mediante cotización de la misma. Este anticipo también se extiende a cualquier tipo de gastos que se requiera para la operatividad de la póliza. En caso que el anticipo o suma de anticipos que la compañía adelante al asegurado llegare a exceder la suma total indemnizable a que tenga derecho, éste se compromete a devolver el exceso pagado. Para esta cláusula la aseguradora debe contemplar un plazo máximo para el pago del anticipo de diez (10) días hábiles contados a partir de la fecha de solicitud y formalización del mismo este y no se acepta el requerimiento de ningún requisito adicional para realizar el anticipo.
B73: MODIFICACIONES A FAVOR DEL ASEGURADO | E73: Los cambios o modificaciones a las condiciones de la presente póliza, serán acordados mutuamente entre la compañía y el asegurado. El certificado, documento o comunicaciones que se expidan para formalizarlos debe ser firmado, en señal de aceptación, por un representante legal del asegurado o funcionario autorizado, prevaleciendo sobre las condiciones de esta póliza. No obstante, si durante la vigencia de la póliza se presentan modificaciones en las condiciones del seguro, legalmente aprobadas que representen un beneficio a favor del asegurado, tales modificaciones se consideran automáticamente incorporadas. Siempre y cuando no causen cobro de prima adicional.
B74: NOMBRAMIENTO Y DESIGNACIÓN DE AJUSTADORES | E74: El nombramiento de ajustadores deberá efectuarse de común acuerdo entre la aseguradora y el asegurado, para lo cual la aseguradora presentará para cada reclamo una relación de tres (3) firmas ajustadoras. No obstante la anterior condición, el asegurador con su propuesta se obliga a presentar la lista de todos sus ajustadores y la Entidad se reserva el derecho de nombrar al ajustador que considere más adecuado o solicitar el cambio de los mismos en caso de que no fueren de su entera satisfacción, sin que para ello se requiera motivación alguna.
B75: VARIACIONES O MODIFICACIONES DEL RIESGO | E75: Queda entendido, convenido y aceptado que las notificaciones que sobre los hechos o circunstancias no previsibles que sobrevengan con posterioridad a la celebración del contrato de seguro y que, conforme al criterio consignado en el inciso 1° del artículo 1058 del código de comercio, signifiquen agravación del riesgo, se efectuarán por la Entidad dentro de los noventa (90) días siguientes a la fecha de modificación del riesgo.
B76: NO CONCURRENCIA DE AMPAROS, CLÁUSULAS O CONDICIONES | E76: Queda entendido, convenido y aceptado, que si dos o más amparos, cláusulas o condiciones otorgan cobertura a un mismo evento, se indemnizará con base en aquella que ofrezca mayor protección para los intereses del asegurado. De igual manera prevalecerán los amparos, cláusulas o condiciones que otorguen coberturas sobre aquellos que las excluyan. En todo caso y ante cualquier discrepancia sobre cuál es el amparo, cláusula o condición aplicable a un caso determinado, se aplicara aquella o aquellas que en conjunto determine el asegurado de acuerdo a su conveniencia.
B77: AMPARO AUTOMÁTICO DE CARGOS QUE POR ERROR U OMISIÓN NO SE HAYAN INFORMADO AL INICIO DE LA VIGENCIA. Aviso treinta (30) días | E77: Queda entendido, convenido y aceptado que no obstante lo que en contrario se diga en las condiciones generales de la póliza, el presente anexo se extiende a cubrir automáticamente todo cargo que por error u omisión no se haya informado al inicio del seguro por el asegurado. El asegurado deberá comunicar tal situación a la aseguradora dentro del plazo aca estipulado y siguientes a la expedición del seguro y la compañía efectuará el cobro de la prima proporcional a prorrata.
B78: NO APLICACIÓN DE GARANTÍAS | E78: Queda expresamente acordado y aceptado que la cobertura otorgada bajo la presente póliza no queda sujeta al cumplimiento de ningún tipo de garantía por parte de la entidad asegurada.
B79: NO APLICACIÓN DE DEDUCIBLE O RESTRICCIÓN DE LÍMITE PARA CAJAS MENORES | E79: Queda expresamente acordado y aceptado que la aseguradora acepta la no aplicación de deducibles para Cajas Menores y tampoco impondrá restricciones al límite de número y cuantías que manejan cada una de ellas.
B80: FALTANTES DE INVENTARIOS 20% DEL LÍMITE ASEGURADO | E80: El oferente ofrecerá la cobertura para los faltantes de inventarios atribuibles a funcionarios de la entidad siempre y cuando tales pérdidas sean como consecuencia de eventos amparados bajo presente póliza. Se otorga la cobertura siempre que se acredite en el reclamo que las pérdidas fueron causadas por la intervención de uno o más empleados.
B81: DETERMINACIÓN DE LA PÉRDIDA INDEMNIZABLE | E81: La aseguradora debe contemplar en forma expresa que la determinación del valor de la pérdida indemnizable de bienes, se efectuará con base en cotizaciones de bienes de la misma clase, capacidad, tipo y marca o de las características más similares que ofrezca el mercado. En caso de que en el mercado no existan bienes de las mismas o similares características, la determinación se efectuará con base en la (s) alternativa (s) de reemplazo que presentará el asegurado.
A82: 3 | B82: RESTABLECIMIENTO AUTOMÁTICO DEL LÍMITE ASEGURADO POR PAGO DE SINIESTRO, HASTA UNA (1) VEZ EL LÍMITE CONTRATADO CON COBRO DE PRIMA A PRORRATA Se califica en Condiciones Adicionales (Formato No. 3) el número adicional del restablecimiento a ofrecer. | E82: Mediante la presente cláusula la aseguradora acepta expresamente, que en el caso de presentarse una pérdida amparada por la presente póliza, la cuantía de tal pérdida se considerará inmediatamente restablecida desde el momento de ocurrencia del siniestro. El restablecimiento ofrecido por esta condición dará derecho a la aseguradora al cobro de la prima, a prorrata, correspondiente al monto restablecido, desde la fecha de la pérdida hasta el vencimiento de la póliza, expedición de cuyo certificado de seguro realizará una vez efectuado el pago de la indemnización.
B83: PAGO DE RECLAMOS CON BASE EN LA DETERMINACIÓN DE RESPONSABILIDAD DE EMPLEADOS DEL ASEGURADO EN LA INVESTIGACIÓN ADMINISTRATIVA, SIN NECESIDAD DEL FALLO DE RESPONSABILIDAD FISCAL. | E83: Queda entendido, convenido y aceptado, que la aseguradora indemnizará las pérdidas objeto de la respectiva cobertura, previamente demostrada ocurrencia y cuantía, sin requerir fallo fiscal o penal, con base en la determinación de responsabilidad del (los) empleado(s) del asegurado en la investigación administrativa. Esta condición aplica siempre y cuando se acredite la ocurrencia y cuantía de la pérdida.
B84: NO APLICACIÓN DE LA CONDICIÓN DE COMPENSACIÓN EN CASO DE SINIESTRO | E84: La Aseguradora no podrá a su arbitrio aplicar en la liquidación de valor de las indemnizaciones de los reclamos que afecten esta póliza, sumas de dinero que la entidad asegurada adeude al (los) empleado (s) involucrado (os) en las acciones, omisiones y/o delitos contra la administración pública, que dan lugar al siniestro, a menos que exista fallo judicial debidamente ejecutoriado que así lo determine.
B85: APLICACIÓN DE LA PÓLIZA, FRENTE AL SEGURO DE INFIDELIDAD Y RIESGOS FINANCIEROS (SI SE TIENE CONTRATADA PÓLIZA DE IRF) (CADA PÓLIZA APLICA SUS DEDUCIBLES EN FORMA INDEPENDIENTE). | E85: Queda expresamente señalado, que la presente póliza se contrata para el cumplimiento de las disposiciones que obligan a la Entidad asegurada a su constitución; por lo tanto la cobertura de la misma no estará sujeta a restricción y/o afectación por coexistencia de seguros, aseguramiento de deducible u otra condición, derivada de la eventual contratación del seguro de Infidelidad riesgos Financieros. De conformidad con lo anterior, queda expresamente acordado que la cobertura de este seguro aplicará en caso de ocurrencia de siniestro, hasta el limite asegurado y el exceso operará bajo el seguro de Infidelidad y riesgos financieros, en el caso de que se encuentra contratado.
B86: PAGO DE LA INDEMNIZACIÓN | E86: Queda expresamente acordado que la aseguradora acepta efectuar el pago de la indemnización, en dinero o mediante el giro a los contratistas y/o proveedores de servicios o suministro de éstos u otros similares con los cuales la Entidad, decida remplazar, reconstruir, reparar y/o reponer el bien o bienes afectados; y para este último caso la compañía efectuará el pago hasta el monto de su responsabilidad, a petición escrita de la Entidad Asegurada. De todas formas queda convenido que la entidad asegurada se reserva el derecho de determinar si el giro de la indemnización se realiza en dinero o giro a los contratistas y la aseguradora acepta esta condición. Se precisa que en caso que se realice el giro en dinero, la aseguradora no puede descontar de este el impuesto al valor agregado.
A87: 4 | B87: COMPROMISO PARA EL PAGO DE LAS INDEMNIZACIONES Plazo de diez (10) días hábiles. Se califica en Condiciones Adicionales (Formato No. 3) la reducción del término para el pago de las indemnizaciones. | E87: Bajo esta condición la aseguradora se compromete al pago de la indemnización dentro del plazo establecido, una vez el asegurado demuestre ocurrencia y cuantía.
B88: CLÁUSULA DE JURISDICCION Y SOLUCION DE CONTROVERSIAS | E88: Toda y cualquier diferencia que surja entre las partes por la interpretación del presente contrato, su ejecución, cumplimiento, terminación o las consecuencias futuras del mismo, será dirimida bajo la jurisdicción y legislación de la República de Colombia. Las diferencias y controversias que surjan se solucionarán con sujeción a las siguientes instancias que se agotarán de forma sucesiva o a elección de las partes, así:
E89: a). Arreglo Directo: Las partes tratarán de resolver sus diferencias de forma directa y entre ellas mismas dentro del plazo de quince (15) días contados a partir de la notificación escrita en que cualquiera de ellas informe a la otra de un conflicto o controversia orIginado en el contrato. b). Conciliación: Agotado el plazo anterior sin que las partes lograsen un acuerdo por si mismas, acudirán a la asistencia de un conciliador legalmente autorizado que se designará y actuará según los parámetros establecidos por la Ley 446 de 1998 y el decreto 1818 del mismo año, la etapa de conciliación durará un mes (1) desde el momento en que las partes o cualquiera de ellas radique la solicitud de conciliación respectiva, en caso de lograrse la conciliación la misma producirá efectos de cosa juzgada entre las partes, en caso contrario agotará el requisito de procedibilidad para acudir a la jurisdicción ordinaria o arbitral según corresponda, de acuerdo con los literales c) y d) de la presente cláusula.
E90: c). Jurisdicción Ordinaria: Agotadas las instancias anteriores, si la cuantía de las pretensiones derivadas de la diferencia que surja entre las partes por la interpretación del presente contrato, su ejecución, cumplimiento, terminación o las consecuencias futuras del mismo, no excediere de 220 SMMLV las partes sujetarán su controversia a la decisión del juez de instancia que corresponda según la cuantía y competencia en arreglo a lo previsto por el código de procedimiento Civil. d). Jurisdicción Arbitral: Agotadas las instancias anteriores, si la cuantía de las pretensiones derivadas de la diferencia que surja entre las partes por la interpretación del presente contrato, su ejecución, cumplimiento, terminación o las consecuencias futuras del mismo, se llevará el conflicto a la decisión de un Tribunal de Arbitramento Institucional cuyo domicilio será la ciudad de Bogotá D.C., el Tribunal estará integrado por un (1) árbitro que será designado conjuntamente por las partes dentro de los quince (15) días hábiles siguientes al envío de la comunicación por correo certificado que una de ellas le haga llegar a la otra solicitando la conformación del Tribunal; en caso de desacuerdo o falta de respuesta de la parte requerida, la otra parte podrá solicitar la designación y conformación del Tribunal al centro de Arbitraje y Conciliación de la Cámara de Comercio de la ciudad de Bogotá D.C.. El Tribunal así conformado funcionará en la ciudad de Bogotá D.C. y el laudo deberá proferirse en derecho, sujetándose en un todo al Decreto 2279 de 1.989, la ley 23 de 1.991, a la Ley 446 de 1.998, sus decretos reglamentarios y demás normas que regulan esta figura judicial. Esta última sujeta a lo dispuesto en Directiva Presidencial 04 del 18 de mayo de 2018.
B91: LIQUIDACIÓN A PRORRATA EN CASO DE CANCELACIÓN DE LA PÓLIZA POR PARTE DEL ASEGURADO | E91: Bajo esta cláusula la aseguradora debe aceptar que en caso de cancelación de la póliza por parte del asegurado, la devolución de las primas respectivas se realizará a prorrata.
B92: LIQUIDACIÓN A PRORRATA PARA PRÓRROGA DE LA VIGENCIA | E92: En caso de que el asegurado lo requiera, la aseguradora realizara la liquidación de la prima de la prórroga a prorrata con las mismas tasas y condiciones de la póliza inicial. Siempre y cuando la siniestralidad de la póliza no sea mayor al 50%, en el caso que la siniestralidad supere el 50% la aseguradora acordará con el asegurado las condiciones en que se otorgará la prórroga.
B93: CONDICIONES DE RENOVACIÓN Y/O PRORROGA DE LA PÓLIZA | E93: En caso de que el asegurado decida renovar y/o prorrogar la póliza, la aseguradora se obliga a mantener los términos contratados con las mismas tasas y condiciones de la póliza inicial, siempre y cuando la siniestralidad de la póliza no sea mayor al 50%, en el caso que la siniestralidad supere el 50% la aseguradora acordará con el asegurado las condiciones en que se otorgará las condiciones de renovación. La aseguradora se obliga a entregar en cualquiera de las situaciones de resultado de siniestralidad, las condiciones con una antelación de noventa (90) días antes del vencimiento de la póliza.
B94: CLÁUSULA DE NO ACEPTACIÓN DE COASEGURO | E94: En el evento en el que el contrato de seguro sea celebrado a través de una figura asociativa, la misma se celebrará bajo alguna de las modalidades previstas en el artículo 7º del Estatuto General de Contratación de la Administración Pública – EGCP (Unión temporal, consorcio, entre otros). Adicionalmente, no serán aceptados los contratos de seguros estructurados por dos o más Compañías de seguros, en calidad de coaseguradores, y toda disposición que se realice con esta referencia (coaseguro), se entenderá por no escrita.
B95: CLÁUSULA DE CONOCIMIENTO POR LOS MIEMBROS DE LA FIGURA ASOCIATIVA | E95: Esta cláusula será aplicada cuando se presente la asociación de dos o más Aseguradoras, sin importar la figura utilizada para tal fin. Las Compañías de Seguros que actúan como integrantes de cualquier figura asociativa (consorcio, unión temporal, etc.) dentro del presente contrato de seguro, conocen y aceptan: i) las condiciones generales y particulares de la póliza, ii) Cualquier anexo y/o certificado que sobre la póliza inicial emita la Compañía líder de la figura asociativa. En igual sentido, declaran que cualquier reclamación, notificación, requerimiento o comunicación formulada por el asegurado o por un tercero a la compañía líder, se entiende automáticamente formulada a los demás integrantes de la figura asociativa establecida para tal fin.
B96: CLÁUSULA IDENTIFICACIÓN DE LA FIGURA ASOCIATIVA EN LA PÓLIZA | E96: En el evento que el contrato se seguro sea celebrado a través alguna figura asociativa (consorcio, unión temporal, etc.) compuesta por dos o más compañías de seguros, en virtud del artículo 1047 del Código de Comercio, en la póliza deberá incorporarse: (i) el nombre del contratista (razón social de la figura asociativa establecida en su documento de conformación) y (ii) la razón social, número de identificación y porcentajes de participación de cada una de las aseguradoras integrantes de la figura asociativa.
B97: CLÁUSULA DE CONDICIONES PARTICULARES | E97: Queda expresamente acordado y convenido, que la aseguradora acepta las condiciones obligatorias (mínimas técnicas) establecidas en este anexo, en los términos señalados en el mismo, por lo tanto, en caso de existir discrepancia ente los ofrecimientos contenidos en la propuesta técnica básica, frente a los textos de los ejemplares de las pólizas, a las condiciones generales, certificados, anexos o cualquier otro documento; prevalecerá la información y condiciones básicas técnicas establecidas de este anexo, de igual forma en caso de encontrarse contradicción en alguna condición prevalecerá la de mayor beneficio para el asegurado.
B98: DETERMINACIÓN DE CONDICIONES Y REQUISITOS PARA EL PAGO DE INDEMNIZACIONES | E98: La aseguradora manifiesta expresamente que acepta los requisitos y documentos contenidos en el Anexo No.7: Requisitos para el pago de las indemnizaciones, como únicos para la atención y pago de reclamaciones por siniestros. A futuro no podrá exigir documentos o trámites adicionales.
B99: 2.8. | C99: EXCLUSIÓN DE ENFERMEDADES TRANSMISIBLES O CONTAGIOSAS
B100: Este seguro no cubre cualquier reclamo de ninguna manera causado por o como resultado de: a) Enfermedad por coronavirus (COVID-19) b) Coronavirus 2 del síndrome respiratorio agudo severo (SARS-CoV-2) c) Cualquier mutación o variación de SARS-CoV-2; d) Cualquier otra enfermedad transmisible, epidemia o pandemia e) Cualquier temor o amenaza de a), b), c) ó d) anteriores f) La interrupción de negocios y/o pérdidas financieras sufridas por la Entidad al no poder desarrollar la actividad para la cual fue creada como consecuencia de a), b), c), d) y e) anteriores.
B101: 2.9. | C101: COBERTURAS, AMPAROS Y BIENES SIN APLICACIÓN DE DEDUCIBLES EN FORMA OBLIGATORIA
B102: La Entidad, requiere oferta de cobertura SIN APLICACIÓN DE DEDUCIBLE, para los bienes y/o amparos y/o eventos, señalados a continuación y por lo tanto el proponente con la firma del FORMATO No. 2 - CARTA DE ACEPTACIÓN DE LAS CONDICIONES OBLIGATORIAS (MÍNIMAS TÉCNICAS), admite estas condiciones.
B103: • Caja Menores sin aplicación de deducibe.
B104: Teniendo en cuenta que esta póliza no contempla deducibles por tanto este factor no será objeto de evaluación, razón por la cual el puntaje de esta aspecto será sumado al puntaje establecido para la evaluación del factor económico de MAYOR VIGENCIA
B105: 2.11. | C105: COMISIÓN MÍNIMA ACEPTABLE.
...

Sheet 3. COND. BÁSICAS RCE
B3: =+'2. COND. BÁSICAS MANEJO'!$B$3:$G$3 -> MUNICIPIO DE CHÍA
B4:  Anexo No.1: Condiciones técnicas básicas obligatorias
B5: GRUPO No. 1
B7: 3. PÓLIZA DE SEGURO DE RESPONSABILIDAD CIVIL EXTRACONTRACTUAL
B8: 3.1. | C8: INFORMACIÓN GENERAL
B9: TOMADOR: | C9: =+'2. COND. BÁSICAS MANEJO'!$C$9:$E$9 -> MUNICIPIO DE CHÍA | F9: NIT. | G9: =+'1. COND. BÁSICAS TRDM'!G9 -> 899.999.172-8
B10: ASEGURADO: | C10: =+C9 -> MUNICIPIO DE CHÍA | F10: NIT. | G10: =+G9 -> 899.999.172-8
B11: BENEFICIARIO: | C11: TERCEROS AFECTADOS
B12: 3.2. | C12: OBJETO DEL SEGURO
B13: Amparar los perjuicios patrimoniales y extrapatrimoniales que cause el MUNICIPIO DE CHÍA como consecuencia de la Responsabilidad Civil Extracontractual originada dentro o fuera de sus instalaciones, en el desarrollo de sus actividades o en lo relacionado con ella, lo mismo que los actos de sus empleados y funcionarios o el personal para el apoyo a la gestión administrativa dentro y fuera del territorio nacional o por bienes que se encuentren bajo tenencia, control y/o responsabilidad . Nota: Se entenderán como terceros todos empleados y funcionarios los permanentes, o temporales, o estudiantes en práctica o pasantias, o contratistas, o subcontratistas, o de personas voluntarias que presten servicios al asegurado, incluyendo miembros de las Directivas y cada una de las personas que circulen, ingresen, accedan o se encuentren en los predios de asegurado o por los cuales es responsable en su aseguramiento, independientemente que el asegurado le esté prestando un servicio objeto de su razón social.
B14: 3.3. | C14: LÍMITE ASEGURADO EVENTO / AGREGADO ANUAL
A15: 1 | B15: Oferta Básica: Se califica en Condiciones Adicionales (Formato No. 3) el aumento del límite ofrecido sin cobro de prima adicional. | F15: 2300000000
B16: 3.3.1. | C16: MODALIDAD DE COBERTURA
B17: Por ocurrencia: La aseguradora cubre todos los perjuicios que se generen durante la vigencia del seguro
B18: 3.4. | C18: INFORMACIÓN GENERAL
B19: Nómina promedio mensual: $ XXX.XXX.XXX
B20: Número de funcionarios: 610 Contratistas: XXX
B21: Presupuesto anual proyectado de la Entidad año 202X: $XXX.XXX.XXX.XXX
B22: 3.4.1. | C22: BASE PARA LA DETERMINACIÓN Y APLICACIÓN DEL CONCEPTO SUBLÍMITE / EVENTO - AGREGADO VIGENCIA
B23: Para la totalidad de Coberturas y/o condiciones básicas sublímitadas, queda expresamente aceptado por parte de los proponentes que, en concordancia con la vigencia de la póliza que se adjudique, cada Sublímite operará así:
B24: - Si la vigencia es inferior a doce (12) meses: (Sublímite indicado) Evento /Agregado vigencia.
B25: En caso de discrepancia en alguna cobertura o cláusula básicas con relación al concepto de aplicación del sublímite / vigencia / agregado anual, frente a la vigencia ofertada, prevalece el establecido en este numeral con relación al plazo de la condición ofertada.
B26: NOTA: | C26: CADA SUBLÍMITE O GASTOS INDICADOS ESTAN CONTEMPLADOS DENTRO DEL LÍMITE ASEGURADO.
B27: 3.4.2. | C27: PREDIOS ASEGURADOS
B28: Todos los de propiedad del asegurado, que éste use o entregue en comodato y aquellos de terceros que el asegurado use, mantenga, ocupe en desarrollo de sus actividades y operaciones y los tomados en arriendo.
B29: 3.5. | C29: COBERTURAS BÁSICAS
B30: Queda expresamente acordado y convenido, que mediante la presente póliza la aseguradora ampara los perjuicios patrimoniales y extrapatrimoniales, que cause la Entidad a terceros al igual que las costas y gastos de proceso, siempre y cuando el hecho generador le cause daños materiales, lesiones personales y/o muerte; generados como consecuencia de la responsabilidad civil extracontractual originada dentro o fuera de sus instalaciones, en el desarrollo de sus actividades propias a su objeto social o en lo relacionado con ellas, incluidos los actos de sus empleados y funcionarios en el desarrollo de sus funciones. De igual forma, se acuerda que para todos los efectos de la presente póliza, el termino de “perjuicios patrimoniales” contempla los perjuicios relacionados con daños materiales, daño emergente, lucro cesante y demás perjuicios considerados como patrimoniales; y el termino de “perjuicios extrapatrimoniales” comprende, entre otros, el daño moral, daño fisiológico, daño a la vida de relación y demás perjuicios considerados como extrapatrimoniales. La aseguradora acepta expresamente el otorgamiento de la cobertura de este seguro, según lo previsto en el Artículo 1131 del Código de Comercio, relacionado con la configuración del siniestro e inicio de la prescripción, que estipula: ARTICULO 1131. Configuración del siniestro en el seguro de responsabilidad civil. En el seguro de responsabilidad se entenderá ocurrido el siniestro en el momento en que acaezca el hecho externo imputable al asegurado, fecha a partir de la cual correrá la prescripción respecto de la víctima. Frente al asegurado ello ocurrirá desde cuando la víctima le formula la petición judicial o extrajudicial.
B31: PREDIOS, LABORES Y OPERACIONES (incluyendo incendio y explosión) | E31: La aseguradora se obliga a indemnizar, sujeto a los términos y condiciones establecidas tanto en las condiciones generales como a las particulares de la póliza, los perjuicios patrimoniales y extrapatrimoniales que cause el asegurado con motivo de la responsabilidad civil extracontractual en que incurra de acuerdo con la ley colombiana, por hechos imputables al asegurado, que causen la muerte, lesión o menoscabo en la salud de las personas (daños personales) y/o el deterioro o destrucción de bienes (daños materiales) y perjuicios económicos, incluyendo lucro cesante (hasta el 50% el valor asegurado de la póliza) y daño moral, como consecuencia directa de tales daños personales y/o daños materiales. La aseguradora responderá, además, por los costos del proceso que el tercero damnificado o sus causahabientes promuevan en su contra o la del asegurado, con las salvedades siguientes: a) Si la Entidad asegurada afronta el proceso contra orden expresa de la compañía. b) Si la responsabilidad proviene de dolo o está expresamente señalada en las exclusiones de la póliza. c) Si la condena por los perjuicios ocasionados a la víctima excede la suma que delimita la responsabilidad de la aseguradora, esta solo responderá por los gastos del proceso en proporción a la cuota que le corresponda en la indemnización.
E32: PREDIOS, los perjuicios patrimoniales y extrapatrimoniales que cause el asegurado por la posesión, el uso o el mantenimiento de sus predios o por los que es responsable y en especial en los que la Entidad asegurada desarrolla y realiza las actividades objeto de la cobertura de esta póliza.
E33: LABORES Y OPERACIONES, los perjuicios patrimoniales y extrapatrimoniales que cause el asegurado por las labores u operaciones que lleva a cabo la Entidad asegurada en el desarrollo de las actividades objeto de la cobertura de esta póliza incluyendo todos los riesgos que son inherentes a las actividades desarrolladas por el asegurado en el giro normal de sus actividades y derivadas de: a) Posesión o uso de ascensores y escaleras automáticas, elevadores, montacarga, grúas, puente grúas, equipo de trabajo. b) Posesión o uso de máquinas y equipos de trabajo, de cargue, descargue y transporte dentro de los predios asegurados. c) Transporte de bienes del asegurado, tales como materias primas, productos en proceso y productos terminados, incluyendo aquellos de naturaleza azarosa o inflamable, fuera de los predios asegurados (Cuando aplique) d) Operaciones de cargue y descargue. (Cuando aplique) e) Posesión o uso de avisos y vallas publicitarias en el territorio nacional. f) Posesión o uso de sus instalaciones sociales, culturales y deportivas y los eventos que el asegurado realice u organice en ellas. g) Viajes de funcionarios del asegurado dentro y fuera del territorio nacional. h) Actividades y Eventos Sociales y Culturales i) Participación del asegurado en ferias y exposiciones nacionales. j) Errores de puntería, opera en exceso de las pólizas que por ley deben tener contratadas las empresas de vigilancia, empleados del asegurado o contratados a través de firma especializada. (Excepto cuando se trata de sus propios funcionarios). k) Vigilancia de los predios por medio de personal armado y/o animales opera en exceso de las pólizas que por ley deben tener contratadas las empresas de vigilancia, empleados del asegurado o contratados a través de firma especializada. (Excepto cuando se trata de sus propios funcionarios)
E34: l) Posesión o uso de depósitos, tanques y tuberías ubicados o instalados dentro de los predios asegurados. m) Actos de los directivos, representantes y empleados del asegurado en el desempeño de sus funciones y dentro de las actividades aseguradas. Se excluye la Responsabilidad Profesional. n) Posesión o uso de cafeterías, casinos y restaurantes para uso de sus empleados y/o invitados. ñ) Incendio y/o explosión producidos dentro de los predios asegurados. o) Uso de parqueaderos dentro de los predios del asegurado p) Descargue, dispersión, liberación o escape de humo, vapores, hollín, ácidos, álcalis y en general productos químicos tóxicos, líquidos o gaseosos, y demás materias irritantes o contaminantes, en o sobre la tierra, atmosfera, ríos, lagos o cualquier curso o cuerpo de agua, producida en forma accidental, súbita e imprevista. (Cuando aplique) q) Uso de casinos, restaurantes y cafeterías de su propiedad o que sean ocupados por él o que tenga tomados en arrendamiento o alquiler, no obstante el hecho que éstos estén administrados por personas naturales o jurídicas distintas de la entidad o sus empleados. r) Productos y Trabajos terminados sin son de la misionalidad de la Entidad, se excluye recogida del producto. (Cuando aplique). s) Participación del asegurado en ferias y exposiciones internacionales, excluyendo la responsabilidad en los países de Estados Unidos, Puerto Rico y Canadá.
B35: GASTOS MÉDICOS (sin aplicación de deducibles). Sublímite $460.000.000 evento / $920.000.000 agregado vigencia Se califica en Condiciones Adicionales (Formato No. 3) el aumento del sublímite. | E35: La aseguradora debe contemplar para la propuesta de este amparo, que indemnizarán hasta el límite establecido en la póliza y dentro de los términos y con sujeción a las condiciones de este seguro, los gastos razonables y prioritarios que se causen, por concepto de primeros auxilios inmediatos, servicios médicos, quirúrgicos, de ambulancia de hospital, de enfermeras y medicamentos, como consecuencia de las lesiones corporales producidas a terceros en desarrollo de las actividades de la entidad. Se precisa, que el amparo que se otorga es independiente al de responsabilidad civil extracontractual y por consiguiente, los pagos que por dicho concepto se realicen, en ningún caso pueden ser interpretados como aceptación tácita de responsabilidad y no está sujeto a la aplicación de deducible. Los funcionarios y contratistas para el apoyo a la gestión administrativa y demás personal de apoyo a la Entidad se consideran terceros. De igual forma, en caso de requerirse, este amparo puede aplicar por reembolso.
B36: RESPONSABILIDAD CIVIL PATRONAL. Sublímite de $690.000.000 persona / $1.380.000.000 agregado vigencia Se califica en Condiciones Adicionales (Formato No. 3) el aumento del sublímite. | E36: La aseguradora mediante este amparo se compromete a indemnizar los perjuicios patrimoniales derivados de la responsabilidad civil extracontractual que le sea imputable al asegurado en su calidad de empleador exclusivamente por los accidentes de trabajo que sufran los empleados a su servicio, en el desarrollo de las actividades asignadas a ellos y de acuerdo con las siguientes definiciones y condiciones: a) Se entiende por empleado toda persona que mediante contrato de trabajo o de prestación de servicios (incluidos contratistas para el apoyo a la gestión administritativa o misional) preste al asegurado. b) Quedan excluidas de este seguro: Las enfermedades profesionales, endémicas o epidémicas, contagiosas (en especial el COVID19), por accidentes de trabajo que se hayan sido provocados deliberadamente o por culpa grave del empleado. Se precisa que este amparo opera en exceso de la seguridad social.
B37: CONTRATISTAS Y SUBCONTRATISTAS INDEPENDIENTES AL 100% DEL LÍMITE ASEGURADO | E37: La aseguradora bajo este amparo se obliga a cubrir los perjuicios patrimoniales derivados de la responsabilidad civil extracontractual que le sea imputable al asegurado y/o los gastos médicos por los daños que causare a terceros, a consecuencia de labores amparadas realizadas por contratistas y subcontratistas independientes a su servicio. Se precisa que este amparo opera en exceso de las pólizas del contratista o subcontratista.
B38: RESPONSABILIDAD CIVIL CRUZADA sublímite de 40% del valor asegurado por evento y 65% del valor asegurado por vigencia. | E38: Se cubren los perjuicios patrimoniales causados por un contratista a otro, a consecuencia de las labores amparadas previamente contratadas por el asegurado y que se efectúen dentro de los predios del mismo. Se precisa que este amparo opera en exceso de las pólizas del contratista.
B39: RESPONSABILIDAD CIVIL POR LA CAIDA, EL DESCOPE, LA PODA Y EL MANTENIMIENTO DE ÁRBOLES. (siempre y cuando sea responsabilidad del asegurado) | E39: Se cubren los perjuicios patrimoniales causados por la caída, el descope, la poda y el mantenimiento de árboles, siempre y cuando sean responsabilidad de la entidad.
B40: VEHÍCULOS PROPIOS Y NO PROPIOS EN EXCESO DEL SEGURO DE AUTOMÓVILES Y SOAT. SE EXTIENDE ESTA COBERTURA A LAS EMBARCACIONES O LA MAQUINARÍA QUE EMPLEA LA ENTIDAD. Sublímite de $450.000.000 por vehículo / $900.000.000 agregado vigencia | E40: Mediante esta condición se indemnizarán los daños que cause el asegurado en razón de la responsabilidad civil por lesiones a terceras personas o daños a propiedades de terceros que le sean imputables legalmente como consecuencia de la utilización en el giro normal de sus negocios, de vehículos propios o no propios incluido los de los funcionarios en desarrollo de las actividades del asegurado y en exceso de los limites contratados en el seguro de automóviles. En caso que el vehículo que generó los daños no cuente con póliza de automóviles y/o SOAT, la cobertura de los daños será asumida por la presente póliza hasta el monto del límite fijado.
B41: DAÑOS Y HURTO DE VEHÍCULOS INCLUIDOS ACCESORIOS EN PARQUEADEROS Y PREDIOS DEL ASEGURADO Sublímite de $30.000.000 por vehículo / $100.000.000 agregado vigencia | E41: Queda entendido y convenido que la cobertura de la póliza se extiende a amparar los eventos que ocurran en los parqueaderos de propiedad o sobre los cuales se ejerza tenencia y/o control y/o custodia el asegurado, incluyendo daños y hurto de vehículos, motocicletas, bicicletas, patinetas o accesorios. Los vehículos de los funcionarios y contratistas se consideran terceros.
B42: COBERTURA DE PROPIEDADES ADYACENTES (CUANDO APLIQUE) | E42: La aseguradora debe contemplar la extensión de la cobertura de propiedades adyacentes para obras civiles terminadas que tenga el Asegurado a su cargo o por las que sea legal o contractualmente responsable.
B43: AMPARO AUTOMÁTICO PARA NUEVOS PREDIOS Y OPERACIONES Con termino de noventa (90) días. | E43: La aseguradora debe contemplar la extensión de la cobertura automática del seguro, en los mismos términos y limitaciones establecidos en esta póliza, para amparar la responsabilidad extracontractual por nuevas operaciones y/o el uso, posesión y demás actividades desarrolladas en nuevos predios que adquiera el asegurado o sobre los cuales obtenga el dominio o control. Esta condición dará derecho a la compañía al cobro de la prima proporcional, calculada a prorrata, con las tasas adjudicadas y correspondiente al periodo de amparo
B44: GASTOS ADICIONALES PARA CAUCIONES Y COSTAS PROCESALES. | E44: La presente póliza ampara los siguientes gastos razonables: a) El costo de cualquier clase de caución que el Asegurado tenga que prestar. El costo de cualquier clase de caución que el Asegurado tenga que prestar. La aseguradora no se obliga a constituir la caución, sin embargo si se obliga a cubrir el valor de la prima que esta genere. b) Intereses de mora en beneficio del tercero afectado.
B45: GASTOS ADICIONALES PARA HONORARIOS PROFESIONALES DE ABOGADOS, CONSULTORES, AUDITORES, INTERVENTORES, ETC. sublímite $ 20.000.000 evento y/o vigencia. | E45: No obstante lo que se diga en contrario en las condiciones generales y particulares de la póliza, la Compañía se obliga a indemnizar los honorarios razonables en que necesaria y razonablemente incurra el asegurado, por concepto de abogados, consultores, auditores, interventores, revisores, contadores, etc., para obtener y certificar: a.- los detalles extraídos de los libros de contabilidad y del negocio mismo del asegurado, y b.- cualesquiera otras informaciones, documentos y testimonios que sean pedidos por la compañía al asegurado según lo establecido en las condiciones generales y particulares de la póliza. La compañía reconocerá hasta el 100% de las gastos razonables demostrados por el asegurado.
B46: POLUCIÓN Y CONTAMINACIÓN ACCIDENTAL | E46: Se cubren los perjuicios derivados de la responsabilidad civil extracontractual en que pudiera incurrir el asegurado por daños a terceros, ocasionados por variaciones perjudiciales de aguas, atmósfera suelos, subsuelos o bien por ruido y habiéndose manifestado durante la vigencia de la póliza siempre y cuando sean a consecuencia directa de un acontecimiento que, desviándose de la marcha normal de la actividad objeto del seguro, ocurra durante la vigencia de la póliza, dentro de los inmuebles asegurados de forma repentina, accidental e imprevista. Se excluye la polución y contaminación paulatina.
... B52: RESPONSABILIDAD CIVIL POR DAÑOS A BIENES DE EMPLEADOS Y VISITANTES Sublímite $15.000.000 evento, $50.000.000 agregado vigencia. | E52: Excluyendo dineros y joyas. Para que la cobertura opere se requiere demostrar el ingreso del bien al inmueble a través del registro en portería o mediante cualquier otro medio idóneo.
B53: 3.6. | C53: CLÁUSULAS BÁSICAS
B54: REVOCACIÓN DE LA PÓLIZA, CLÁUSULAS O CONDICIONES Con termino de noventa y cinco (95) días. | E54: La aseguradora podrá revocar la póliza, cláusulas o condiciones unilateralmente por la compañía, mediante noticia escrita enviada al asegurado, a su última dirección registrada, con no menos de noventa y cinco (95) días de antelación; contados a partir de la fecha del envío. El asegurado podrá pedir la revocación en cualquier momento, según lo previsto en el Código de Comercio. Así mismo, en el caso de que la aseguradora decida no otorgar renovación o prórroga del contrato de seguro, deberá dar aviso de ello al asegurado con no menos de noventa y cinco (95) días de antelación a la fecha de vencimiento de la póliza, en caso contrario se dará por entendido que la aseguradora acepta la renovación o prorroga hasta el límite legal establecido en la Ley 80 de 1993, para la adición de los contratos y manteniendo las mismas condiciones ofertadas en este proceso.
B55: ERRORES, OMISIONES O INEXACTITUDES | E55: El tomador está obligado a declarar sinceramente los hechos y circunstancias que determinen el estado del riesgo. La inexactitud sobre hechos o circunstancias que, conocidas por la compañía, la hubieren retraído de celebrar el contrato o inducido a estipular condiciones más onerosas, produce la nulidad relativa del seguro. Sin embargo, si se incurriere en errores, omisiones e inexactitudes inculpables al tomador o al asegurado, el contrato no será nulo ni habrá lugar a la aplicación del inciso tercero del artículo 1058 del Código de Comercio sobre reducción porcentual de la prestación asegurada. En este caso se deberá pagar la prima adecuada al verdadero estado del riesgo.
B56: AMPLIACIÓN AVISO DEL SINIESTRO Con termino de noventa (90) días. | E56: Queda convenido y aceptado que el asegurado podrá dar aviso de la ocurrencia del siniestro en un término de noventa (90), siguientes a la fecha en que haya conocido o debido conocer la ocurrencia del mismo.
B57: DESIGNACIÓN O DENOMINACIÓN DE BIENES | E57: La aseguradora acepta el título, nombre, denominación o nomenclatura con que el asegurado identifica o describe los bienes asegurados en sus registros o libros de comercio o contabilidad. El alcance de éstas designación de bienes se amplía al objeto establecido en el Manual de Procedimientos Administrativos y Contables para el manejo y control de los bienes de la Entidad.
B58: CONOCIMIENTO DEL RIESGO | E58: La aseguradora acepta mediante la presente cláusula que la Entidad, le ha brindado la oportunidad para realizar la inspección de los bienes y riesgos a que están sujetos los mismos y el patrimonio del Asegurado, razón por la cual se deja constancia del conocimiento y aceptación de los hechos, circunstancias y, en general, condiciones de los mismos. La compañía se reserva el derecho de llevar a cabo la inspección cuantas veces lo juzgue pertinente.
B59: PAGO DE LA INDEMNIZACIÓN | E59: Queda expresamente acordado que la aseguradora acepta efectuar el pago de la indemnización, en dinero o mediante el giro al tercero afectado o podrá optar por girar a los contratistas y/o proveedores de servicios o suministro de éstos u otros similares con los cuales el tercero afectado, decida remplazar, reconstruir, reparar y/o reponer el bien o bienes objeto de indemnización por el perjuicio causado; y para este último caso la compañía efectuará el pago hasta el monto de su responsabilidad, precisando que en todo caso y por tratarse de una póliza de Responsabilidad Civil, la indemnización será reconocida a quien acredite la calidad de víctima.
B60: ANTICIPO DE INDEMNIZACIÓN DEL 75% Se califica en Condiciones Adicionales (Formato No. 3) el aumento del porcentaje ofrecido. | E60: Queda expresamente acordado que, a petición escrita de la Entidad, la aseguradora anticipará pagos parciales sobre el valor de cualquier reclamo, con base en el valor de la estimación preliminar de los perjuicios causados o la pérdida aceptada por el ajustador, para adelantar la reparación, reposición o remplazo de los perjuicios o las perdidas causadas. En el caso de que no haya nombramiento de ajustador, el anticipo se liquidará con base en la valoración de la cuantía de la pérdida amparada, acreditada por la entidad mediante cotización de la misma. Este anticipo también se extiende a cualquier tipo de gastos que se requiera para la operatividad de la póliza. En caso que el anticipo o suma de anticipos que la compañía adelante al asegurado llegare a exceder la suma total indemnizable a que tenga derecho, éste se compromete a devolver el exceso pagado. Para esta cláusula la aseguradora debe contemplar un plazo máximo para el pago del anticipo de diez (10) días hábiles contados a partir de la fecha de solicitud y formalización del mismo este y no se acepta el requerimiento de ningún requisito adicional para realizar el anticipo.
B61: MODIFICACIONES A FAVOR DEL ASEGURADO | E61: Los cambios o modificaciones a las condiciones de la presente póliza, serán acordados mutuamente entre la compañía y el asegurado. El certificado, documento o comunicaciones que se expidan para formalizarlos debe ser firmado, en señal de aceptación, por un representante legal del asegurado o funcionario autorizado, prevaleciendo sobre las condiciones de esta póliza. No obstante, si durante la vigencia de la póliza se presentan modificaciones en las condiciones del seguro, legalmente aprobadas que representen un beneficio a favor del asegurado, tales modificaciones se consideran automáticamente incorporadas. Siempre y cuando no causen cobro de prima adicional.
B62: NOMBRAMIENTO Y DESIGNACIÓN DE AJUSTADORES | E62: El nombramiento de ajustadores deberá efectuarse de común acuerdo entre la aseguradora y el asegurado, para lo cual la aseguradora presentará para cada reclamo una relación de tres (3) firmas ajustadoras. No obstante la anterior condición, el asegurador con su propuesta se obliga a presentar la lista de todos sus ajustadores y la Entidad se reserva el derecho de nombrar al ajustador que considere más adecuado o solicitar el cambio de los mismos en caso de que no fueren de su entera satisfacción, sin que para ello se requiera motivación alguna.
B63: VARIACIONES O MODIFICACIONES DEL RIESGO | E63: Queda entendido, convenido y aceptado que las notificaciones que sobre los hechos o circunstancias no previsibles que sobrevengan con posterioridad a la celebración del contrato de seguro y que, conforme al criterio consignado en el inciso 1° del artículo 1058 del código de comercio, signifiquen agravación del riesgo, se efectuarán por la Entidad dentro de los noventa (90) días siguientes a la fecha de modificación del riesgo.
B64: PROPIETARIOS, ARRENDATARIOS O POSEEDORES | E64: La cobertura de la presente póliza se extiende a cubrir todos los gastos que el asegurado por su responsabilidad le llegaren a imputar y que este esté legalmente obligado a pagar por cualquier ocurrencia de pérdida o perjuicio que surja en su calidad de arrendatario, arrendador o poseedor de cualquier inmueble, aun cuando éstos no se encuentren específicamente descritos en la póliza. Queda cubierta igualmente la responsabilidad civil extracontractual del asegurado en caso de reparaciones, modificaciones o construcciones de los mismos inmuebles; se cubre también la responsabilidad civil de la persona o personas encargadas por contrato de mantenimiento del inmueble y únicamente cuando se encuentren en ejercicio de las funciones que dicho contrato estipule.
A65: 2 | B65: RESTABLECIMIENTO AUTOMÁTICO DEL LÍMITE ASEGURADO POR PAGO DE SINIESTRO, HASTA UNA (1) VEZ EL LÍMITE CONTRATADO CON COBRO DE PRIMA A PRORRATA Se califica en Condiciones Adicionales (Formato No. 3) el número adicional del restablecimiento a ofrecer. | E65: Mediante la presente cláusula la aseguradora acepta expresamente, que en el caso de presentarse una pérdida amparada por la presente póliza, la cuantía de tal pérdida se considerará inmediatamente restablecida desde el momento de ocurrencia del siniestro. El restablecimiento ofrecido por esta condición dará derecho a la aseguradora al cobro de la prima, a prorrata, correspondiente al monto restablecido, desde la fecha de la pérdida hasta el vencimiento de la póliza, expedición de cuyo certificado de seguro realizará una vez efectuado el pago de la indemnización.
B66: NO APLICACIÓN DE GARANTÍAS | E66: Queda expresamente acordado y aceptado que la cobertura otorgada bajo la presente póliza no queda sujeta al cumplimiento de ningún tipo de garantía por parte de la entidad asegurada.
B67: GASTOS PARA LA DEMOSTRACIÓN DEL SINIESTRO | E67: Bajo este amparo se cubren los gastos razonables en que incurra el asegurado, para la demostración de la ocurrencia y cuantía del siniestro y serán indemnizados bajo esta póliza. Estos gastos deben ser previamente aprobados por la aseguradora y la Entidad se compromete para estos casos presentar previamente cotización de estos gastos (cuando se requiera), la aseguradora se reserva el derecho de poder cotizar con sus proveedores los servicios que demanden la aplicación de estos gastos. Hasta el 100% de los gastos demostrados.
B68: COSTAS E INTERESES DE MORA | E68: En adición a las indemnizaciones a que haya lugar, la compañía reembolsará al Asegurado los gastos que se generen con ocasión de: la Condena en costo e intereses de mora acumulados a cargo del Asegurado, desde cuando la sentencia se declare en firme hasta cuando la compañía haya reembolsado al Asegurado o consignado en nombre de éste en el juzgado, su participación en tales gastos.
B69: INDEMNIZACIÓN POR CLARA EVIDENCIA SIN QUE EXISTA PREVIO FALLO JUDICIAL | E69: Mediante este amparo (siempre y cuando se acredite la ocurrencia y cuantía del perjuicio), la aseguradora debe contemplar que en caso de siniestro indemnizará los daños y perjuicios causados por el asegurado a un tercero sin que exista previo fallo judicial, siempre y cuando las circunstancias en que ocurrió el evento den lugar a considerar la responsabilidad o culpa del asegurado.
B70: SELECCIÓN DE PROFESIONALES PARA LA DEFENSA | E70: La aseguradora debe contemplar que la selección de los profesionales encargados de la defensa corresponderá a la Entidad asegurada, o los funcionarios que ésta designe, quienes para su aprobación presentarán a la compañía la propuesta correspondiente, teniendo en cuenta que en todos los casos los profesionales del derecho deberán acreditar la debida idoneidad para asumir los procesos en los cuales se les postule para actuar como defensores. Toda propuesta en que los profesionales no acrediten la idoneidad será rechazada. La aseguradora, previo común acuerdo con la Entidad asegurada, podrá asumir la defensa de cualquier litigio o procedimiento legal a nombre del asegurado, a través de abogados elegidos por éste, para lo cual se deberá cumplir con el siguiente procedimiento:
E71: A. ETAPA PREJUDICIAL:
E72: El procedimiento prejudicial para el trámite de las reclamaciones presentado por la Entidad asegurada, ante la compañía Aseguradora, con el fin de evitar dilaciones en el proceso y suspensiones injustificadas de audiencias de conciliación, se desarrollara de la siguiente manera:
E73: a) Una vez ocurrido el siniestro, dentro de los 10 días calendarios siguientes al momento en que tuvo conocimiento de su ocurrencia, la Entidad asegurada, enviara el documento de convocatoria a la Aseguradora, haciéndolo llegar al correo electrónico del funcionario delegado para tal fin, quien para todos los efectos será el designado como el punto de contacto único y permanente entre la Entidad asegurada, y la compañía.
E74: Adicional al documento de convocatoria, la comunicación antes referida debe contener un pronunciamiento claro y debidamente fundamentado, por parte de la Entidad asegurada, frente a los hechos ocurridos. Este requisito será cumplido mediante el concepto previo de la oficina jurídica de la la Entidad asegurada, puesto que en este ya se ha evaluado a priori la responsabilidad, sin que sea viable la exigencia por parte de la aseguradora de alguna decisión del comité de la la Entidad asegurada.
E75: La Entidad asegurada, contara con ocho (8) días calendario para realizar la comunicación acá señalada, contados desde la fecha en que la Entidad haya tenido conocimiento de los hechos.
E76: b) Una vez recibida la información, la compañía Aseguradora estudiara el caso en el Comité de Defensa o de siniestros, según corresponda, a más tardar dentro de los siete (7) días calendario siguientes al recibo del documento de convocatoria, y, de ser pertinente, se aprobara el valor de una propuesta inicial, que debe constar por escrito y de la cual se dará traslado a la Entidad asegurada, en un término máximo de tres (3) días calendario contados desde la fecha que el Comité sesiono.
E77: La decisión tomada por el Comité debe estar debidamente motivada, especificando la justificación de la cifra propuesta y teniendo como base los parámetros establecidos por la jurisprudencia aplicable al caso, así como el proceso de análisis y valoración que llevo a la misma.
E78: c) En caso que la Entidad asegurada esté en desacuerdo con la decisión inicial del Comité de Defensa de la Aseguradora, podrá, dentro de los cinco (5) días calendario siguientes a la comunicación de la misma, manifestar tal inconformidad, mediante el mismo punto de contacto único, y solicitar la reconsideración del caso, argumentando de manera seria las razones por las cuales considera que no hubo una valoración adecuada.
E79: d) La solicitud de reconsideración será resuelta por parte de la compañía Aseguradora dentro de los siete (7) días calendarios siguientes a la fecha de su radicación. La decisión debe contener una propuesta final, la cual debe constar por escrito y estar debidamente motivada, ya sea argumentando de manera razonada la no modificación de la cifra o explicando la motivación y el proceso de análisis y valoración que llevo a la fijación de un nuevo valor.
E80: NOTA: Será la Entidad asegurada, la encargada de convocar a la Compañía Aseguradora a la audiencia de conciliación prejudicial, por lo que no será necesario, en ningún caso, que la Procuraduría u otro órgano respectivo adelante este trámite.
E81: B. ETAPA JUDICIAL:
E82: a) Se adelantará las etapas del proceso judicial con celeridad y evitando cualquier tipo de dilaciones.
... E84: c) La Aseguradora entiende y se compromete a interactuar con la Entidad asegurada, dentro del proceso judicial, como su garante, realizando una labor de apoyo encaminada a obtener una sentencia favorable.
A85: 3 | B85: COMPROMISO PARA EL PAGO DE LAS INDEMNIZACIONES Plazo de diez (10) días hábiles. Se califica en Condiciones Adicionales (Formato No. 3) la reducción del término para el pago de las indemnizaciones. | E85: Mediante esta condición la aseguradora se compromete al pago de la indemnización dentro del plazo establecido, una vez el asegurado demuestre ocurrencia y cuantía.
B86: NO CONCURRENCIA DE AMPAROS, CLÁUSULAS O CONDICIONES | E86: Queda entendido, convenido y aceptado, que si dos o más amparos, cláusulas o condiciones otorgan cobertura a un mismo evento, se indemnizará con base en aquella que ofrezca mayor protección para los intereses del asegurado. De igual manera prevalecerán los amparos, cláusulas o condiciones que otorguen coberturas sobre aquellos que las excluyan. En todo caso y ante cualquier discrepancia sobre cuál es el amparo, cláusula o condición aplicable a un caso determinado, se aplicara aquella o aquellas que en conjunto determine el asegurado de acuerdo a su conveniencia.
B87: CLÁUSULA DE JURISDICCION Y SOLUCION DE CONTROVERSIAS | E87: Toda y cualquier diferencia que surja entre las partes por la interpretación del presente contrato, su ejecución, cumplimiento, terminación o las consecuencias futuras del mismo, será dirimida bajo la jurisdicción y legislación de la República de Colombia. Las diferencias y controversias que surjan se solucionarán con sujeción a las siguientes instancias que se agotarán de forma sucesiva o a elección de las partes, así:
E88: a). Arreglo Directo: Las partes tratarán de resolver sus diferencias de forma directa y entre ellas mismas dentro del plazo de quince (15) días contados a partir de la notificación escrita en que cualquiera de ellas informe a la otra de un conflicto o controversia originado en el contrato. b). Conciliación: Agotado el plazo anterior sin que las partes lograsen un acuerdo por si mismas, acudirán a la asistencia de un conciliador legalmente autorizado que se designará y actuará según los parámetros establecidos por la Ley 446 de 1998 y el decreto 1818 del mismo año, la etapa de conciliación durará un mes (1) desde el momento en que las partes o cualquiera de ellas radique la solicitud de conciliación respectiva, en caso de lograrse la conciliación la misma producirá efectos de cosa juzgada entre las partes, en caso contrario agotará el requisito de procedibilidad para acudir a la jurisdicción ordinaria o arbitral según corresponda, de acuerdo con los literales c) y d) de la presente cláusula.
E89: c). Jurisdicción Ordinaria: Agotadas las instancias anteriores, si la cuantía de las pretensiones derivadas de la diferencia que surja entre las partes por la interpretación del presente contrato, su ejecución, cumplimiento, terminación o las consecuencias futuras del mismo, no excediere de 220 SMMLV las partes sujetarán su controversia a la decisión del juez de instancia que corresponda según la cuantía y competencia en arreglo a lo previsto por el código de procedimiento Civil. d). Jurisdicción Arbitral: Agotadas las instancias anteriores, si la cuantía de las pretensiones derivadas de la diferencia que surja entre las partes por la interpretación del presente contrato, su ejecución, cumplimiento, terminación o las consecuencias futuras del mismo, se llevará el conflicto a la decisión de un Tribunal de Arbitramento Institucional cuyo domicilio será la ciudad de Bogotá D.C., el Tribunal estará integrado por un (1) árbitro que será designado conjuntamente por las partes dentro de los quince (15) días hábiles siguientes al envío de la comunicación por correo certificado que una de ellas le haga llegar a la otra solicitando la conformación del Tribunal; en caso de desacuerdo o falta de respuesta de la parte requerida, la otra parte podrá solicitar la designación y conformación del Tribunal al centro de Arbitraje y Conciliación de la Cámara de Comercio de la ciudad de Bogotá D.C.. El Tribunal así conformado funcionará en la ciudad de Bogotá D.C. y el laudo deberá proferirse en derecho, sujetándose en un todo al Decreto 2279 de 1.989, la ley 23 de 1.991, a la Ley 446 de 1.998, sus decretos reglamentarios y demás normas que regulan esta figura judicial. Esta última sujeta a lo dispuesto en Directiva Presidencial 04 del 18 de mayo de 2018.
B90: LIQUIDACIÓN A PRORRATA EN CASO DE CANCELACIÓN DE LA PÓLIZA POR PARTE DEL ASEGURADO | E90: Bajo esta cláusula la aseguradora debe aceptar que en caso de cancelación de la póliza por parte del asegurado, la devolución de las primas respectivas se realizará a prorrata.
B91: CONDICIONES DE RENOVACIÓN Y/O PRORROGA DE LA PÓLIZA | E91: En caso de que el asegurado decida renovar y/o prorrogar la póliza, la aseguradora se obliga a mantener los términos contratados con las mismas tasas y condiciones de la póliza inicial, siempre y cuando la siniestralidad de la póliza no sea mayor al 70%, en el caso que la siniestralidad supere el 70% la aseguradora acordará con el asegurado las condiciones en que se otorgará las condiciones de renovación. La aseguradora se obliga a entregar en cualquiera de las situaciones de resultado de siniestralidad, las condiciones con una antelación de noventa (90) días antes del vencimiento de la póliza.
B92: CLÁUSULA DE NO ACEPTACIÓN DE COASEGURO | E92: En el evento en el que el contrato de seguro sea celebrado a través de una figura asociativa, la misma se celebrará bajo alguna de las modalidades previstas en el artículo 7º del Estatuto General de Contratación de la Administración Pública – EGCP (Unión temporal, consorcio, entre otros). Adicionalmente, no serán aceptados los contratos de seguros estructurados por dos o más Compañías de seguros, en calidad de coaseguradores, y toda disposición que se realice con esta referencia (coaseguro), se entenderá por no escrita.
B93: CLÁUSULA DE CONOCIMIENTO POR LOS MIEMBROS DE LA FIGURA ASOCIATIVA | E93: Esta cláusula será aplicada cuando se presente la asociación de dos o más Aseguradoras, sin importar la figura utilizada para tal fin. Las Compañías de Seguros que actúan como integrantes de cualquier figura asociativa (consorcio, unión temporal, etc.) dentro del presente contrato de seguro, conocen y aceptan: i) las condiciones generales y particulares de la póliza, ii) Cualquier anexo y/o certificado que sobre la póliza inicial emita la Compañía líder de la figura asociativa. En igual sentido, declaran que cualquier reclamación, notificación, requerimiento o comunicación formulada por el asegurado o por un tercero a la compañía líder, se entiende automáticamente formulada a los demás integrantes de la figura asociativa establecida para tal fin.
B94: CLÁUSULA IDENTIFICACIÓN DE LA FIGURA ASOCIATIVA EN LA PÓLIZA | E94: En el evento que el contrato se seguro sea celebrado a través alguna figura asociativa (consorcio, unión temporal, etc.) compuesta por dos o más compañías de seguros, en virtud del artículo 1047 del Código de Comercio, en la póliza deberá incorporarse: (i) el nombre del contratista (razón social de la figura asociativa establecida en su documento de conformación) y (ii) la razón social, número de identificación y porcentajes de participación de cada una de las aseguradoras integrantes de la figura asociativa.
B95: CLÁUSULA DE CONDICIONES PARTICULARES | E95: Queda expresamente acordado y convenido, que la aseguradora acepta las condiciones obligatorias (mínimas técnicas) establecidas en este anexo, en los términos señalados en el mismo, por lo tanto, en caso de existir discrepancia ente los ofrecimientos contenidos en la propuesta técnica básica, frente a los textos de los ejemplares de las pólizas, a las condiciones generales, certificados, anexos o cualquier otro documento; prevalecerá la información y condiciones básicas técnicas establecidas de este anexo, de igual forma en caso de encontrarse contradicción en alguna condición prevalecerá la de mayor beneficio para el asegurado.
B96: DETERMINACIÓN DE CONDICIONES Y REQUISITOS PARA EL PAGO DE INDEMNIZACIONES | E96: La aseguradora manifiesta expresamente que acepta los requisitos y documentos contenidos en el Anexo No.7: Requisitos para el pago de las indemnizaciones, como únicos para la atención y pago de reclamaciones por siniestros. A futuro no podrá exigir documentos o trámites adicionales.
B97: 3.7. | C97: EXCLUSIÓN DE ENFERMEDADES TRANSMISIBLES O CONTAGIOSAS
B98: Este seguro no cubre cualquier reclamo de ninguna manera causado por o como resultado de: a) Enfermedad por coronavirus (COVID-19) b) Coronavirus 2 del síndrome respiratorio agudo severo (SARS-CoV-2) c) Cualquier mutación o variación de SARS-CoV-2; d) Cualquier otra enfermedad transmisible, epidemia o pandemia e) Cualquier temor o amenaza de a), b), c) ó d) anteriores f) La interrupción de negocios y/o pérdidas financieras sufridas por la Entidad al no poder desarrollar la actividad para la cual fue creada como consecuencia de a), b), c), d) y e) anteriores.
B99: “OFAC: El Asegurador no será responsable de proporcionar cobertura o hacer algún pago si el realizarlo pudiera ser considerado como una violación de alguna de las leyes o regulaciones de Sanciones Económicas, que expondría al Asegurador, su casa matriz o su entidad controladora a una sanción estipulada bajo estas leyes o regulaciones
B100: 3.8. | C100: COBERTURAS, AMPAROS Y BIENES SIN APLICACIÓN DE DEDUCIBLES EN FORMA OBLIGATORIA
B101: La Entidad, requiere oferta de cobertura SIN APLICACIÓN DE DEDUCIBLE, para los bienes y/o amparos y/o eventos, señalados a continuación y por lo tanto el proponente con la firma del FORMATO No. 2 - CARTA DE ACEPTACIÓN DE LAS CONDICIONES OBLIGATORIAS (MÍNIMAS TÉCNICAS), admite estas condiciones.
B102: • Gastos Médicos sin aplicación de deducibe.
B103: Teniendo en cuenta que esta póliza no contempla deducibles por tanto este factor no será objeto de evaluación, razón por la cual el puntaje de esta aspecto será sumado al puntaje establecido para la evaluación del factor económico de MAYOR VIGENCIA
B104: 3.9. | C104: COMISIÓN MÍNIMA ACEPTABLE.
B105: En virtud de lo expuesto en el artículo 1341 del Código de Comercio el Corredor tendrá derecho a la comisión de intermediación, la cual será pagada por la Compañía de Seguros. La comisión mínima no deberá ser inferior al 15,0% el valor de la prima neta antes de IVA que es la actualmente contratada y no involucra en ningún aspecto a la Entidad. Se aclara que este comisión no es limitante para la aceptación de las condiciones técnicas básicas obligatorias del presente anexo, ya que no no constituye un aspecto técnico de la póliza a contratar.
B106: By: Tiger | G106: =+'1. COND. BÁSICAS TRDM'!G212 -> VERSIÓN:ENE 2025

Sheet 4. COND. BÁSICAS TRANSP. VAL.
B3: =+'3. COND. BÁSICAS RCE'!B3:G3 -> MUNICIPIO DE CHÍA
B4:  Anexo No.1: Condiciones técnicas básicas obligatorias
B5: GRUPO No. 1
B7: 4. PÓLIZA DE TRANSPORTE DE VALORES
B8: 4.1. | C8: INFORMACIÓN GENERAL
B9: TOMADOR: | C9: =+'3. COND. BÁSICAS RCE'!C9:E9 -> MUNICIPIO DE CHÍA | F9: NIT. | G9: =+'1. COND. BÁSICAS TRDM'!G9 -> 899.999.172-8
B10: ASEGURADO: | C10: =+C9 -> MUNICIPIO DE CHÍA | F10: NIT. | G10: =+G9 -> 899.999.172-8
B11: BENEFICIARIO: | C11: =+C9 -> MUNICIPIO DE CHÍA | F11: NIT. | G11: =+G9 -> 899.999.172-8
B12: 4.2. | C12: OBJETO DEL SEGURO
B13: Amparar las pérdidas y los daños materiales causados como consecuencia de los eventos que constituyen los amparos mencionados, por el transporte de dineros en efectivo, títulos valores, cheques, y cualquier otro documento de propiedad del asegurado que pueda ser convertido fácilmente en dinero en efectivo, incluyendo las movilizaciones de dinero en efectivo realizadas por los los funcionarios en comisión y delegados del manejo de las cajas menoresy demás títulos valores, por los cuales el MUNICIPIO DE CHÍA sea o deba ser legalmente responsable.
B14: 4.3. | C14: LÍMITE ASEGURADO POR DESPACHO
B15: Límite: | F15: 30000000
B16: 4.3.1. | C16: Presupuesto anual de movilización | F16: 150000000
B17: 4.3.2. | C17: Trayectos asegurados:
B18: Movilizaciones entre dependencias del asegurado y/o hasta, bancos o corporaciones, casas de cambio o entidades con las cuales que tengan interés con las transacciones de la Entidad asegurada y viceversa.
B19: 4.3.3. | C19: Medios de Transporte y alcance de la cobertura
B20: Por mensajero particular, terrestre, aéreo, marítimo, fluvial y/o férreo, y cualquier otro que el asegurado deba utilizar para el transporte de los bienes objeto de este seguro, aclarando que la póliza cubre todo tipo de medio de movilización sin excepción y sin restricción de horarios para la movilización De igual forma la aseguradora acepta como medio de transporte cuando se realice en vehículos propios, de funcionarios o contratistas de la Entidad o de terceros.
B21: 4.4. | C21: SISTEMA DE COBRO DE PRIMA
B22: La aseguradora acepta como sistema de cobro un único anual (o con base en las vigencias contratadas y con pago por vigencia fiscal) sobre el valor del presupuesto anual indicado sin reportes y sin ajuste al final de la vigencia. Procedimiento para reporte de movilizaciones: Se ampara cualquier despacho hasta el límite asegurado sin que se requiera suministro de relaciones periodicas de despachos y efectuando el cobro de una prima única por toda la vigencia de la póliza. Por tanto, la aseguradora no dará aplicación a la cláusula de falta de avisos o aplicaciones a la presente póliza, manteniendo de esta forma la cobertura durante la vigencia estipulada en la carátula de la póliza.
B23: NOTA: | C23: CADA SUBLÍMITE O GASTOS INDICADOS ESTAN CONTEMPLADOS DENTRO DEL LÍMITE ASEGURADO.
B24: 4.5. | C24: BASE PARA LA DETERMINACIÓN Y APLICACIÓN DEL CONCEPTO SUBLÍMITE / EVENTO - AGREGADO VIGENCIA
B25: Para la totalidad de Coberturas y/o condiciones básicas sublímitadas, queda expresamente aceptado por parte de los proponentes que, en concordancia con la vigencia de la póliza que se adjudique, cada Sublímite operará así:
B26: - Si la vigencia es inferior a doce (12) meses: (Sublímite indicado) Evento /Agregado vigencia.
B27: En caso de discrepancia en alguna cobertura o cláusula básicas con relación al concepto de aplicación del sublímite / vigencia / agregado anual, frente a la vigencia ofertada, prevalece el establecido en este numeral con relación al plazo de la condición ofertada.
B28: 4.6. | C28: AMPAROS BÁSICOS
B29: DAÑO MATERIAL DE LOS VALORES TRANSPORTADOS (CUANDO APLIQUE) | E29: La aseguradora se compromete a indemnizar al asegurado la pérdida o daño material que sufran los valores asegurados como consecuencia de incendio y/o rayo, cualquier evento de la naturaleza, caída a abismos o colisión o desbarrancamiento o volcamiento o fallas mecánicas imprevistas del medio de transporte, inundaciones, combustión espontánea, explosión, caída de aeronaves u otros objetos que se desprendan de ella u otros objetos aéreos.
B30: HURTO CALIFICADO | E30: La aseguradora se compromete a indemnizar al asegurado la pérdida o daño material que sufran los valores asegurados como consecuencia de hurto calificado (de acuerdo con su definición legal), suministro de sustancias a los transportadores de los valores que provoquen doblegación de la voluntad, apoderamiento forzoso del medio de transporte.
B31: HURTO SIMPLE | E31: La aseguradora se compromete a indemnizar al asegurado la pérdida o daño material que sufran los valores asegurados como consecuencia de hurto simple (de acuerdo con su definición legal).
B32: GASTOS ADICIONALES | E32: La aseguradora se compromete a pagar al asegurado los gastos razonables y debidamente justificados en que incurra el asegurado para evitar la extensión y propagación del siniestro o para el manejo del salvamento de los valores asegurados
B33: HUELGA - INCLUIDO ACTOS MAL INTENCIONADOS DE TERCEROS, HUELGA, ASONADA, SUSPENSIÓN DE HECHO DE LABORES, SUSPENSIÓN DE TRABAJO POR CIERRE PATRONAL, DISTURBIOS DE TRABAJO, MOTINES, CONMOCIONES CIVILES, ACTOS SUBVERSIVOS, TERRORISMO Y APODERAMIENTO O DESVÍO DE NAVES O AERONAVES. | E33: La aseguradora se compromete a indemnizar hasta el límite del valor asegurado los daños materiales o pérdidas que sufran los valores asegurados como consecuencia de actos mal intencionados de terceros, huelga, asonada, suspensión de hecho de labores, suspensión de trabajo por cierre patronal, disturbios de trabajo, motines, conmociones civiles, actos subversivos, terrorismo y apoderamiento o desvío de naves o aeronaves.
B34: PERMANENCIA EN LUGARES INICIALES, INTERMEDIOS O FINALES, DENTRO O FUERA DE CAJA FUERTE | E34: La aseguradora se compromete a indemnizar hasta el límite del valor, las pérdidas que sufran los valores asegurados por la permanencia en lugares iniciales, intermedios o finales y que ésten dentro o fuera de caja fuerte.
B35: MOVILIZACIONES EN TRAYECTOS MÚLTIPLES | E35: La aseguradora acepta expresamente que otorga cobertura para los dineros y valores que sean transportados por el asegurado en trayectos múltiples, entiendase por estos cuando el mensajero o personal que realiza la movilización de los bienes objeto de este seguro deba movilizarse o desplazarse por varios trayectos con los valores amparados bajo la presente póliza, sin importar los lugares que deba recorrer en el territorio colombiano o fuera de este.
B36: ACTOS DE AUTORIDAD | E36: La póliza se extiende a cubrir los daños o pérdidas materiales de los bienes asegurados, causados directamente por la acción de la autoridad legalmente constituida, ejercida con el fin de disminuir o aminorar las consecuencias de cualquiera de los riesgos amparados. Se excluye el embargo y la confiscación de bienes.
B37: 4.7. | C37: CLÁUSULAS BÁSICAS
B38: REVOCACIÓN DE LA PÓLIZA, CLÁUSULAS O CONDICIONES. Con Termino de Noventa (90) días y para AMIT, AMCCOPH, Terrorismo y Sabotaje diez (10) días. | E38: La aseguradora podrá revocar la póliza, cláusulas o condiciones unilateralmente por la compañía, mediante noticia escrita enviada al asegurado, a su última dirección registrada, con no menos de noventa (90) días y para AMIT Y AMCCOPH diez (10) días, de antelación; contados a partir de la fecha del envío. El asegurado podra pedir la revocación en cualquier momento, según lo previsto en el Código de Comercio. Así mismo, en el caso de que la aseguradora decida no otorgar renovación o prorroga del contrato de seguro, excepto para AMIT, AMCCOPH, Terrorismo y Sabotaje, deberá dar aviso de ello al asegurado con no menos de noventa (90) días de antelación a la fecha de vencimiento de la póliza, en caso contrario se dará por entendido que la aseguradora acepta la renovación o prorroga hasta el límite legal establecido en la Ley 80 de 1993, para la adición de los contratos y manteniendo las mismas condiciones ofertadas en este proceso de aseguradoras.
B39: ERRORES, OMISIONES O INEXACTITUDES | E39: El tomador está obligado a declarar sinceramente los hechos y circunstancias que determinen el estado del riesgo. La inexactitud sobre hechos o circunstancias que, conocidas por la compañía, la hubieren retraído de celebrar el contrato o inducido a estipular condiciones más onerosas, produce la nulidad relativa del seguro. Sin embargo, si se incurriere en errores, omisiones e inexactitudes inculpables al tomador o al asegurado, el contrato no será nulo ni habrá lugar a la aplicación del inciso tercero del artículo 1058 del Código de Comercio sobre reducción porcentual de la prestación asegurada. En este caso se deberá pagar la prima adecuada al verdadero estado del riesgo.
B40: AMPLIACIÓN AVISO DEL SINIESTRO Con termino de noventa (90) días. | E40: Queda convenido y aceptado que el asegurado podrá dar aviso de la ocurrencia del siniestro en un término de noventa (90), siguientes a la fecha en que haya conocido o debido conocer la ocurrencia del mismo.
B41: CONOCIMIENTO DEL RIESGO | E41: La aseguradora acepta mediante la presente cláusula que la Entidad, le ha brindado la oportunidad para realizar la inspección de los bienes y riesgos a que están sujetos los mismos y el patrimonio del Asegurado, razón por la cual se deja constancia del conocimiento y aceptación de los hechos, circunstancias y, en general, condiciones de los mismos. La compañía se reserva el derecho de llevar a cabo la inspección cuantas veces lo juzgue pertinente.
B42: ANTICIPO DE INDEMNIZACIÓN DEL 50% Se califica en Condiciones Adicionales (Formato No. 3) el aumento del porcentaje ofrecido. | E42: Queda expresamente acordado que, a petición escrita de la Entidad, la aseguradora anticipará pagos parciales sobre el valor de cualquier reclamo, con base en el valor de la estimación preliminar de la pérdida aceptada por el ajustador, para adelantar la reparación, reposición o remplazo de los bienes asegurados. En el caso de que no haya nombramiento de ajustador, el anticipo se liquidará con base en la valoración de la cuantía de la pérdida amparada, acreditada por la entidad mediante cotización de la misma. Este anticipo también se extiende a cualquier tipo de gastos que se requiera para la operatividad de la póliza. En caso que el anticipo o suma de anticipos que la compañía adelante al asegurado llegare a exceder la suma total indemnizable a que tenga derecho, éste se compromete a devolver el exceso pagado. Para esta cláusula la aseguradora debe contemplar un plazo máximo para el pago del anticipo de diez (10) días hábiles contados a partir de la fecha de solicitud y formalización del mismo este y no se acepta el requerimiento de ningún requisito adicional para realizar el anticipo.
B43: MODIFICACIONES A FAVOR DEL ASEGURADO | E43: Los cambios o modificaciones a las condiciones de la presente póliza, serán acordados mutuamente entre la compañía y el asegurado. El certificado, documento o comunicaciones que se expidan para formalizarlos debe ser firmado, en señal de aceptación, por un representante legal del asegurado o funcionario autorizado, prevaleciendo sobre las condiciones de esta póliza. No obstante, si durante la vigencia de la póliza se presentan modificaciones en las condiciones del seguro, legalmente aprobadas que representen un beneficio a favor del asegurado, tales modificaciones se consideran automáticamente incorporadas. Siempre y cuando no causen cobro de prima adicional.
B44: NOMBRAMIENTO Y DESIGNACIÓN DE AJUSTADORES | E44: El nombramiento de ajustadores deberá efectuarse de común acuerdo entre la aseguradora y el asegurado, para lo cual la aseguradora presentará para cada reclamo una relación de cinco (5) firmas ajustadoras. No obstante la anterior condición, el asegurador con su propuesta se obliga a presentar la lista de todos sus ajustadores y la Entidad se reserva el derecho de nombrar al ajustador que considere más adecuado o solicitar el cambio de los mismos en caso de que no fueren de su entera satisfacción, sin que para ello se requiera motivación alguna.
B45: VARIACIONES DEL RIESGO | E45: Queda entendido, convenido y aceptado que las notificaciones que sobre los hechos o circunstancias no previsibles que sobrevengan con posterioridad a la celebración del contrato de seguro y que, conforme al criterio consignado en el inciso 1° del artículo 1058 del código de comercio, signifiquen agravación del riesgo, se efectuarán por la Entidad dentro de los noventa (90) días siguientes a la fecha de modificación del riesgo.
B46: NO CONCURRENCIA DE AMPAROS, CLÁUSULAS O CONDICIONES | E46: Queda entendido, convenido y aceptado, que si dos o más amparos, cláusulas o condiciones otorgan cobertura a un mismo evento, se indemnizará con base en aquella que ofrezca mayor protección para los intereses del asegurado. De igual manera prevalecerán los amparos, cláusulas o condiciones que otorguen coberturas sobre aquellos que las excluyan. En todo caso y ante cualquier discrepancia sobre cuál es el amparo, cláusula o condición aplicable a un caso determinado, se aplicara aquella o aquellas que en conjunto determine el asegurado de acuerdo a su conveniencia.
B47: NO APLICACIÓN DE GARANTÍAS | E47: Queda expresamente acordado y aceptado que la cobertura otorgada bajo la presente póliza no queda sujeta al cumplimiento de ningún tipo de garantía por parte de la entidad asegurada.
B48: PAGO DE LA INDEMNIZACIÓN | E48: Queda expresamente acordado que la aseguradora acepta efectuar el pago de la indemnización, en dinero o mediante el giro a los contratistas y/o proveedores de servicios o suministro de éstos u otros similares con los cuales la Entidad, decida remplazar, reconstruir, reparar y/o reponer el bien o bienes afectados; y para este último caso la compañía efectuará el pago hasta el monto de su responsabilidad, a petición escrita de la Entidad Asegurada. De todas formas queda convenido que la entidad asegurada se reserva el derecho de determinar si el giro de la indemnización se realiza en dinero o giro a los contratistas y la aseguradora acepta esta condición. Se precisa que en caso que se realice el giro en dinero, la aseguradora no puede descontar de este el impuesto al valor agregado.
B49: COMPROMISO PARA EL PAGO DE LAS INDEMNIZACIONES Plazo de diez (10) días hábiles. Se califica en Condiciones Adicionales (Formato No. 3) la reducción del término para el pago de las indemnizaciones. | E49: Bajo esta condición la aseguradora se compromete al pago de la indemnización dentro del plazo establecido, una vez el asegurado demuestre ocurrencia y cuantía.
... B62: CLÁUSULA DE JURISDICCION Y SOLUCION DE CONTROVERSIAS | E62: Toda y cualquier diferencia que surja entre las partes por la interpretación del presente contrato, su ejecución, cumplimiento, terminación o las consecuencias futuras del mismo, será dirimida bajo la jurisdicción y legislación de la República de Colombia. Las diferencias y controversias que surjan se solucionarán con sujeción a las siguientes instancias que se agotarán de forma sucesiva o a elección de las partes, así:
E63: a). Arreglo Directo: Las partes tratarán de resolver sus diferencias de forma directa y entre ellas mismas dentro del plazo de quince (15) días contados a partir de la notificación escrita en que cualquiera de ellas informe a la otra de un conflicto o controversia orIginado en el contrato. b). Conciliación: Agotado el plazo anterior sin que las partes lograsen un acuerdo por si mismas, acudirán a la asistencia de un conciliador legalmente autorizado que se designará y actuará según los parámetros establecidos por la Ley 446 de 1998 y el decreto 1818 del mismo año, la etapa de conciliación durará un mes (1) desde el momento en que las partes o cualquiera de ellas radique la solicitud de conciliación respectiva, en caso de lograrse la conciliación la misma producirá efectos de cosa juzgada entre las partes, en caso contrario agotará el requisito de procedibilidad para acudir a la jurisdicción ordinaria o arbitral según corresponda, de acuerdo con los literales c) y d) de la presente cláusula.
E64: c). Jurisdicción Ordinaria: Agotadas las instancias anteriores, si la cuantía de las pretensiones derivadas de la diferencia que surja entre las partes por la interpretación del presente contrato, su ejecución, cumplimiento, terminación o las consecuencias futuras del mismo, no excediere de 220 SMMLV las partes sujetarán su controversia a la decisión del juez de instancia que corresponda según la cuantía y competencia en arreglo a lo previsto por el código de procedimiento Civil. d). Jurisdicción Arbitral: Agotadas las instancias anteriores, si la cuantía de las pretensiones derivadas de la diferencia que surja entre las partes por la interpretación del presente contrato, su ejecución, cumplimiento, terminación o las consecuencias futuras del mismo, se llevará el conflicto a la decisión de un Tribunal de Arbitramento Institucional cuyo domicilio será la ciudad de Bogotá D.C., el Tribunal estará integrado por un (1) árbitro que será designado conjuntamente por las partes dentro de los quince (15) días hábiles siguientes al envío de la comunicación por correo certificado que una de ellas le haga llegar a la otra solicitando la conformación del Tribunal; en caso de desacuerdo o falta de respuesta de la parte requerida, la otra parte podrá solicitar la designación y conformación del Tribunal al centro de Arbitraje y Conciliación de la Cámara de Comercio de la ciudad de Bogotá D.C.. El Tribunal así conformado funcionará en la ciudad de Bogotá D.C. y el laudo deberá proferirse en derecho, sujetándose en un todo al Decreto 2279 de 1.989, la ley 23 de 1.991, a la Ley 446 de 1.998, sus decretos reglamentarios y demás normas que regulan esta figura judicial. Esta última sujeta a lo dispuesto en Directiva Presidencial 04 del 18 de mayo de 2018.
B65: LIQUIDACIÓN A PRORRATA EN CASO DE CANCELACIÓN DE LA PÓLIZA POR PARTE DEL ASEGURADO | E65: Bajo esta cláusula la aseguradora debe aceptar que en caso de cancelación de la póliza por parte del asegurado, la devolución de las primas respectivas se realizará a prorrata.
B66: CONDICIONES DE RENOVACIÓN Y/O PRORROGA DE LA PÓLIZA | E66: En caso de que el asegurado decida renovar y/o prorrogar la póliza, la aseguradora se obliga a mantener los términos contratados con las mismas tasas y condiciones de la póliza inicial, siempre y cuando la siniestralidad de la póliza no sea mayor al 60%, en el caso que la siniestralidad supere el 60% la aseguradora acordará con el asegurado las condiciones en que se otorgará las condiciones de renovación. La aseguradora se obliga a entregar en cualquiera de las situaciones de resultado de siniestralidad, las condiciones con una antelación de noventa (90) días antes del vencimiento de la póliza.
B67: CLÁUSULA DE NO ACEPTACIÓN DE COASEGURO | E67: En el evento en el que el contrato de seguro sea celebrado a través de una figura asociativa, la misma se celebrará bajo alguna de las modalidades previstas en el artículo 7º del Estatuto General de Contratación de la Administración Pública – EGCP (Unión temporal, consorcio, entre otros). Adicionalmente, no serán aceptados los contratos de seguros estructurados por dos o más Compañías de seguros, en calidad de coaseguradores, y toda disposición que se realice con esta referencia (coaseguro), se entenderá por no escrita.
B68: CLÁUSULA DE CONOCIMIENTO POR LOS MIEMBROS DE LA FIGURA ASOCIATIVA | E68: Esta cláusula será aplicada cuando se presente la asociación de dos o más Aseguradoras, sin importar la figura utilizada para tal fin. Las Compañías de Seguros que actúan como integrantes de cualquier figura asociativa (consorcio, unión temporal, etc.) dentro del presente contrato de seguro, conocen y aceptan: i) las condiciones generales y particulares de la póliza, ii) Cualquier anexo y/o certificado que sobre la póliza inicial emita la Compañía líder de la figura asociativa. En igual sentido, declaran que cualquier reclamación, notificación, requerimiento o comunicación formulada por el asegurado o por un tercero a la compañía líder, se entiende automáticamente formulada a los demás integrantes de la figura asociativa establecida para tal fin.
B69: CLÁUSULA IDENTIFICACIÓN DE LA FIGURA ASOCIATIVA EN LA PÓLIZA | E69: En el evento que el contrato se seguro sea celebrado a través alguna figura asociativa (consorcio, unión temporal, etc.) compuesta por dos o más compañías de seguros, en virtud del artículo 1047 del Código de Comercio, en la póliza deberá incorporarse: (i) el nombre del contratista (razón social de la figura asociativa establecida en su documento de conformación) y (ii) la razón social, número de identificación y porcentajes de participación de cada una de las aseguradoras integrantes de la figura asociativa.
B70: CLÁUSULA DE CONDICIONES PARTICULARES | E70: Queda expresamente acordado y convenido, que la aseguradora acepta las condiciones obilgatorias (mínimas técnicas) establecidas en este anexo, en los términos señalados en el mismo, por lo tanto, en caso de existir discrepancia ente los ofrecimientos contenidos en la propuesta técnica básica, frente a los textos de los ejemplares de las pólizas, a las condiciones generales, certificados, anexos o cualquier otro documento; prevalecerá la información y condiciones básicas técnicas establecidas de este anexo, de igual forma en caso de encontrarse contradicción en alguna condición prevalecerá la de mayor beneficio para el asegurado.
B71: DETERMINACIÓN DE CONDICIONES Y REQUISITOS PARA EL PAGO DE INDEMNIZACIONES | E71: La aseguradora manifiesta expresamente que acepta los requisitos y documentos contenidos en el Anexo No.7: Requisitos para el pago de las indemnizaciones, como únicos para la atención y pago de reclamaciones por siniestros. A futuro no podrá exigir documentos o trámites adicionales.
B72: 4.8. | C72: EXCLUSIÓNES
B73: 4.8.1. EXCLUSIÓN ABSOLUTA DE ENFERMEDADES INFECCIOSAS O CONTAGIOSAS: Sin perjuicio de cualquier otra disposición en contrario, se aclara que este seguro no cubre ninguna reclamación, pérdida, responsabilidad, costo o gasto de cualquier naturaleza que surja directa o indirectamente de, contribuya o resulte de enfermedades, epidemias o pandemias, tales como el Coronavirus (COVID-19), enfermedad respiratoria aguda grave síndrome coronavirus 2 (SARS-CoV-2), o cualquier mutación o variación de los mismos. Esta exclusión también aplica a cualquier reclamo, pérdida, costo o gasto de cualquier naturaleza que surja directa o indirectamente de, en contribución a, o resultante de: 1) Cualquier temor o amenaza que surja en respuesta a una enfermedad infecciosa real o potencial; o 2) Cualquier acción tomada para controlar, prevenir, suprimir o de cualquier manera relacionada con cualquier brote de enfermedades infecciosas tales como coronavirus (COVID-19), coronavirus 2 por síndrome respiratorio agudo severo (SARS-CoV-2), cualquier mutación o variación de los mismos, o de cualquier otra enfermedad, epidemia o pandemia.
B74: 4.8.2. EXCLUSIÓN CLAUSULA DE LIMITACIÓN DE SANCIONES: ningún asegurador ofrecerá cobertura ni será responsable por el pago de reclamos o proporcionará beneficios que deriven del presente contrato si la provisión de dicha cobertura, pago de dicho reclamo o provisión de dicho beneficio expusiera al asegurador a cualquier sanción, prohibición o restricción de acuerdo con las resoluciones de las Naciones Unidas o de las sanciones comerciales o económicas, leyes o regulaciones de la Unión Europea, Reino Unido, Francia, o Estados Unidos de América”. • Por medio de la presente cláusula, se aclara expresamente que quedan excluidos de cobertura aquellos los despachos o embarques con origen o destino en los siguientes países o regiones, puertos o aeropuertos ubicados en Crimea, incluido Sebastopol, Cuba, Irán, Siria, Corea del Norte, Bielorrusia, República Democrática del Congo, Somalia, Sudán del Sur, Sudán, Zimbabwe, Rusia, Ucrania.
B75: 4.9. | C75: COBERTURAS, AMPAROS Y BIENES SIN APLICACIÓN DE DEDUCIBLES EN FORMA OBLIGATORIA
B76: La Entidad, requiere oferta de cobertura SIN APLICACIÓN DE DEDUCIBLE, para los bienes y/o amparos y/o eventos, señalados a continuación y por lo tanto el proponente con la firma del FORMATO No. 2 - CARTA DE ACEPTACIÓN DE LAS CONDICIONES OBLIGATORIAS (MÍNIMAS TÉCNICAS), admite estas condiciones.
B77: Teniendo en cuenta que esta póliza no contempla deducibles por tanto este factor no será objeto de evaluación, razón por la cual el puntaje de esta aspecto será sumado al puntaje establecido para la evaluación del factor económico de MAYOR VIGENCIA
B78: 4.11. | C78: COMISIÓN MÍNIMA ACEPTABLE.
B79: En virtud de lo expuesto en el artículo 1341 del Código de Comercio el Corredor tendrá derecho a la comisión de intermediación, la cual será pagada por la Compañía de Seguros. La comisión mínima no deberá ser inferior al 15,0% el valor de la prima neta antes de IVA que es la actualmente contratada y no involucra en ningún aspecto a la Entidad. Se aclara que este comisión no es limitante para la aceptación de las condiciones técnicas básicas obligatorias del presente anexo, ya que no no constituye un aspecto técnico de la póliza a contratar.
B80: By: Tiger | G80: =+'1. COND. BÁSICAS TRDM'!G212 -> VERSIÓN:ENE 2025

Sheet 5. COND. BÁSICAS TRANSP. MCIAS.
B3: =+'4. COND. BÁSICAS TRANSP. VAL.'!B3:G3 -> MUNICIPIO DE CHÍA
B4:  Anexo No.1: Condiciones técnicas básicas obligatorias
B5: GRUPO No. 1
B7: 5. PÓLIZA DE TRANSPORTE DE MERCANCÍAS
B8: 5.1. | C8: INFORMACIÓN GENERAL
B9: TOMADOR: | C9: =+'4. COND. BÁSICAS TRANSP. VAL.'!$C$9:$E$9 -> MUNICIPIO DE CHÍA | F9: NIT. | G9: =+'1. COND. BÁSICAS TRDM'!G9 -> 899.999.172-8
B10: ASEGURADO: | C10: =+C9 -> MUNICIPIO DE CHÍA | F10: NIT. | G10: =+G9 -> 899.999.172-8
B11: BENEFICIARIO: | C11: =+C9 -> MUNICIPIO DE CHÍA | F11: NIT. | G11: =+G10 -> 899.999.172-8
B12: 5.2 | C12: OBJETO DEL SEGURO
B13: Amparar las pérdidas y los daños materiales causados como consecuencia de los eventos que constituyen los amparos mencionados, en el transporte de cualquier tipo de mercancías nuevas y usadas incluida maquinaría, por cualquier medio de transporte, de los bienes de su propiedad, bajo tenencia, responsabilidad y/o control; propios del giro normal de las actividades del MUNICIPIO DE CHÍA.
B14: 5.3. | C14: LÍMITE ASEGURADO POR DESPACHO | F14: 105000000
B15: 5.3.1. | C15: Presupuesto anual de movilización | F15: 600000000
B16: 5.4. | C16: TRAYECTOS ASEGURADOS
B17: Importaciones, Exportaciones y Reexportaciones: Desde cualquier lugar del mundo, hasta su destino final en Colombia y viceversa, bodega a bodega. Despachos Nacionales: Desde y hasta cualquier ciudad en el territorio nacional. Despachos Urbanos: Desde cualquier parte de la ciudad hasta su destino final en la misma.
B18: 5.4.1. | C18: Medios de Transporte y alcance de la cobertura
B19: Cualquier vehículo propio, de terceros o de firma especializada, ya sea terrestre, ferreo, aéreo, charter, marítimo y fluvial (incluso para las maritimas y fluviales que no se encuentren clasificadas por las autoridades competentes), y cualquier otro que el asegurado deba utilizar para el transporte de los bienes objeto de este seguro, aclarando que la póliza cubre todo tipo de medio de movilización sin excepción y sin restricción de horarios para la movilización, incluido los bienes transportados en vehículos arrendados, de funcionarios o contratistas de la entidad o de terceros.
B20: 5.5. | C20: DEFINICIÓN DE MERCANCÍAS
B21: Los bienes que dentro de su actividad el asegurado movilice en el territorio Colombiano por cualquier medio de transporte, entre otra papelería, equipos de oficina, mercancías y materias primas, maquinaria repuestos y demás bienes propios de la actividad del asegurado (entre ellos vacunas y medicamentos). Los bienes o mercancías aseguradas son aquellos que no sean transportados bajo los contratos de transporte que proveen aseguramiento en las condiciones de contratación suscrito por EL MUNICIPIO DE CHIA con algunos proveedores de este servicio.
B22: 5.6. | C22: SISTEMA DE COBRO DE PRIMA
B23: La aseguradora acepta como sistema de cobro un único anual (o con base en las vigencias contratadas y con pago por vigencia fiscal) sobre el valor del presupuesto anual indicado sin reportes y sin ajuste al final de la vigencia. Procedimiento para reporte de movilizaciones: Se ampara cualquier despacho hasta el límite asegurado sin que se requiera suministro de relaciones periodicas de despachos y efectuando el cobro de una prima única por toda la vigencia de la póliza. Por tanto, la aseguradora no dará aplicación a la cláusula de falta de avisos o aplicaciones a la presente póliza, manteniendo de esta forma la cobertura durante la vigencia estipulada en la carátula de la póliza.
B24: NOTA: | C24: CADA SUBLÍMITE O GASTOS INDICADOS ESTAN CONTEMPLADOS DENTRO DEL LÍMITE ASEGURADO.
B25: 5.7. | C25: BASE PARA LA DETERMINACIÓN Y APLICACIÓN DEL CONCEPTO SUBLÍMITE / EVENTO - AGREGADO VIGENCIA
B26: Para la totalidad de Coberturas y/o condiciones básicas sublímitadas, queda expresamente aceptado por parte de los proponentes que, en concordancia con la vigencia de la póliza que se adjudique, cada Sublímite operará así:
B27: - Si la vigencia es inferior a doce (12) meses: (Sublímite indicado) Evento /Agregado vigencia.
B28: En caso de discrepancia en alguna cobertura o cláusula básicas con relación al concepto de aplicación del sublímite / vigencia / agregado anual, frente a la vigencia ofertada, prevalece el establecido en este numeral con relación al plazo de la condición ofertada.
B29: 5.8. | C29: AMPAROS BÁSICOS
B30: COBERTURA COMPLETA, INCLUYENDO:
B31: PÉRDIDA TOTAL Y/O DAÑOS MATERIALES | E31: La aseguradora se compromete a indemnizar la pérdida o daño material de los bienes producida por cualquier riesgo no expresamente excluido, siempre que se produzca con ocasión de su transporte, incluidas las operaciones de cargue, trasiego, trasbordo, descargue o desenvasado y permanencias. Así mismo, esta cobertura incluye los amparos de incendio y/o rayo, vientos fuertes, caída a abismos, hundimiento, colisión, volcamiento, inundaciones, fallas mecánicas imprevistas, combustión espontánea, desbarrancamiento, explosión, derrames accidentales imprevistos y repentinos, caídas accidentales de mercancías, caída de aeronaves u otros objetos que se desprendan de ella u otros objetos aéreos, encallamiento, guerra internacional, maremoto, tsunami, mar de leva, marea alta, iceberg, tempestades, huracanes, vientos fuertes en general, nevadas, ciclón, granizo, deslizamiento de tierra, avalanchas, fallas geológicas, terremoto, temblor y/o erupción volcánica, asentamientos, inconsistencias del suelo o cualquier otra convulsión de la naturaleza, colisión por culpa concurrente y aquellos estipulados en la carátula de la póliza y/o sus condiciones particulares.
B32: FALTA DE ENTREGA | E32: Esta cobertura incluye los amparos de hurto calificado, asonada, motín, conmoción civil o popular, y huelga, actos malintencionados de terceros incluidos actos de piratería y terrorismo, guerra internacional, guerra civil, rebelión, insurrección, acto hostil de un poder beligerante o contra dicho poder, aprehensión, minas, torpedos, bombas u otros artefactos de guerra abandonado y aquellos estipulados en la carátula de la póliza y/o sus condiciones particulares.
B33: AVERÍA PARTICULAR | E33: La aseguradora se compromete a indemnizar los daños ocurridos a la mercancía como consecuencia de descargue forzoso, avería sin accidente del medio de transporte, en general daños por la movilización de los bienes y aquellos estipulados en la carátula de la póliza y/o sus condiciones particulares.
B34: SAQUEO | E34: La aseguradora se compromete a indemnizar las pérdidas de la mercancía ocasionadas por el extravio o el hurto de las mercancías transportadas.
B35: HUELGA ( ASONADA, MOTIN, CONMOCIÓN CIVIL O POPULAR, ACTOS MAL INTENCIONADOS DE TERCEROS, INCLUIDOS ACTOS TERRORISTAS Y DE MOVIMIENTOS SUBVERSIVOS) | E35: La aseguradora se compromete a indemnizar las pérdidas de la mercancías como consecuncia de la Huelga y definida como la Asonada, motín, conmoción civil o popular, actos mal intencionados de terceros, inlcuidos los actos terroristas y de movimientos subversivos.
B36: OPERACIONES DE CARGUE Y DESCARGUE | E36: La aseguradora se compromete a indemnizar las pérdidas de la mercancía ocasionadas en el cargue o descargu de las mismas.
B37: ACTOS DE AUTORIDAD | E37: La póliza se extiende a cubrir los daños o pérdidas materiales de los bienes asegurados, causados directamente por la acción de la autoridad legalmente constituida, ejercida con el fin de disminuir o aminorar las consecuencias de cualquiera de los riesgos amparados. Se excluye el embargo y la confiscación de bienes.
B38: 5.9. | C38: CLÁUSULAS BÁSICAS
B39: REVOCACIÓN DE LA PÓLIZA, CLÁUSULAS O CONDICIONES. Con Termino de Noventa (90) días y para AMIT, AMCCOPH, Terrorismo y Sabotaje diez (10) días. | E39: La aseguradora podrá revocar la póliza, cláusulas o condiciones unilateralmente por la compañía, mediante noticia escrita enviada al asegurado, a su última dirección registrada, con no menos de noventa (90) días y para AMIT Y AMCCOPH diez (10) días, de antelación; contados a partir de la fecha del envío. El asegurado podra pedir la revocación en cualquier momento, según lo previsto en el Código de Comercio. Así mismo, en el caso de que la aseguradora decida no otorgar renovación o prorroga del contrato de seguro, excepto para AMIT, AMCCOPH, Terrorismo y Sabotaje, deberá dar aviso de ello al asegurado con no menos de noventa (90) días de antelación a la fecha de vencimiento de la póliza, en caso contrario se dará por entendido que la aseguradora acepta la renovación o prorroga hasta el límite legal establecido en la Ley 80 de 1993, para la adición de los contratos y manteniendo las mismas condiciones ofertadas en este proceso de aseguradoras.
B40: ERRORES, OMISIONES O INEXACTITUDES | E40: El tomador está obligado a declarar sinceramente los hechos y circunstancias que determinen el estado del riesgo. La inexactitud sobre hechos o circunstancias que, conocidas por la compañía, la hubieren retraído de celebrar el contrato o inducido a estipular condiciones más onerosas, produce la nulidad relativa del seguro. Sin embargo, si se incurriere en errores, omisiones e inexactitudes inculpables al tomador o al asegurado, el contrato no será nulo ni habrá lugar a la aplicación del inciso tercero del artículo 1058 del Código de Comercio sobre reducción porcentual de la prestación asegurada. En este caso se deberá pagar la prima adecuada al verdadero estado del riesgo.
B41: AMPLIACIÓN AVISO DEL SINIESTRO Con termino de noventa (90) días. | E41: Queda convenido y aceptado que el asegurado podrá dar aviso de la ocurrencia del siniestro en un término de noventa (90), siguientes a la fecha en que haya conocido o debido conocer la ocurrencia del mismo.
B42: DESIGNACIÓN O DENOMINACIÓN DE BIENES | E42: La aseguradora acepta el título, nombre, denominación o nomenclatura con que el asegurado identifica o describe los bienes asegurados en sus registros o libros de comercio o contabilidad.
B43: CONOCIMIENTO DEL RIESGO | E43: La aseguradora acepta mediante la presente cláusula que la Entidad, le ha brindado la oportunidad para realizar la inspección de los bienes y riesgos a que están sujetos los mismos y el patrimonio del Asegurado, razón por la cual se deja constancia del conocimiento y aceptación de los hechos, circunstancias y, en general, condiciones de los mismos. La compañía se reserva el derecho de llevar a cabo la inspección cuantas veces lo juzgue pertinente.
B44: ANTICIPO DE INDEMNIZACIÓN DEL 50% Se califica en Condiciones Adicionales (Formato No. 3) el aumento del porcentaje ofrecido. | E44: Queda expresamente acordado que, a petición escrita de la Entidad, la aseguradora anticipará pagos parciales sobre el valor de cualquier reclamo, con base en el valor de la estimación preliminar de la pérdida aceptada por el ajustador, para adelantar la reparación, reposición o remplazo de los bienes asegurados. En el caso de que no haya nombramiento de ajustador, el anticipo se liquidará con base en la valoración de la cuantía de la pérdida amparada, acreditada por la entidad mediante cotización de la misma. Este anticipo también se extiende a cualquier tipo de gastos que se requiera para la operatividad de la póliza. En caso que el anticipo o suma de anticipos que la compañía adelante al asegurado llegare a exceder la suma total indemnizable a que tenga derecho, éste se compromete a devolver el exceso pagado. Para esta cláusula la aseguradora debe contemplar un plazo máximo para el pago del anticipo de diez (10) días hábiles contados a partir de la fecha de solicitud y formalización del mismo este y no se acepta el requerimiento de ningún requisito adicional para realizar el anticipo.
B45: MODIFICACIONES A FAVOR DEL ASEGURADO | E45: Los cambios o modificaciones a las condiciones de la presente póliza, serán acordados mutuamente entre la compañía y el asegurado. El certificado, documento o comunicaciones que se expidan para formalizarlos debe ser firmado, en señal de aceptación, por un representante legal del asegurado o funcionario autorizado, prevaleciendo sobre las condiciones de esta póliza. No obstante, si durante la vigencia de la póliza se presentan modificaciones en las condiciones del seguro, legalmente aprobadas que representen un beneficio a favor del asegurado, tales modificaciones se consideran automáticamente incorporadas. Siempre y cuando no causen cobro de prima adicional.
B46: NOMBRAMIENTO Y DESIGNACIÓN DE AJUSTADORES | E46: El nombramiento de ajustadores deberá efectuarse de común acuerdo entre la aseguradora y el asegurado, para lo cual la aseguradora presentará para cada reclamo una relación de cinco (5) firmas ajustadoras. No obstante la anterior condición, el asegurador con su propuesta se obliga a presentar la lista de todos sus ajustadores y la Entidad se reserva el derecho de nombrar al ajustador que considere más adecuado o solicitar el cambio de los mismos en caso de que no fueren de su entera satisfacción, sin que para ello se requiera motivación alguna.
B47: VARIACIONES DEL RIESGO | E47: Queda entendido, convenido y aceptado que las notificaciones que sobre los hechos o circunstancias no previsibles que sobrevengan con posterioridad a la celebración del contrato de seguro y que, conforme al criterio consignado en el inciso 1° del artículo 1058 del código de comercio, signifiquen agravación del riesgo, se efectuarán por la Entidad dentro de los noventa (90) días siguientes a la fecha de modificación del riesgo.
B48: NO CONCURRENCIA DE AMPAROS, CLÁUSULAS O CONDICIONES | E48: Queda entendido, convenido y aceptado, que si dos o más amparos, cláusulas o condiciones otorgan cobertura a un mismo evento, se indemnizará con base en aquella que ofrezca mayor protección para los intereses del asegurado. De igual manera prevalecerán los amparos, cláusulas o condiciones que otorguen coberturas sobre aquellos que las excluyan. En todo caso y ante cualquier discrepancia sobre cuál es el amparo, cláusula o condición aplicable a un caso determinado, se aplicara aquella o aquellas que en conjunto determine el asegurado de acuerdo a su conveniencia.
B49: NO APLICACIÓN DE GARANTÍAS | E49: Queda expresamente acordado y aceptado que la cobertura otorgada bajo la presente póliza no queda sujeta al cumplimiento de ningún tipo de garantía por parte de la entidad asegurada.
B50: EMBALAJE DE MERCANCÍAS | E50: Queda entendido, convenido y aceptado que con la introducción de esta cláusula dentro de la póliza, la Compañía de Seguros ampara la pérdida o daño material que sufran los bienes transportados, sin exigir por parte del asegurado o del transportador un embalaje especial o determinado, motivo por el cual se elimina la garantía que al respecto señalan las condiciones generales de la póliza.
... B74: CLÁUSULA DE JURISDICCION Y SOLUCION DE CONTROVERSIAS | E74: Toda y cualquier diferencia que surja entre las partes por la interpretación del presente contrato, su ejecución, cumplimiento, terminación o las consecuencias futuras del mismo, será dirimida bajo la jurisdicción y legislación de la República de Colombia. Las diferencias y controversias que surjan se solucionarán con sujeción a las siguientes instancias que se agotarán de forma sucesiva o a elección de las partes, así:
E75: a). Arreglo Directo: Las partes tratarán de resolver sus diferencias de forma directa y entre ellas mismas dentro del plazo de quince (15) días contados a partir de la notificación escrita en que cualquiera de ellas informe a la otra de un conflicto o controversia orIginado en el contrato. b). Conciliación: Agotado el plazo anterior sin que las partes lograsen un acuerdo por si mismas, acudirán a la asistencia de un conciliador legalmente autorizado que se designará y actuará según los parámetros establecidos por la Ley 446 de 1998 y el decreto 1818 del mismo año, la etapa de conciliación durará un mes (1) desde el momento en que las partes o cualquiera de ellas radique la solicitud de conciliación respectiva, en caso de lograrse la conciliación la misma producirá efectos de cosa juzgada entre las partes, en caso contrario agotará el requisito de procedibilidad para acudir a la jurisdicción ordinaria o arbitral según corresponda, de acuerdo con los literales c) y d) de la presente cláusula.
E76: c). Jurisdicción Ordinaria: Agotadas las instancias anteriores, si la cuantía de las pretensiones derivadas de la diferencia que surja entre las partes por la interpretación del presente contrato, su ejecución, cumplimiento, terminación o las consecuencias futuras del mismo, no excediere de 220 SMMLV las partes sujetarán su controversia a la decisión del juez de instancia que corresponda según la cuantía y competencia en arreglo a lo previsto por el código de procedimiento Civil. d). Jurisdicción Arbitral: Agotadas las instancias anteriores, si la cuantía de las pretensiones derivadas de la diferencia que surja entre las partes por la interpretación del presente contrato, su ejecución, cumplimiento, terminación o las consecuencias futuras del mismo, se llevará el conflicto a la decisión de un Tribunal de Arbitramento Institucional cuyo domicilio será la ciudad de Bogotá D.C., el Tribunal estará integrado por un (1) árbitro que será designado conjuntamente por las partes dentro de los quince (15) días hábiles siguientes al envío de la comunicación por correo certificado que una de ellas le haga llegar a la otra solicitando la conformación del Tribunal; en caso de desacuerdo o falta de respuesta de la parte requerida, la otra parte podrá solicitar la designación y conformación del Tribunal al centro de Arbitraje y Conciliación de la Cámara de Comercio de la ciudad de Bogotá D.C.. El Tribunal así conformado funcionará en la ciudad de Bogotá D.C. y el laudo deberá proferirse en derecho, sujetándose en un todo al Decreto 2279 de 1.989, la ley 23 de 1.991, a la Ley 446 de 1.998, sus decretos reglamentarios y demás normas que regulan esta figura judicial. Esta última sujeta a lo dispuesto en Directiva Presidencial 04 del 18 de mayo de 2018.
B77: LIQUIDACIÓN A PRORRATA EN CASO DE CANCELACIÓN DE LA PÓLIZA POR PARTE DEL ASEGURADO | E77: Bajo esta cláusula la aseguradora debe aceptar que en caso de cancelación de la póliza por parte del asegurado, la devolución de las primas respectivas se realizará a prorrata.
B78: CONDICIONES DE RENOVACIÓN Y/O PRORROGA DE LA PÓLIZA | E78: En caso de que el asegurado decida renovar y/o prorrogar la póliza, la aseguradora se obliga a mantener los términos contratados con las mismas tasas y condiciones de la póliza inicial, siempre y cuando la siniestralidad de la póliza no sea mayor al 70%, en el caso que la siniestralidad supere el 70% la aseguradora acordará con el asegurado las condiciones en que se otorgará las condiciones de renovación. La aseguradora se obliga a entregar en cualquiera de las situaciones de resultado de siniestralidad, las condiciones con una antelación de noventa (90) días antes del vencimiento de la póliza.
B79: CLÁUSULA DE NO ACEPTACIÓN DE COASEGURO | E79: En el evento en el que el contrato de seguro sea celebrado a través de una figura asociativa, la misma se celebrará bajo alguna de las modalidades previstas en el artículo 7º del Estatuto General de Contratación de la Administración Pública – EGCP (Unión temporal, consorcio, entre otros). Adicionalmente, no serán aceptados los contratos de seguros estructurados por dos o más Compañías de seguros, en calidad de coaseguradores, y toda disposición que se realice con esta referencia (coaseguro), se entenderá por no escrita.
B80: CLÁUSULA DE CONOCIMIENTO POR LOS MIEMBROS DE LA FIGURA ASOCIATIVA | E80: Esta cláusula será aplicada cuando se presente la asociación de dos o más Aseguradoras, sin importar la figura utilizada para tal fin. Las Compañías de Seguros que actúan como integrantes de cualquier figura asociativa (consorcio, unión temporal, etc.) dentro del presente contrato de seguro, conocen y aceptan: i) las condiciones generales y particulares de la póliza, ii) Cualquier anexo y/o certificado que sobre la póliza inicial emita la Compañía líder de la figura asociativa. En igual sentido, declaran que cualquier reclamación, notificación, requerimiento o comunicación formulada por el asegurado o por un tercero a la compañía líder, se entiende automáticamente formulada a los demás integrantes de la figura asociativa establecida para tal fin.
B81: CLÁUSULA IDENTIFICACIÓN DE LA FIGURA ASOCIATIVA EN LA PÓLIZA | E81: En el evento que el contrato se seguro sea celebrado a través alguna figura asociativa (consorcio, unión temporal, etc.) compuesta por dos o más compañías de seguros, en virtud del artículo 1047 del Código de Comercio, en la póliza deberá incorporarse: (i) el nombre del contratista (razón social de la figura asociativa establecida en su documento de conformación) y (ii) la razón social, número de identificación y porcentajes de participación de cada una de las aseguradoras integrantes de la figura asociativa.
B82: CLÁUSULA DE CONDICIONES PARTICULARES | E82: Queda expresamente acordado y convenido, que la aseguradora acepta las condiciones obligatorias (mínimas técnicas) establecidas en este anexo, en los términos señalados en el mismo, por lo tanto, en caso de existir discrepancia ente los ofrecimientos contenidos en la propuesta técnica básica, frente a los textos de los ejemplares de las pólizas, a las condiciones generales, certificados, anexos o cualquier otro documento; prevalecerá la información y condiciones básicas técnicas establecidas de este anexo, de igual forma en caso de encontrarse contradicción en alguna condición prevalecerá la de mayor beneficio para el asegurado.
B83: DETERMINACIÓN DE CONDICIONES Y REQUISITOS PARA EL PAGO DE INDEMNIZACIONES | E83: La aseguradora manifiesta expresamente que acepta los requisitos y documentos contenidos en el Anexo No.7: Requisitos para el pago de las indemnizaciones, como únicos para la atención y pago de reclamaciones por siniestros. A futuro no podrá exigir documentos o trámites adicionales.
B84: 5.10. | C84: EXCLUSIÓNES
B85: 5.10.1. EXCLUSIÓN ABSOLUTA DE ENFERMEDADES INFECCIOSAS O CONTAGIOSAS: Sin perjuicio de cualquier otra disposición en contrario, se aclara que este seguro no cubre ninguna reclamación, pérdida, responsabilidad, costo o gasto de cualquier naturaleza que surja directa o indirectamente de, contribuya o resulte de enfermedades, epidemias o pandemias, tales como el Coronavirus (COVID-19), enfermedad respiratoria aguda grave síndrome coronavirus 2 (SARS-CoV-2), o cualquier mutación o variación de los mismos. Esta exclusión también aplica a cualquier reclamo, pérdida, costo o gasto de cualquier naturaleza que surja directa o indirectamente de, en contribución a, o resultante de: 1) Cualquier temor o amenaza que surja en respuesta a una enfermedad infecciosa real o potencial; o 2) Cualquier acción tomada para controlar, prevenir, suprimir o de cualquier manera relacionada con cualquier brote de enfermedades infecciosas tales como coronavirus (COVID-19), coronavirus 2 por síndrome respiratorio agudo severo (SARS-CoV-2), cualquier mutación o variación de los mismos, o de cualquier otra enfermedad, epidemia o pandemia.
B86: 5.10.2. EXCLUSIÓN CLÁUSULA DE LIMITACIÓN DE SANCIONES: ningún asegurador ofrecerá cobertura ni será responsable por el pago de reclamos o proporcionará beneficios que deriven del presente contrato si la provisión de dicha cobertura, pago de dicho reclamo o provisión de dicho beneficio expusiera al asegurador a cualquier sanción, prohibición o restricción de acuerdo con las resoluciones de las Naciones Unidas o de las sanciones comerciales o económicas, leyes o regulaciones de la Unión Europea, Reino Unido, Francia, o Estados Unidos de América”. • Por medio de la presente cláusula, se aclara expresamente que quedan excluidos de cobertura aquellos los despachos o embarques con origen o destino en los siguientes países o regiones, puertos o aeropuertos ubicados en Crimea, incluido Sebastopol, Cuba, Irán, Siria, Corea del Norte, Bielorrusia, República Democrática del Congo, Somalia, Sudán del Sur, Sudán, Zimbabwe, Rusia, Ucrania.
B87: 5.11. | C87: COBERTURAS, AMPAROS Y BIENES SIN APLICACIÓN DE DEDUCIBLES EN FORMA OBLIGATORIA
B88: La Entidad, requiere oferta de cobertura SIN APLICACIÓN DE DEDUCIBLE, para los bienes y/o amparos y/o eventos, señalados a continuación y por lo tanto el proponente con la firma del FORMATO No. 2 - CARTA DE ACEPTACIÓN DE LAS CONDICIONES OBLIGATORIAS (MÍNIMAS TÉCNICAS), admite estas condiciones.
B89: Teniendo en cuenta que esta póliza no contempla deducibles por tanto este factor no será objeto de evaluación, razón por la cual el puntaje de esta aspecto será sumado al puntaje establecido para la evaluación del factor económico de MAYOR VIGENCIA
B90: 5.12. | C90: COMISIÓN MÍNIMA ACEPTABLE.
B91: En virtud de lo expuesto en el artículo 1341 del Código de Comercio el Corredor tendrá derecho a la comisión de intermediación, la cual será pagada por la Compañía de Seguros. La comisión mínima no deberá ser inferior al 15,0% el valor de la prima neta antes de IVA que es la actualmente contratada y no involucra en ningún aspecto a la Entidad. Se aclara que este comisión no es limitante para la aceptación de las condiciones técnicas básicas obligatorias del presente anexo, ya que no no constituye un aspecto técnico de la póliza a contratar.
B92: By: Tiger | G92: =+'1. COND. BÁSICAS TRDM'!G212 -> VERSIÓN:ENE 2025

Sheet 6. COND. BÁSICAS AUTOMÓVILES
B4: MUNICIPIO DE CHÍA
B5:  Anexo No.1: Condiciones técnicas básicas obligatorias
B6: GRUPO No. 1
B8: 6. PÓLIZA DE AUTOMÓVILES
B9: 6.1. | C9: INFORMACIÓN GENERAL
B10: TOMADOR: | C10: =+B4 -> MUNICIPIO DE CHÍA | F10: NIT. | G10: =+'1. COND. BÁSICAS TRDM'!G10 -> 899.999.172-8
B11: ASEGURADO: | C11: =+C10 -> MUNICIPIO DE CHÍA | F11: NIT. | G11: =G10 -> 899.999.172-8
B12: BENEFICIARIO: | C12: MUNICIPIO DE CHÍA / RCE LOS TERCEROS AFECTADOS | F12: NIT.
B13: 6.2 | C13: OBJETO DEL SEGURO
B14: Amparar a la Entidad por los perjuicios que cause patrimonial (daños materiales incluyendo daño emergente y lucro cesante) y extrapatrimonialmnte (incluidos el daño moral, daño fisiológico y daño a la vida en relación), al igual que los daños a bienes o lesiones o muerte a terceros. De igual forma se amparan los daños y/o pérdidas que afecten a los vehículos de su propiedad, bajo tenencia, control o por los que sea legalmente responsable o incluidos aquellos recibidos por parte de otras entidades para el desarrollo misional de la Entidad.
B15: 6.3. | C15: PARQUE AUTOMOTOR ASEGURADO
B16: Corresponde al parque automotor relacionado en el ESTUDIO DE MERCADO, incluyendo sus accesorios, blindajes y todos los equipos especiales de los vehículos. La aseguradora acepta que los accesorios se indemnizan a valor de reposición.
B17: NOTA: | C17: CADA SUBLÍMITE O GASTOS INDICADOS ESTAN CONTEMPLADOS DENTRO DEL LÍMITE ASEGURADO.
B18: 6.4. | C18: BASE PARA LA DETERMINACIÓN Y APLICACIÓN DEL CONCEPTO SUBLÍMITE / EVENTO - AGREGADO VIGENCIA
B19: Para la totalidad de Coberturas y/o condiciones básicas sublímitadas, queda expresamente aceptado por parte de los proponentes que, en concordancia con la vigencia de la póliza que se adjudique, cada Sublímite operará así:
B20: - Si la vigencia es inferior a doce (12) meses: (Sublímite indicado) Evento /Agregado vigencia.
B21: En caso de discrepancia en alguna cobertura o cláusula básicas con relación al concepto de aplicación del sublímite / vigencia / agregado anual, frente a la vigencia ofertada, prevalece el establecido en este numeral con relación al plazo de la condición ofertada.
B22: 6.5. | C22: AMPAROS BÁSICOS
B23: RESPONSABILIDAD CIVIL EXTRACONTRACTUAL Se califica en Condiciones Adicionales (Formato No. 3) el aumento del límite ofrecido. | E23: Se amparan los perjuicios patrimoniales y extrapatrimoniales, causados a terceros derivados de la responsabilidad civil extracontractual que de acuerdo con la ley incurra el asegurado al conducir el vehículo o cualquier otra persona que conduzca dicho vehículo con su autorización, proveniente de un accidente o serie de accidentes de tránsito emanados de un solo acontecimiento ocasionado por un vehículo asegurado, incluida la culpa grave del asegurado. Bajo este amparo se indemnizan los perjuicios patrimoniales, entiéndase daño emergente (es el coste de la reparación necesaria del daño causado y a los gastos en los que se ha incurrido con ocasión del perjuicio), el lucro cesante (es un tipo de daño patrimonial de perjuicio económico y se configura como la ganancia dejada de obtener o la pérdida de ingresos, como consecuencia directa e inmediata de un hecho lesivo), el daño a la vida de relación (se define como la imposibilidad de la persona afectada de poder realizar las mismas actividades que hacía antes de un siniestro por sí misma y en consecuencia el estilo de vida de la persona cambia afectando su relación con el entorno y las demás personas que la rodean). En concordancia con el artículo 97 del Código Penal, se estipula que el daño derivado de la conducta punible el juez podrá señalar como indemnización, una suma equivalente, en moneda nacional, hasta mil (1000) salarios mínimos legales mensuales.
E24: Límites de Responsabilidad Civil Extracontractual | F24: LÍMITE OBLIGATORIO POR EVENTO Se califica en Condiciones Adicionale el aumento de los siguientes límites
E25: Daños a Bienes de Terceros | F25: 1000000000
E26: Muerte o Lesiones a una persona | F26: 1000000000
E27: Muerte o Lesiones a dos o más Personas | F27: =F26*2 -> 2000000000
E28: Ó límite único combinado de: | F28: =F27+F26 -> 3000000000
E29: Nota: Se precisa que la aseguradora debe indicar claramente el esquema ofertado, si es con rangos o bajo un límite unico combinado, en caso de no especificarlo se entenderá que es por rangos.
B30: PÉRDIDA TOTAL POR DAÑOS (Incluidos actos terroristas y riesgos asegurados por pólizas contratadas por el Gobierno Nacional o Entidades de cualquier orden). | E30: Se amparan los daños materiales sufridos por el vehículo asegurado como consecuencia de un accidente o de actos malintencionados de terceros en el que el costo de los repuestos, la mano de obra necesaria para las reparaciones y su impuesto a las ventas, tengan un valor igual o superior al 75% del valor comercial del vehículo al momento del accidente.
B31: PÉRDIDA PARCIAL POR DAÑOS (Incluidos actos terroristas y riesgos asegurados por pólizas contratadas por el Gobierno Nacional o Entidades de cualquier orden). | E31: Se amparan los daños materiales sufridos por el vehículo asegurado como consecuencia de un accidente o de actos malintencionados de terceros en el que el costo de los repuestos, la mano de obra necesaria para las reparaciones y su impuesto a las ventas, tengan un valor inferior al 75% del valor comercial del vehículo al momento de la ocurrencia del hecho. Se cubren, además, bajo este amparo, los daños a los equipos de audio, de calefacción u otros accesorios o equipos no necesarios para el funcionamiento normal del vehículo.
B32: PÉRDIDA TOTAL POR HURTO (Incluidos actos terroristas y riesgos asegurados por pólizas contratadas por el Gobierno Nacional o Entidades de cualquier orden). | E32: Se ampara la pérdida total y permanente del vehículo asegurado por causa de cualquier modalidad de hurto en los términos del código penal colombiano.
B33: PÉRDIDA PARCIAL POR HURTO (Incluidos actos terroristas y riesgos asegurados por pólizas contratadas por el Gobierno Nacional o Entidades de cualquier orden). | E33: Se ampara la pérdida parcial de las partes del vehículo asegurado por causa de cualquier modalidad de hurto en los términos del código penal colombiano.
B34: ACTOS MAL INTENCIONADOS DE TERCEROS ASONADA, MOTÍN, CONMOCIÓN CIVIL O POPULAR Y HUELGA (INCLUIDO TERRORISMO Y SABOTAJE) | E34: Se amparan las pérdidas o daños producidos al vehículo asegurado como consecuencia de AMIT (Actos Mal Intencionados de Terceros), terrorismo, huelgas, amotinamientos, conmociones civiles, actos de grupos subversivos o al margen de la ley, incluidos actos terroristas y riesgos asegurados por pólizas contratadas por el Gobierno Nacional o Entidades de cualquier orden, así como las pérdidas ocurridas a consecuencia de estos eventos o las ocurridas después de un accidente
B35: TERREMOTO, TEMBLOR Y/O ERUPCIÓN VOLCÁNICA Y DEMÁS EVENTOS DE LA NATURALEZA | E35: Se amparan los daños y pérdidas sufridas por el vehículo asegurado causados por temblor, terremoto erupción volcánica, maremotos, caída de piedras, inundación, vientos fuertes, lluvias, huracán, granizo, nevadas, tornado y ciclón, y cualquier otro evento de la naturaleza.
B36: 6.6. | C36: AMPAROS ADICIONALES
B37: NO APLICACIÓN DE DEDUCIBLES | E37: La aseguradora acepta que esta ópera póliza sin aplicación de deducible alguno.
B38: AMPARO DE PROTECCIÓN PATRIMONIAL | E38: Este amparo cubre los daños sufridos por el vehículo asegurado y los perjuicios que se causen con motivo de determinada Responsabilidad Civil Extracontractual en que incurra de acuerdo con la Ley, proveniente de un accidente de tránsito ocasionados por el vehículo asegurado cunado el asegurado o el conductor autorizado desatienda las señales reglamentarias de tránsito, no acate la seña roja de los semáforos, conduzca a una velocidad que exceda la permitida, o cuando el conductor se encuentre bajo el efecto de bebidas embriagantes, drogas tóxicas, heroicas o alucinógenas.
B39: ASISTENCIA EN VIAJE Para automóviles, vehículos, camionetas excluyendo motos y la carga vehiculos pesados sin limitante alguno a los trayectos permitidos por evento. | E39: Queda expresamente convenido y aceptado, que bajo esta cobertura la aseguradora se compromete a prestar la asistencia en viajes para los vehículos asegurados (excluye motos y la carga vehiculso pesados) y para tal efecto, se obliga a suministrar con la póliza el procedimiento bajo el cual se atenderá el servicio, el cual debe cumplir el requisito de atención inmediata veinticuatro (24) horas diarias continuas en vigencia de la póliza. Así mismo queda acordado que la aseguradora reconocerá la totalidad de los costos que se generen por este servicio y que en los casos en que no se llegue a prestar el servicio en forma inmediata, la asistencia será contratada por la Entidad y a su vez la compañía aseguradora responderá por los costos de ésta. El servicio de Asistencia en Viaje debe aplicar para amparar el transporte de todos los ocupantes del vehículo al destino que se tenía programado, además este servicio de asistencia debe operar sin restricción del número de servicios o limitación de kilometraje en todo el territorio y sin limitante alguna a zonas con problemas de orden público. para vehiculos pesados, opera segun el clausuladeo de la aseguradora
B40: GASTOS DE GRÚA, TRANSPORTE Y PROTECCIÓN AL VEHÍCULO (Aplica para todos los vehículos asegurados) | E40: La aseguradora acepta que bajo este seguro se amparan y paga directamente los gastos de grúa, transporte y protección de los vehículos, que se causen como consecuencia de siniestros que afecten las coberturas de pérdidas parciales y/o totales, incluidos los gastos de bodegajes y parqueaderos que se generen por accidentes sin que para la indemnización se aplique deducible u otro tipo de descuento. Bajo esta condición, la aseguradora acepta el pago de grúas, transporte y/o protección de los vehículos incluido los gastos de bodegajes y parqueaderos que se generen a consecuencia de reclamos presentados a la compañía, hasta tanto se defina la aplicación del siniestro bajo la póliza. Esta condición debe aplicar sin restricción del número de servicios grúas o limitación de kilometraje. Para vehiculso pesados, opera el clausualdo de la compañia de seguros
B41: GASTOS DE TRANSPORTE POR PÉRDIDAS TOTALES (Daños y/o Hurto) (esta condición no aplica para motos y vehículos pesados.) Limite de $32.000 diarios y hasta sesenta (60) días Se califica en Condiciones Adicionales (Formato No. 3) el aumento del límite ofrecido. | E41: En caso de pérdida total por daños o por hurto, el asegurado recibirá de en adición a la indemnización a que hubiere lugar por dicho concepto, una suma diaria para compensar los gastos de transporte en que deba incurrir el asegurado mientras esté privado del uso del vehículo asegurado, la suma diaria por gastos de transporte será liquidada a partir del día siguiente al cual el asegurado haya demostrado la ocurrencia y cuantía de la pérdida y terminará cuando se haga efectivo el reconocimiento de la indemnización.
B42: EXTENSIÓN DE ASISTENCIA EN VIAJES (SERVICIO DE GRÚA) (Aplica para todos los vehículos asegurados excepto motos | E42: La aseguradora acepta que bajo esta cobertura se extiende la Asistencia en Viajes para atender todo el parque automotor (Excepto motos ), para lo cual la compañía se compromete a prestar este servicio y la aseguradora se obliga a suministrar con la póliza el procedimiento bajo el cual se atenderá éste, el cual debe cumplir el requisito de atención inmediata veinticuatro (24) horas diarias continuas, durante la vigencia del seguro. Así mismo queda acordado que la aseguradora reconocerá la totalidad de los costos que se generen por este servicio y que en los caso en que no se llegue a prestar el servicio en forma inmediata, la asistencia será contratada por la Entidad y a su vez la compañía aseguradora responderá por los costos de ésta. El servicio de Asistencia en Viaje debe aplicar sin restricción del número de servicios o limitación de kilometraje y sin limitante alguna a zonas con problemas de orden público. Para vehiculso pesados, opera el clausualdo de la compañia de seguros
B43: NO SUBROGACIÓN CONTRA CONDUCTORES Y/O COMODATARIOS | E43: Queda entendido, convenido y aceptado que en caso de un siniestro, que afecta la presente póliza, la Compañía de Seguros renuncia al derecho de subrogación sobre el conductor del vehículo, sus parientes en línea directa o colateral dentro del segundo grado civil de consanguinidad, su padre adoptante, su hijo adoptivo, su cónyuge no divorciado o sobre cualquier funcionario de la Entidad, o empleados temporales o personas que realicen asesorías o trabajos para la Entidad por contrato de prestación de servicios.
B44: ASISTENCIA JURÍDICA EN PROCESOS PENALES | E44: Queda expresamente acordado y convenido que bajo esta cobertura la aseguradora se obliga a prestar la asistencia penal que requiera la entidad asegurada, como consecuencia de cualquier evento amparado que estén involucrados los vehículos asegurados, a través de las firmas y/o profesionales de la compañía y/o contratados por la misma. De conformidad con lo anterior, la aseguradora se obliga a suministrar con la póliza el listado de las firmas y/o profesionales que prestarán la asistencia jurídica en Proceso Penal, el cual debe cumplir el requisito de atención veinticuatro (24) horas diarias continuas, durante la vigencia del seguro, e indicar el procedimiento a seguir para la atención a la Entidad. Se precisa que la actualización del listado será obligación de la aseguradora. De igual forma queda convenido que el costo de esta asistencia será reconocida por la aseguradora y por lo tanto en caso de que la , deba contratar la asistencia, por razón a la no prestación inmediata de la asistencia jurídica, la aseguradora se obliga a pagar los costos generados, hasta el límite asegurado ofrecido para este amparo.
E45: TABLA DE HONORARIOS PROCESO PENAL LEY 906 DE AGOSTO 31 DE 2004
E46: ETAPAS | F46: DELITOS
F47: LESIONES | G47: HOMICIDIO
E48: REACCION IMEDIATA Y/O ACTUACION PREVIA O PREPROCESAL | F48: 40 SMDLV | G48: 50 SMDLV
E49: AUDIENCIA DE CONCILIACION PREPROCESAL Y/O LEGALIZACION DE LA CAPTURA | F49: 32 SMDLV | G49: 40 SMDLV
E50: AUDIENCIA DE FORMULACION DE IMPUTACION | F50: 66 SMDLV | G50: 92 SMDLV
E51: AUDIENCIA DE SOLICITUD DE MEDIDA DE ASEGURAMIENTO | F51: 25 SMDLV | G51: 33 SMDLV
E52: AUDIENCIA DE ACUSACION O PRECLUSION | F52: 50 SMDLV | G52: 60 SMDLV
E53: AUDIENCIA PREPARATORIA | F53: 81 SMDLV | G53: 120 SMDLV
E54: AUDIENCIA DE JUICIO ORAL (SENTENCIA CONDENATORIA O ABSOLUTORIA) | F54: 120 SMDLV | G54: 261 SMDLV
E55: AUDIENCIA DE REPARACION DE PERJUICIOS | F55: 60 SMDLV | G55: 114 SMDLV
E56: AUDIENCIAS PRELIMINARES | F56: 11 SMDLV | G56: 11 SMDLV
B57: ASISTENCIA JURÍDICA EN PROCESOS CIVILES, POR EVENTO | E57: Queda expresamente acordado que la cobertura de responsabilidad extracontractual otorgada, de conformidad con lo estipulado en el Art. 1128.- del Código del Comercio, se extiende a amparar también los costos del proceso que el tercero damnificado o sus causahabientes promuevan en su contra o la del asegurado, para obtener la indemnización de perjuicios, por hechos imputables al asegurado y/o la Entidad tomadora que causen la muerte, lesión o menoscabo en la salud de las personas (daños personales) y/o el deterioro o destrucción de bienes (daños materiales) y perjuicios económicos (incluido lucro cesante y daño moral), como consecuencia directa de tales daños personales y/o daños materiales y/o cualquier evento amparado bajo la presente póliza. Queda igualmente convenido que la aseguradora de común acuerdo con la Entidad, podrá prestar la asistencia Jurídica en proceso civil que requiera la entidad asegurada, a través de las firmas y/o profesionales de la compañía y/o contratados por la misma, para lo cual la compañía se obliga a suministrar con la póliza el listado de las firmas y/o profesionales que prestarán la asistencia, el cual debe cumplir el requisito de atención veinticuatro (24) horas diarias continuas, durante la vigencia del seguro, e indicar el procedimiento a seguir para tal efecto. Se precisa que la actualización del listado será obligación de la aseguradora. De igual forma queda convenido que el costo de esta asistencia será reconocida por la aseguradora y por lo tanto en caso de que la , deba contratar la asistencia, por razón a la no prestación inmediata de la asistencia jurídica, la aseguradora se obliga a pagar los costos generados, hasta el límite asegurado ofrecido para este amparo.
E58: TABLA DE HONORARIOS PROCESO CIVILES
E59: ETAPAS | F59: VALORES
E60: AUDIENCIAS DE CONCILIACION PREJUDICIAL | F60: 11 Salarios mínimos Diarios Legales Vigentes
E61: CONTESTACION DE LA DEMANDA - LLAMAMIENTO EN GARANTIA | F61: 100 Salarios mínimos Diarios Legales Vigentes
E62: AUDIENCIA DE CONCILIACION | F62: 25 Salarios mínimos Diarios Legales VigentesV (Si se realiza la diligencia pero no se logra la conciliación) 75 Salarios mínimos Diarios Legales Vigentes (Si se logra la conciliación)
E63: ALEGATOS DE CONCLUSION | F63: 60 Salarios mínimos Diarios Legales Vigentes
E64: SENTENCIA | F64: 60 Salarios mínimos Diarios Legales Vigentes
B65: ASISTENCIA JURÍDICA EN PROCESOS DE REPARACIÓN DIRECTA, POR EVENTO | E65: Queda expresamente acordado que la cobertura de responsabilidad extracontractual otorgada, de conformidad con lo estipulado en el Artículo 1128.- del Código del Comercio y en el Artículo 86 del C.C.A., modificado por la Ley 446 de 1998, artículo 31, se extiende a amparar también los costos del proceso que el tercero damnificado o sus causahabientes promuevan en su contra o la del asegurado, para ejercer derechos emanados de la responsabilidad extracontractual, por hechos imputables al asegurado y/o la Entidad tomadora que causen la muerte, lesión o menoscabo en la salud de las personas (daños personales) y/o el deterioro o destrucción de bienes (daños materiales) y perjuicios económicos (incluido lucro cesante y daño moral), como consecuencia directa de tales daños personales y/o daños materiales y/o cualquier evento amparado bajo la presente póliza. Queda igualmente convenido que la aseguradora de común acuerdo con la Entidad, podrá prestar la asistencia Jurídica en en proceso de Reparación Directa que requiera la entidad asegurada, a tráves de las firmas y/o profesionales de la compañía y/o contratados por la misma, para lo cual la compañía se obliga a suministrar con la póliza el listado de las firmas y/o profesionales que prestarán la asistencia, el cual debe cumplir el requisito de atención veinticuatro (24) horas diarias continuas, durante la vigencia del seguro, e indicar el procedimiento a seguir para tal efecto. Se precisa que la actualización del listado será obligación de la aseguradora. Así mismo queda expresamente convenido que dentro de los costos del proceso, antes referidos, se consideran incluidos los honorarios de abogados en que incurra el asegurado para defender sus intereses y/o de la aseguradora, dentro de los procesos en que se discuta la responsabilidad del tomador y/o asegurado, aún en exceso de la suma asegurada; de conformidad con los siguientes límites:
E66: TABLA DE HONORARIOS PROCESOS DE REPARACIÓN DIRECTA
E67: ETAPAS | F67: VALORES
E68: CONCILIACION (LEY 2220 DE 2022, artículo 146) | F68: 25 Salarios mínimos Diarios Legales VigentesV (Si se realiza la diligencia pero no se logra la conciliación) 75 Salarios mínimos Diarios Legales Vigentes (Si se logra la conciliación)
E69: CONTESTACION DE LA DEMANDA - LLAMAMIENTO EN GARANTIA | F69: 100 Salarios mínimos Diarios Legales Vigentes
E70: ALEGATOS DE CONCLUSION | F70: 60 Salarios mínimos Diarios Legales Vigentes
E71: SENTENCIA | F71: 60 Salarios mínimos Diarios Legales Vigentes
B72: DETERMINACIÓN DEL COSTO DEL SEGURO CON TASA ÚNICA | E72: La aseguradora de conformidad con la oferta económica presentada para este seguro, aplica tasa única para la determinación del costo del seguro y acepta la aplicación de la misma para las nuevas inclusiones de vehículos que se causen bajo la presente póliza.
B73: ACTOS DE AUTORIDAD | E73: La póliza se extiende a cubrir los daños o pérdidas materiales de los bienes asegurados, causados directamente por la acción de la autoridad legalmente constituida, ejercida con el fin de disminuir o aminorar las consecuencias de cualquiera de los riesgos amparados. Se excluye el embargo y la confiscación de bienes.
B74: 6.7. | C74: CLÁUSULAS BÁSICAS
B75: REVOCACIÓN DE LA PÓLIZA, CLÁUSULAS O CONDICIONES. Con Termino de Noventa (90) días y para AMIT, AMCCOPH, Terrorismo y Sabotaje diez (10) días. | E75: La aseguradora podrá revocar la póliza, cláusulas o condiciones unilateralmente por la compañía, mediante noticia escrita enviada al asegurado, a su última dirección registrada, con no menos de noventa (90) días y para AMIT Y AMCCOPH diez (10) días, de antelación; contados a partir de la fecha del envío. El asegurado podra pedir la revocación en cualquier momento, según lo previsto en el Código de Comercio. Así mismo, en el caso de que la aseguradora decida no otorgar renovación o prorroga del contrato de seguro, excepto para AMIT, AMCCOPH, Terrorismo y Sabotaje, deberá dar aviso de ello al asegurado con no menos de noventa (90) días de antelación a la fecha de vencimiento de la póliza, en caso contrario se dará por entendido que la aseguradora acepta la renovación o prorroga hasta el límite legal establecido en la Ley 80 de 1993, para la adición de los contratos y manteniendo las mismas condiciones ofertadas en este proceso de aseguradoras.
B76: ERRORES, OMISIONES O INEXACTITUDES Con termino de noventa (90) días. | E76: El tomador está obligado a declarar sinceramente los hechos y circunstancias que determinen el estado del riesgo. La inexactitud sobre hechos o circunstancias que, conocidas por la compañía, la hubieren retraído de celebrar el contrato o inducido a estipular condiciones más onerosas, produce la nulidad relativa del seguro. Sin embargo, si se incurriere en errores, omisiones e inexactitudes inculpables al tomador o al asegurado, el contrato no será nulo ni habrá lugar a la aplicación del inciso tercero del artículo 1058 del Código de Comercio sobre reducción porcentual de la prestación asegurada. En este caso se deberá pagar la prima adecuada al verdadero estado del riesgo.
B77: AMPLIACIÓN AVISO DEL SINIESTRO Con termino de noventa (90) días. | E77: Queda convenido y aceptado que el asegurado podrá dar aviso de la ocurrencia del siniestro en un término de noventa (90), siguientes a la fecha en que haya conocido o debido conocer la ocurrencia del mismo.
B78: DESIGNACIÓN O DENOMINACIÓN DE BIENES | E78: La aseguradora acepta el título, nombre, denominación o nomenclatura con que el asegurado identifica o describe los bienes asegurados en sus registros o libros de comercio o contabilidad.
B79: CONOCIMIENTO DEL RIESGO | E79: La aseguradora acepta mediante la presente cláusula que la Entidad, le ha brindado la oportunidad para realizar la inspección de los bienes y riesgos a que están sujetos los mismos y el patrimonio del Asegurado, razón por la cual se deja constancia del conocimiento y aceptación de los hechos, circunstancias y, en general, condiciones de los mismos. La compañía se reserva el derecho de llevar a cabo la inspección cuantas veces lo juzgue pertinente.
B80: ANTICIPO DE INDEMNIZACIÓN DEL 65% Se califica en Condiciones Adicionales (Formato No. 3) el aumento del porcentaje ofrecido. | E80: Queda expresamente acordado que, a petición escrita de la Entidad, la aseguradora anticipará pagos parciales sobre el valor de cualquier reclamo, con base en el valor de la estimación preliminar de la pérdida aceptada por el ajustador, para adelantar la reparación, reposición o remplazo de los bienes asegurados. En el caso de que no haya nombramiento de ajustador, el anticipo se liquidará con base en la valoración de la cuantía de la pérdida amparada, acreditada por la entidad mediante cotización de la misma. Este anticipo también se extiende a cualquier tipo de gastos que se requiera para la operatividad de la póliza. En caso que el anticipo o suma de anticipos que la compañía adelante al asegurado llegare a exceder la suma total indemnizable a que tenga derecho, éste se compromete a devolver el exceso pagado. Para esta cláusula la aseguradora debe contemplar un plazo máximo para el pago del anticipo de diez (10) días hábiles contados a partir de la fecha de solicitud y formalización del mismo este y no se acepta el requerimiento de ningún requisito adicional para realizar el anticipo.
B81: MODIFICACIONES A FAVOR DEL ASEGURADO | E81: Los cambios o modificaciones a las condiciones de la presente póliza, serán acordados mutuamente entre la compañía y el asegurado. El certificado, documento o comunicaciones que se expidan para formalizarlos debe ser firmado, en señal de aceptación, por un representante legal del asegurado o funcionario autorizado, prevaleciendo sobre las condiciones de esta póliza. No obstante si durante la vigencia de la póliza se presentan modificaciones en las condiciones del seguro, legalmente aprobadas que representen un beneficio a favor del asegurado, tales modificaciones se consideran automáticamente incorporadas. Siempre y cuando no causen cobro de prima adicional.
B82: NOMBRAMIENTO Y DESIGNACIÓN DE AJUSTADORES | E82: El nombramiento de ajustadores deberá efectuarse de común acuerdo entre la aseguradora y el asegurado, para lo cual la aseguradora presentará para cada reclamo una relación de tres (3) firmas ajustadoras. No obstante la anterior condición, el asegurador con su propuesta se obliga a presentar la lista de todos sus ajustadores y la Entidad se reserva el derecho de nombrar al ajustador que considere más adecuado o solicitar el cambio de los mismos en caso de que no fueren de su entera satisfacción, sin que para ello se requiera motivación alguna.
B83: RESTITUCIÓN AUTOMÁTICA DEL LÍMITE ASEGURADO PARA EL AMPARO DE RESPONSABILIDAD CIVIL EXTRACONTRACTUAL | E83: Mediante la presente cláusula la aseguradora acepta expresamente, que en el caso de presentarse un siniestro que afecte la presente póliza, la cuantía del mismo se considerará inmediatamente restablecida desde el momento de la ocurrencia del siniestro. Esta condición no aplica para las coberturas de Pérdidas totales por daños o hurto. El restablecimiento ofrecido por esta condición, dará derecho a la Compañía al cobro de la prima, a prorrata, correspondiente al monto restablecido, únicamente para los siniestros que afecten la cobertura de Responsabilidad Civil Extracontractual; desde la fecha de la ocurrencia de la pérdida hasta el vencimiento de la póliza, expedición de cuyo certificado de seguro realizará una vez efectuado el pago de la indemnización.
B84: VARIACIONES DEL RIESGO | E84: Queda entendido, convenido y aceptado que las notificaciones que sobre los hechos o circunstancias no previsibles que sobrevengan con posterioridad a la celebración del contrato de seguro y que, conforme al criterio consignado en el inciso 1° del artículo 1058 del código de comercio, signifiquen agravación del riesgo, se efectuarán por la Entidad dentro de los noventa (90) días siguientes a la fecha de modificación del riesgo.
B85: NO CONCURRENCIA DE AMPAROS, CLÁUSULAS O CONDICIONES | E85: Queda entendido, convenido y aceptado, que si dos o más amparos, cláusulas o condiciones otorgan cobertura a un mismo evento, se indemnizará con base en aquella que ofrezca mayor protección para los intereses del asegurado. De igual manera prevalecerán los amparos, cláusulas o condiciones que otorguen coberturas sobre aquellos que las excluyan. En todo caso y ante cualquier discrepancia sobre cual es el amparo, cláusula o condición aplicable a un caso determinado, se aplicara aquella o aquellas que en conjunto determine el asegurado de acuerdo a su conveniencia.
B86: NO APLICACIÓN DE GARANTÍAS | E86: Queda expresamente acordado y aceptado que la cobertura otorgada bajo la presente póliza no queda sujeta al cumplimiento de ningún tipo de garantía por parte de la entidad asegurada.
... B125: CLÁUSULA DE JURISDICCION Y SOLUCION DE CONTROVERSIAS | E125: Toda y cualquier diferencia que surja entre las partes por la interpretación del presente contrato, su ejecución, cumplimiento, terminación o las consecuencias futuras del mismo, será dirimida bajo la jurisdicción y legislación de la República de Colombia. Las diferencias y controversias que surjan se solucionarán con sujeción a las siguientes instancias que se agotarán de forma sucesiva o a elección de las partes, así:
E126: a). Arreglo Directo: Las partes tratarán de resolver sus diferencias de forma directa y entre ellas mismas dentro del plazo de quince (15) días contados a partir de la notificación escrita en que cualquiera de ellas informe a la otra de un conflicto o controversia orIginado en el contrato. b). Conciliación: Agotado el plazo anterior sin que las partes lograsen un acuerdo por si mismas, acudirán a la asistencia de un conciliador legalmente autorizado que se designará y actuará según los parámetros establecidos por la Ley 446 de 1998 y el decreto 1818 del mismo año, la etapa de conciliación durará un mes (1) desde el momento en que las partes o cualquiera de ellas radique la solicitud de conciliación respectiva, en caso de lograrse la conciliación la misma producirá efectos de cosa juzgada entre las partes, en caso contrario agotará el requisito de procedibilidad para acudir a la jurisdicción ordinaria o arbitral según corresponda, de acuerdo con los literales c) y d) de la presente cláusula.
E127: c). Jurisdicción Ordinaria: Agotadas las instancias anteriores, si la cuantía de las pretensiones derivadas de la diferencia que surja entre las partes por la interpretación del presente contrato, su ejecución, cumplimiento, terminación o las consecuencias futuras del mismo, no excediere de 220 SMMLV las partes sujetarán su controversia a la decisión del juez de instancia que corresponda según la cuantía y competencia en arreglo a lo previsto por el código de procedimiento Civil. d). Jurisdicción Arbitral: Agotadas las instancias anteriores, si la cuantía de las pretensiones derivadas de la diferencia que surja entre las partes por la interpretación del presente contrato, su ejecución, cumplimiento, terminación o las consecuencias futuras del mismo, se llevará el conflicto a la decisión de un Tribunal de Arbitramento Institucional cuyo domicilio será la ciudad de Bogotá D.C., el Tribunal estará integrado por un (1) árbitro que será designado conjuntamente por las partes dentro de los quince (15) días hábiles siguientes al envío de la comunicación por correo certificado que una de ellas le haga llegar a la otra solicitando la conformación del Tribunal; en caso de desacuerdo o falta de respuesta de la parte requerida, la otra parte podrá solicitar la designación y conformación del Tribunal al centro de Arbitraje y Conciliación de la Cámara de Comercio de la ciudad de Bogotá D.C.. El Tribunal así conformado funcionará en la ciudad de Bogotá D.C. y el laudo deberá proferirse en derecho, sujetándose en un todo al Decreto 2279 de 1.989, la ley 23 de 1.991, a la Ley 446 de 1.998, sus decretos reglamentarios y demás normas que regulan esta figura judicial. Esta última sujeta a lo dispuesto en Directiva Presidencial 04 del 18 de mayo de 2018.
B128: COBERTURA ACCIDENTES PERSONALES PARA LOS CONDUCTORES DE LOS VEHICULOS ASEGURADOS. SE EXCLUYEN MOTOS Sublímite de hasta $40.000.000 agregado vigencia. | E128: Queda entendido, convenido y aceptado que en caso de un siniestro, que afecte la presente póliza, la Compañía de Seguros extiende la cobertura en caso de muerte accidental e incapacidad permanente para el conductor del vehículo asegurado, con límite básico señalado por cada el conductor del vehículo. Esta condición aplica únicamente por muerte accidental del conductor. Se excluyen motos
B129: VEHÍCULO REEMPLAZO Aplica únicamente para vehículos livianos | E129: Queda entendido, convenido y aceptado que en caso de un siniestro, que afecte la presente póliza, la Compañía de Seguros otorga vehículo de reemplazo con base en las políticas de la aseguradora.
B131: CONDICIONES DE RENOVACIÓN Y/O PRORROGA DE LA PÓLIZA | E131: En caso de que el asegurado decida renovar y/o prorrogar la póliza, la aseguradora se obliga a mantener los términos contratados con las mismas tasas y condiciones de la póliza inicial, siempre y cuando la siniestralidad de la póliza no sea mayor al 70%, en el caso que la siniestralidad supere el 70% la aseguradora acordará con el asegurado las condiciones en que se otorgará las condiciones de renovación. La aseguradora se obliga a entregar en cualquiera de las situaciones de resultado de siniestralidad, las condiciones con una antelación de noventa (90) días antes del vencimiento de la póliza.
B132: CLÁUSULA DE NO ACEPTACIÓN DE COASEGURO | E132: En el evento en el que el contrato de seguro sea celebrado a través de una figura asociativa, la misma se celebrará bajo alguna de las modalidades previstas en el artículo 7º del Estatuto General de Contratación de la Administración Pública – EGCP (Unión temporal, consorcio, entre otros). Adicionalmente, no serán aceptados los contratos de seguros estructurados por dos o más Compañías de seguros, en calidad de coaseguradores, y toda disposición que se realice con esta referencia (coaseguro), se entenderá por no escrita.
B133: CLÁUSULA DE CONOCIMIENTO POR LOS MIEMBROS DE LA FIGURA ASOCIATIVA | E133: Esta cláusula será aplicada cuando se presente la asociación de dos o más Aseguradoras, sin importar la figura utilizada para tal fin. Las Compañías de Seguros que actúan como integrantes de cualquier figura asociativa (consorcio, unión temporal, etc.) dentro del presente contrato de seguro, conocen y aceptan: i) las condiciones generales y particulares de la póliza, ii) Cualquier anexo y/o certificado que sobre la póliza inicial emita la Compañía líder de la figura asociativa. En igual sentido, declaran que cualquier reclamación, notificación, requerimiento o comunicación formulada por el asegurado o por un tercero a la compañía líder, se entiende automáticamente formulada a los demás integrantes de la figura asociativa establecida para tal fin.
B134: CLÁUSULA IDENTIFICACIÓN DE LA FIGURA ASOCIATIVA EN LA PÓLIZA | E134: En el evento que el contrato se seguro sea celebrado a través alguna figura asociativa (consorcio, unión temporal, etc.) compuesta por dos o más compañías de seguros, en virtud del artículo 1047 del Código de Comercio, en la póliza deberá incorporarse: (i) el nombre del contratista (razón social de la figura asociativa establecida en su documento de conformación) y (ii) la razón social, número de identificación y porcentajes de participación de cada una de las aseguradoras integrantes de la figura asociativa.
B135: CLÁUSULA DE CONDICIONES PARTICULARES | E135: Queda expresamente acordado y convenido, que la aseguradora acepta las condiciones obligatorias (mínimas técnicas) establecidas en este anexo, en los términos señalados en el mismo, por lo tanto, en caso de existir discrepancia ente los ofrecimientos contenidos en la propuesta técnica básica, frente a los textos de los ejemplares de las pólizas, a las condiciones generales, certificados, anexos o cualquier otro documento; prevalecerá la información y condiciones básicas técnicas establecidas de este anexo, de igual forma en caso de encontrarse contradicción en alguna condición prevalecerá la de mayor beneficio para el asegurado.
B136: DETERMINACIÓN DE CONDICIONES Y REQUISITOS PARA EL PAGO DE INDEMNIZACIONES | E136: La aseguradora manifiesta expresamente que acepta los requisitos y documentos contenidos en el Anexo No.7: Requisitos para el pago de las indemnizaciones, como únicos para la atención y pago de reclamaciones por siniestros. A futuro no podrá exigir documentos o trámites adicionales.
B137: 6.8. | C137: EXCLUSIÓN DE ENFERMEDADES TRANSMISIBLES O CONTAGIOSAS
